Workbook
Name \a: #REF!
Name \a: #REF!
Name \b: [1]INSUMOS!#REF!
Name \b: [1]INSUMOS!#REF!
Name \eliminar: [2]RESUM96!#REF!
Name \eliminar: [2]RESUM96!#REF!
Name \eliminar1: [2]RESUM96!#REF!
Name \eliminar1: [2]RESUM96!#REF!
Name \i: [1]INSUMOS!#REF!
Name \i: [1]INSUMOS!#REF!
Name \m: [1]INSUMOS!#REF!
Name \m: [1]INSUMOS!#REF!
Name \q: #REF!
Name \q: #REF!
Name \r: [1]INSUMOS!#REF!
Name \r: [1]INSUMOS!#REF!
Name \t: [1]INSUMOS!#REF!
Name \t: [1]INSUMOS!#REF!
Name \x: [1]INSUMOS!#REF!
Name \x: [1]INSUMOS!#REF!
Name \z: #REF!
Name _______________EST1: #REF!
Name _______________EST1: #REF!
Name _______________EST10: #REF!
Name _______________EST10: #REF!
Name _______________EST11: #REF!
Name _______________EST11: #REF!
Name _______________EST12: #REF!
Name _______________EST12: #REF!
Name _______________EST13: #REF!
Name _______________EST13: #REF!
Name _______________EST14: #REF!
Name _______________EST14: #REF!
Name _______________EST15: #REF!
Name _______________EST15: #REF!
Name _______________EST16: #REF!
Name _______________EST16: #REF!
Name _______________EST17: #REF!
Name _______________EST17: #REF!
Name _______________EST18: #REF!
Name _______________EST18: #REF!
Name _______________EST19: #REF!
Name _______________EST19: #REF!
Name _______________EST2: #REF!
Name _______________EST2: #REF!
Name _______________EST3: #REF!
Name _______________EST3: #REF!
Name _______________EST4: #REF!
Name _______________EST4: #REF!
Name _______________EST5: #REF!
Name _______________EST5: #REF!
Name _______________EST6: #REF!
Name _______________EST6: #REF!
Name _______________EST7: #REF!
Name _______________EST7: #REF!
Name _______________EST8: #REF!
Name _______________EST8: #REF!
Name _______________EST9: #REF!
Name _______________EST9: #REF!
Name _______________EXC1: #REF!

Sheet CRONOGRAMA
B1: PROGRAMACIÓN DE OBRAPARA LA EJECUCIÓN DE OBRAS DE MANTENIMIENTO DE LA PLANTA DE BENEFICIO ANIMAL DEL MUNICIPIO DE PALESTINA-CALDAS-
B2: Objeto: CONTRATAR A TODO COSTO OBRAS PARA LA ADECUACIÓN, MANTENIMIENTO Y SUMINISTRO E INSTALACIÓN DE EQUIPOS EN LA LÍNEA DE SACRIFICIO DE BOVINOS DE LA PLANTA DE BENEFICIO DE AUTOCONSUMO DEL MUNICIPIO DE PALESTINA."
A3: ITEM | B3: COD INT | C3: DESCRIPCIÓN | D3: INVERSIÓN | F3: PROGRANMACIÓN | G3: MES 1 | K3: MES 2 | O3: MES 3
A4: 1 | B4: 1 | C4: ADECUACIONES LOCATIVAS | G4: SEMANA 1 | H4: SEMANA 2 | I4: SEMANA 3 | J4: SEMANA 4 | K4: SEMANA 5 | L4: SEMANA 6 | M4: SEMANA 7 | N4: SEMANA 8 | O4: SEMANA 9 | P4: SEMANA 10 | Q4: SEMANA 11 | R4: SEMANA 12
A5: 1.2 | B5: 41.2 | C5: =VLOOKUP($B5,PRESUPUESTO!$C$3:$H$256,2,FALSE) -> DEMOLICIÓN PLACA DE CONTRAPISO EN CONCRETO SIMPLE. | D5: =VLOOKUP($B5,PRESUPUESTO!$C$3:$H$256,6,FALSE) -> 1519299 | F5: AVANCE | G5: 1
C6: =VLOOKUP($C6,PRESUPUESTO!$C$3:$H$256,2,FALSE) -> INSTALACIONES ELECTRICAS | D6: =VLOOKUP($C6,PRESUPUESTO!$C$3:$H$256,2,FALSE) -> INSTALACIONES ELECTRICAS | E6: =SUM(G6:R6) -> 1519299 | F6: INVERSIÓN | G6: =(D5*G5) -> 1519299
A7: 1.3 | B7: 41.3 | C7: =VLOOKUP($B7,PRESUPUESTO!$C$3:$H$256,2,FALSE) -> DEMOLICIÓN DE MUROS EN BLOQUE DE CEMENTO O LADRILLO | D7: =VLOOKUP($B7,PRESUPUESTO!$C$3:$H$256,6,FALSE) -> 5382207 | E7: =SUM(G7:R7) -> 1 | F7: AVANCE | G7: 1
C8: =VLOOKUP($C8,PRESUPUESTO!$C$3:$H$256,2,FALSE) -> INSTALACIONES ELECTRICAS | D8: =VLOOKUP($C8,PRESUPUESTO!$C$3:$H$256,2,FALSE) -> INSTALACIONES ELECTRICAS | E8: =SUM(G8:R8) -> 5382207 | F8: INVERSIÓN | G8: =(G7*D7) -> 5382207
A9: 1.6 | B9: 41.6 | C9: =VLOOKUP($B9,PRESUPUESTO!$C$3:$H$256,2,FALSE) -> DESMONTE DE ESTRUCTURA METALICA | D9: =VLOOKUP($B9,PRESUPUESTO!$C$3:$H$256,6,FALSE) -> 129504 | E9: =SUM(G9:R9) -> 1 | F9: AVANCE | G9: 0.7 | H9: 0.3
C10: =VLOOKUP($C10,PRESUPUESTO!$C$3:$H$256,2,FALSE) -> INSTALACIONES ELECTRICAS | D10: =VLOOKUP($C10,PRESUPUESTO!$C$3:$H$256,2,FALSE) -> INSTALACIONES ELECTRICAS | E10: =SUM(G10:R10) -> 129504 | F10: INVERSIÓN | G10: =($D9*G9) -> 90652.8 | H10: =($D9*H9) -> 38851.2
A11: 4.2 | B11: 43.2 | C11: =VLOOKUP($B11,PRESUPUESTO!$C$3:$H$256,2,FALSE) -> SUMINISTRO, TRASPORTE E INSTALACIÓN PUNTO SANITARIO EN DIAMETRO 4" | D11: =VLOOKUP($B11,PRESUPUESTO!$C$3:$H$256,6,FALSE) -> 373053 | E11: =SUM(G11:R11) -> 1 | F11: AVANCE | H11: 1
C12: =VLOOKUP($C12,PRESUPUESTO!$C$3:$H$256,2,FALSE) -> INSTALACIONES ELECTRICAS | D12: =VLOOKUP($C12,PRESUPUESTO!$C$3:$H$256,2,FALSE) -> INSTALACIONES ELECTRICAS | E12: =SUM(G12:R12) -> 373053 | F12: INVERSIÓN | H12: =($D11*H11) -> 373053
A13: 4.7 | B13: 43.3 | C13: =VLOOKUP($B13,PRESUPUESTO!$C$3:$H$256,2,FALSE) -> SUMINISTRO, TRASPORTE E INSTALACIÓN PUNTO SANITARIO EN DIAMETRO 2" | D13: =VLOOKUP($B13,PRESUPUESTO!$C$3:$H$256,6,FALSE) -> 804738 | E13: =SUM(G13:R13) -> 1 | F13: AVANCE | I13: 1
C14: =VLOOKUP($C14,PRESUPUESTO!$C$3:$H$256,2,FALSE) -> INSTALACIONES ELECTRICAS | D14: =VLOOKUP($C14,PRESUPUESTO!$C$3:$H$256,2,FALSE) -> INSTALACIONES ELECTRICAS | E14: =SUM(G14:R14) -> 804738 | F14: INVERSIÓN | I14: =($D13*I13) -> 804738
A15: 4.13 | B15: 43.4 | C15: =VLOOKUP($B15,PRESUPUESTO!$C$3:$H$256,2,FALSE) -> TRASLADO DE TANQUES DE AGUA | D15: =VLOOKUP($B15,PRESUPUESTO!$C$3:$H$256,6,FALSE) -> 328694 | E15: =SUM(G15:R15) -> 1 | F15: AVANCE | I15: 1
C16: =VLOOKUP($C16,PRESUPUESTO!$C$3:$H$256,2,FALSE) -> INSTALACIONES ELECTRICAS | D16: =VLOOKUP($C16,PRESUPUESTO!$C$3:$H$256,2,FALSE) -> INSTALACIONES ELECTRICAS | E16: =SUM(G16:R16) -> 328694 | F16: INVERSIÓN | I16: =($D15*I15) -> 328694
A17: 4.14 | B17: 43.5 | C17: =VLOOKUP($B17,PRESUPUESTO!$C$3:$H$256,2,FALSE) -> BORDILLO EN CONCRETO DE 3000 PSI DE 0.10 DE ALTURA Y 0.10 DE ESPESOR PARA SEPARAR SECCIÓN INTERMEDIA DE SECCIÓN LIMPIA | D17: =VLOOKUP($B17,PRESUPUESTO!$C$3:$H$256,6,FALSE) -> 1128914 | E17: =SUM(G17:R17) -> 1 | F17: AVANCE | J17: 1
C18: =VLOOKUP($C18,PRESUPUESTO!$C$3:$H$256,2,FALSE) -> INSTALACIONES ELECTRICAS | D18: =VLOOKUP($C18,PRESUPUESTO!$C$3:$H$256,2,FALSE) -> #N/A | E18: =SUM(G18:R18) -> 1128914 | F18: INVERSIÓN | J18: =($D17*J17) -> 1128914
A19: 4.15 | B19: 43.6 | C19: =VLOOKUP($B19,PRESUPUESTO!$C$3:$H$256,2,FALSE) -> CONSTRUCCIÓN CANAL RECOLECTORA CENTRAL SEMICIRCULAR D=8" EN TUBERIA NOVAFORT | D19: =VLOOKUP($B19,PRESUPUESTO!$C$3:$H$256,6,FALSE) -> 3042562 | E19: =SUM(G19:R19) -> 1 | F19: AVANCE | J19: 1
C20: =VLOOKUP($C20,PRESUPUESTO!$C$3:$H$256,2,FALSE) -> INSTALACIONES ELECTRICAS | D20: =VLOOKUP($C20,PRESUPUESTO!$C$3:$H$256,2,FALSE) -> #N/A | E20: =SUM(G20:R20) -> 3042562 | F20: INVERSIÓN | J20: =($D19*J19) -> 3042562
A21: 5.1 | B21: 44.1 | C21: =VLOOKUP($B21,PRESUPUESTO!$C$3:$H$256,2,FALSE) -> SUMINISTRO, TRASNPORTE E INSTALACIÓN DE LOSA DE CONCRETO REFORZADO DE 12 CM DE ESPESOR (INLCLUYE ACERO DE REFUERZO MALLA ELECTROSOLDADA) | D21: =VLOOKUP($B21,PRESUPUESTO!$C$3:$H$256,6,FALSE) -> 4131639 | E21: =SUM(G21:R21) -> 1 | F21: AVANCE | N21: 1
C22: =VLOOKUP($C22,PRESUPUESTO!$C$3:$H$256,2,FALSE) -> INSTALACIONES ELECTRICAS | D22: =VLOOKUP($C22,PRESUPUESTO!$C$3:$H$256,2,FALSE) -> #N/A | E22: =SUM(G22:R22) -> 4131639 | F22: INVERSIÓN | N22: =($D21*N21) -> 4131639
A23: 5.2 | B23: 44.2 | C23: =VLOOKUP($B23,PRESUPUESTO!$C$3:$H$256,2,FALSE) -> SUMINISTRO TRANSPORTE E INSTALACIÓN VIGA CINTA DE AMARRE CULATA DE 0,13 * 0,10 M EN CONCRETO DE 3000 PSI, INCLUYE ACERO DE REFUERZO | D23: =VLOOKUP($B23,PRESUPUESTO!$C$3:$H$256,6,FALSE) -> 1325526 | E23: =SUM(G23:R23) -> 1 | F23: AVANCE | J23: 1
C24: =VLOOKUP($C24,PRESUPUESTO!$C$3:$H$256,2,FALSE) -> INSTALACIONES ELECTRICAS | D24: =VLOOKUP($C24,PRESUPUESTO!$C$3:$H$256,2,FALSE) -> #N/A | E24: =SUM(G24:R24) -> 1325526 | F24: INVERSIÓN | J24: =($D23*J23) -> 1325526
A25: 5.3 | B25: 44.3 | C25: =VLOOKUP($B25,PRESUPUESTO!$C$3:$H$256,2,FALSE) -> SUMINISTRO TRANSPORTE E INSTALACIÓN COLUMNETA DE CONFINAMIENTO PARA MURO DE 0,13 * 0,20 M EN CONCRETO DE 3000 PSI, INCLUYE ACERO DE REFUERZO | D25: =VLOOKUP($B25,PRESUPUESTO!$C$3:$H$256,6,FALSE) -> 4608106 | E25: =SUM(G25:R25) -> 1 | F25: AVANCE | J25: 1
C26: =VLOOKUP($C26,PRESUPUESTO!$C$3:$H$256,2,FALSE) -> INSTALACIONES ELECTRICAS | D26: =VLOOKUP($C26,PRESUPUESTO!$C$3:$H$256,2,FALSE) -> #N/A | E26: =SUM(G26:R26) -> 4608106 | F26: INVERSIÓN | J26: =($D25*J25) -> 4608106
A27: 5.4 | B27: 44.4 | C27: =VLOOKUP($B27,PRESUPUESTO!$C$3:$H$256,2,FALSE) -> ESTRUCTURA METÁLICA PARA SOPORTE DE CUBIERTA EN PERFILERÍA TIPO C 120X60 3MM. (INCLUYE TEJA DE FIBROCEMENTO PERFIL 7 Y ACCESORIOS PARA INSTALACIÓN) | D27: =VLOOKUP($B27,PRESUPUESTO!$C$3:$H$256,6,FALSE) -> 1602342 | E27: =SUM(G27:R27) -> 1 | F27: AVANCE | J27: 0.5 | K27: 0.5
C28: =VLOOKUP($C28,PRESUPUESTO!$C$3:$H$256,2,FALSE) -> INSTALACIONES ELECTRICAS | D28: =VLOOKUP($C28,PRESUPUESTO!$C$3:$H$256,2,FALSE) -> #N/A | E28: =SUM(G28:R28) -> 1602342 | F28: INVERSIÓN | J28: =($D27*J27) -> 801171 | K28: =($D27*K27) -> 801171
A29: 6.1 | B29: 45.1 | C29: =VLOOKUP($B29,PRESUPUESTO!$C$3:$H$256,2,FALSE) -> SUMINISTRO, TRANSPORTE E INSTALACIÓN DE MUROS DIVISORIOS EN LADRILLO FAROL DE 0,13*0,20*0,30, incluye mortero 1:3 | D29: =VLOOKUP($B29,PRESUPUESTO!$C$3:$H$256,6,FALSE) -> 6854024 | E29: =SUM(G29:R29) -> 1 | F29: AVANCE | I29: 0.5 | J29: 0.5
C30: =VLOOKUP($C30,PRESUPUESTO!$C$3:$H$256,2,FALSE) -> INSTALACIONES ELECTRICAS | D30: =VLOOKUP($C30,PRESUPUESTO!$C$3:$H$256,2,FALSE) -> #N/A | E30: =SUM(G30:R30) -> 6854024 | F30: INVERSIÓN | I30: =($D29*I29) -> 3427012 | J30: =($D29*J29) -> 3427012
A31: 6.2 | B31: 45.2 | C31: =VLOOKUP($B31,PRESUPUESTO!$C$3:$H$256,2,FALSE) -> SUMINISTRO TRANPORTE E INSTALACIÓN REVOQUE CON MORTERO 1:3 IMPERMEABILIZADO INTEGRALMENTE, E=0,02 M | D31: =VLOOKUP($B31,PRESUPUESTO!$C$3:$H$256,6,FALSE) -> 2958701 | E31: =SUM(G31:R31) -> 1 | F31: AVANCE | K31: 0.5 | L31: 0.5
C32: =VLOOKUP($C32,PRESUPUESTO!$C$3:$H$256,2,FALSE) -> INSTALACIONES ELECTRICAS | D32: =VLOOKUP($C32,PRESUPUESTO!$C$3:$H$256,2,FALSE) -> #N/A | E32: =SUM(G32:R32) -> 2958701 | F32: INVERSIÓN | K32: =($D31*K31) -> 1479350.5 | L32: =($D31*L31) -> 1479350.5
A33: 6.3 | B33: 45.3 | C33: =VLOOKUP($B33,PRESUPUESTO!$C$3:$H$256,2,FALSE) -> RESANE CON MORTERO 1:3 PARA CONFORMACIÓN DE CARTERA PARA VANO DE VENTANA | D33: =VLOOKUP($B33,PRESUPUESTO!$C$3:$H$256,6,FALSE) -> 172837 | E33: =SUM(G33:R33) -> 1 | F33: AVANCE | I33: 0.5 | J33: 0.5
C34: =VLOOKUP($C34,PRESUPUESTO!$C$3:$H$256,2,FALSE) -> INSTALACIONES ELECTRICAS | D34: =VLOOKUP($C34,PRESUPUESTO!$C$3:$H$256,2,FALSE) -> #N/A | E34: =SUM(G34:R34) -> 172837 | F34: INVERSIÓN | I34: =($D33*I33) -> 86418.5 | J34: =($D33*J33) -> 86418.5
A35: 6.4 | B35: 45.4 | C35: =VLOOKUP($B35,PRESUPUESTO!$C$3:$H$256,2,FALSE) -> SUMINISTRO, TRANSPORTE E INSTALACIÓN A TODO COSTO DE MURO EN SUPERBOARD 6 MM ENCINTADO Y MACILLADO (DOS CARAS). INCLUYE PERFILERÍA Y TODO LO NECESARIO PARA SU CORRECTA INSTALACIÓN | D35: =VLOOKUP($B35,PRESUPUESTO!$C$3:$H$256,6,FALSE) -> 4793265 | E35: =SUM(G35:R35) -> 1 | F35: AVANCE | K35: 0.5 | L35: 0.5
C36: =VLOOKUP($C36,PRESUPUESTO!$C$3:$H$256,2,FALSE) -> INSTALACIONES ELECTRICAS | D36: =VLOOKUP($C36,PRESUPUESTO!$C$3:$H$256,2,FALSE) -> #N/A | E36: =SUM(G36:R36) -> 4793265 | F36: INVERSIÓN | K36: =($D35*K35) -> 2396632.5 | L36: =($D35*L35) -> 2396632.5
A37: 7.2 | B37: 46.1 | C37: =VLOOKUP($B37,PRESUPUESTO!$C$3:$H$256,2,FALSE) -> SUMINISTRO E INSTALACIÓN TUBERÍA PVC PRESIÓN 1/2" RDE 9. | D37: =VLOOKUP($B37,PRESUPUESTO!$C$3:$H$256,6,FALSE) -> 2473373 | E37: =SUM(G37:R37) -> 1 | F37: AVANCE | K37: 1
C38: =VLOOKUP($C38,PRESUPUESTO!$C$3:$H$256,2,FALSE) -> INSTALACIONES ELECTRICAS | D38: =VLOOKUP($C38,PRESUPUESTO!$C$3:$H$256,2,FALSE) -> #N/A | E38: =SUM(G38:R38) -> 2473373 | F38: INVERSIÓN | K38: =($D37*K37) -> 2473373
A39: 8.1 | B39: 47.1 | C39: =VLOOKUP($B39,PRESUPUESTO!$C$3:$H$256,2,FALSE) -> DILIGENCIAR CADA UNO DE LOS FORMATOS PARA LA CERTIFICACIÓN DE LA OBRA POR EL ENTE CERTIFICADOR EN RETIE Y RETILAP, PRESESENTACIÓN DE LA DOCUMENTACIÓN EXIGIDA Y PLANOS RECORDS Y TODOS LOS TRÁMITES Y CANCELACIÓN DEL SERVICIO DE CERTIFICACIÓN. | D39: =VLOOKUP($B39,PRESUPUESTO!$C$3:$H$256,6,FALSE) -> 5372250 | E39: =SUM(G39:R39) -> 1 | F39: AVANCE | L39: 0.5 | M39: 0.5
C40: =VLOOKUP($C40,PRESUPUESTO!$C$3:$H$256,2,FALSE) -> INSTALACIONES ELECTRICAS | D40: =VLOOKUP($C40,PRESUPUESTO!$C$3:$H$256,2,FALSE) -> #N/A | E40: =SUM(G40:R40) -> 5372250 | F40: INVERSIÓN | L40: =($D39*L39) -> 2686125 | M40: =($D39*M39) -> 2686125
A41: 8.2 | B41: 47.2 | C41: =VLOOKUP($B41,PRESUPUESTO!$C$3:$H$256,2,FALSE) -> SUMINISTRO, TRANSPORTE E INSTALACION SALIDA TOMACORRIENTE GFCI DOBLE EN TUBERIA CONDUIT EMT 3/4", ALAMBRE No 12 AWG INCLUYE TAPA DE PROTECCIÓN INTEMPERIE Y CAJA DE PASO SENCILLA | D41: =VLOOKUP($B41,PRESUPUESTO!$C$3:$H$256,6,FALSE) -> 2151708 | E41: =SUM(G41:R41) -> 1 | F41: AVANCE | I41: 1
C42: =VLOOKUP($C42,PRESUPUESTO!$C$3:$H$256,2,FALSE) -> INSTALACIONES ELECTRICAS | D42: =VLOOKUP($C42,PRESUPUESTO!$C$3:$H$256,2,FALSE) -> #N/A | E42: =SUM(G42:R42) -> 2151708 | F42: INVERSIÓN | I42: =($D41*I41) -> 2151708
A43: 8.3 | B43: 47.3 | C43: =VLOOKUP($B43,PRESUPUESTO!$C$3:$H$256,2,FALSE) -> SUMINISTRO E INSTALACIÓN SALIDA PUNTO ELÉCTRICO PARA LUMINARIA, INCLUYE LAMPARA HERMETICA | D43: =VLOOKUP($B43,PRESUPUESTO!$C$3:$H$256,6,FALSE) -> 4075201 | E43: =SUM(G43:R43) -> 1 | F43: AVANCE | J43: 1
C44: =VLOOKUP($C44,PRESUPUESTO!$C$3:$H$256,2,FALSE) -> INSTALACIONES ELECTRICAS | D44: =VLOOKUP($C44,PRESUPUESTO!$C$3:$H$256,2,FALSE) -> #N/A | E44: =SUM(G44:R44) -> 4075201 | F44: INVERSIÓN | J44: =($D43*J43) -> 4075201
A45: 8.4 | B45: 47.4 | C45: =VLOOKUP($B45,PRESUPUESTO!$C$3:$H$256,2,FALSE) -> SUMINISTRO E INSTALACIÓN SALIDA PUNTO ELÉCTRICO PARA INTERRUPTOR SENCILLO (INCLUYE INTERRUPTOR) | D45: =VLOOKUP($B45,PRESUPUESTO!$C$3:$H$256,6,FALSE) -> 130012 | E45: =SUM(G45:R45) -> 1 | F45: AVANCE | I45: 1
C46: =VLOOKUP($C46,PRESUPUESTO!$C$3:$H$256,2,FALSE) -> INSTALACIONES ELECTRICAS | D46: =VLOOKUP($C46,PRESUPUESTO!$C$3:$H$256,2,FALSE) -> #N/A | E46: =SUM(G46:R46) -> 130012 | F46: INVERSIÓN | I46: =($D45*I45) -> 130012
A47: 9.1 | B47: 48.1 | C47: =VLOOKUP($B47,PRESUPUESTO!$C$3:$H$256,2,FALSE) -> SUMINISTRO TRANSPORTE E INSTALACIÓN DE PÍNTURA TIPO KORAZA 3 MANOS Y ESTUCO MUROS EXTERIORES | D47: =VLOOKUP($B47,PRESUPUESTO!$C$3:$H$256,6,FALSE) -> 4130543 | E47: =SUM(G47:R47) -> 1 | F47: AVANCE | L47: 0.2 | M47: 0.3 | N47: 0.5
C48: =VLOOKUP($C48,PRESUPUESTO!$C$3:$H$256,2,FALSE) -> INSTALACIONES ELECTRICAS | D48: =VLOOKUP($C48,PRESUPUESTO!$C$3:$H$256,2,FALSE) -> #N/A | E48: =SUM(G48:R48) -> 4130543 | F48: INVERSIÓN | L48: =($D47*L47) -> 826108.6 | M48: =($D47*M47) -> 1239162.9 | N48: =($D47*N47) -> 2065271.5
A49: 9.2 | B49: 48.2 | C49: =VLOOKUP($B49,PRESUPUESTO!$C$3:$H$256,2,FALSE) -> SUMINISTRO, TRANSPORTE E INSTALACIÓN DE PINTURA PARA INTERIOR LAVABLE SOBRE PINTURA EXISTENTE, INCLUYE DOS MANOS DE PINTURA. COLOR BLANCO. | D49: =VLOOKUP($B49,PRESUPUESTO!$C$3:$H$256,6,FALSE) -> 412114 | E49: =SUM(G49:R49) -> 1 | F49: AVANCE | L49: 0.2 | M49: 0.3 | N49: 0.3 | O49: 0.2
C50: =VLOOKUP($C50,PRESUPUESTO!$C$3:$H$256,2,FALSE) -> INSTALACIONES ELECTRICAS | D50: =VLOOKUP($C50,PRESUPUESTO!$C$3:$H$256,2,FALSE) -> #N/A | E50: =SUM(G50:R50) -> 412114 | F50: INVERSIÓN | L50: =($D49*L49) -> 82422.8 | M50: =($D49*M49) -> 123634.2 | N50: =($D49*N49) -> 123634.2 | O50: =($D49*O49) -> 82422.8
A51: 10.1 | B51: 49.1 | C51: =VLOOKUP($B51,PRESUPUESTO!$C$3:$H$256,2,FALSE) -> SUMINISTRO, TRANSPORTE E INSTALACION CUBIERTA EN TEJA DE F.C PERFIL 7, INCLUYE PERFIL PARA ESTRUCTURA DE LA MISMA | D51: =VLOOKUP($B51,PRESUPUESTO!$C$3:$H$256,6,FALSE) -> 1950112 | E51: =SUM(G51:R51) -> 1 | F51: AVANCE | O51: 1
C52: =VLOOKUP($C52,PRESUPUESTO!$C$3:$H$256,2,FALSE) -> INSTALACIONES ELECTRICAS | D52: =VLOOKUP($C52,PRESUPUESTO!$C$3:$H$256,2,FALSE) -> #N/A | E52: =SUM(G52:R52) -> 1950112 | F52: INVERSIÓN | O52: =($D51*O51) -> 1950112
A53: 10.5 | B53: 49.2 | C53: =VLOOKUP($B53,PRESUPUESTO!$C$3:$H$256,2,FALSE) -> SUMINISTRO TRANSPORTE E INSTALACIÓN DE FLANCHE CALIBRE 26 PARA EMPATE ENTRE CUBIERTA EXISTENTE Y MURO | D53: =VLOOKUP($B53,PRESUPUESTO!$C$3:$H$256,6,FALSE) -> 616264 | E53: =SUM(G53:R53) -> 1 | F53: AVANCE | O53: 1
C54: =VLOOKUP($C54,PRESUPUESTO!$C$3:$H$256,2,FALSE) -> INSTALACIONES ELECTRICAS | D54: =VLOOKUP($C54,PRESUPUESTO!$C$3:$H$256,2,FALSE) -> #N/A | E54: =SUM(G54:R54) -> 616264 | F54: INVERSIÓN | O54: =($D53*O53) -> 616264
A55: 12.1 | B55: 50.1 | C55: =VLOOKUP($B55,PRESUPUESTO!$C$3:$H$256,2,FALSE) -> SUMINISTRO, TRANSPORTE E INSTALACIÓN DE CIELO RASO EN LÁMINAS DE PVC 10MM PARA ZONA DE DESPACHO. INCLUYE. ESTRUCTURA METÁLICA Y PERIMETRALES. TEXTURA SEGÚN DISEÑO | D55: =VLOOKUP($B55,PRESUPUESTO!$C$3:$H$256,6,FALSE) -> 2015065 | E55: =SUM(G55:R55) -> 1 | F55: AVANCE | M55: 0.5 | N55: 0.5
C56: =VLOOKUP($C56,PRESUPUESTO!$C$3:$H$256,2,FALSE) -> INSTALACIONES ELECTRICAS | D56: =VLOOKUP($C56,PRESUPUESTO!$C$3:$H$256,2,FALSE) -> #N/A | E56: =SUM(G56:R56) -> 2015065 | F56: INVERSIÓN | M56: =($D55*M55) -> 1007532.5 | N56: =($D55*N55) -> 1007532.5
A57: 13.1 | B57: 51.1 | C57: =VLOOKUP($B57,PRESUPUESTO!$C$3:$H$256,2,FALSE) -> ENDURECEDOR DE PISO EN CONCRETO | D57: =VLOOKUP($B57,PRESUPUESTO!$C$3:$H$256,6,FALSE) -> 309891 | E57: =SUM(G57:R57) -> 1 | F57: AVANCE | M57: 0.5 | N57: 0.5
C58: =VLOOKUP($C58,PRESUPUESTO!$C$3:$H$256,2,FALSE) -> INSTALACIONES ELECTRICAS | D58: =VLOOKUP($C58,PRESUPUESTO!$C$3:$H$256,2,FALSE) -> #N/A | E58: =SUM(G58:R58) -> 309891 | F58: INVERSIÓN | M58: =($D57*M57) -> 154945.5 | N58: =($D57*N57) -> 154945.5
A59: 14.1 | B59: 52.1 | C59: =VLOOKUP($B59,PRESUPUESTO!$C$3:$H$256,2,FALSE) -> SUMINISTRO, TRASPORTE E INSTALACIÓN ENCHAPE EN PISOS PARA VESTIER | D59: =VLOOKUP($B59,PRESUPUESTO!$C$3:$H$256,6,FALSE) -> 384344 | E59: =SUM(G59:R59) -> 1 | F59: AVANCE | M59: 1
C60: =VLOOKUP($C60,PRESUPUESTO!$C$3:$H$256,2,FALSE) -> INSTALACIONES ELECTRICAS | D60: =VLOOKUP($C60,PRESUPUESTO!$C$3:$H$256,2,FALSE) -> #N/A | E60: =SUM(G60:R60) -> 384344 | F60: INVERSIÓN | M60: =($D59*M59) -> 384344
A61: 14.2 | B61: 52.2 | C61: =VLOOKUP($B61,PRESUPUESTO!$C$3:$H$256,2,FALSE) -> SUMINISTRO, TRASPORTE E INSTALACIÓN ENCHAPE EN PARED VESTIER | D61: =VLOOKUP($B61,PRESUPUESTO!$C$3:$H$256,6,FALSE) -> 1715820 | E61: =SUM(G61:R61) -> 1 | F61: AVANCE | M61: 0.5 | N61: 0.5
C62: =VLOOKUP($C62,PRESUPUESTO!$C$3:$H$256,2,FALSE) -> INSTALACIONES ELECTRICAS | D62: =VLOOKUP($C62,PRESUPUESTO!$C$3:$H$256,2,FALSE) -> #N/A | E62: =SUM(G62:R62) -> 1715820 | F62: INVERSIÓN | M62: =($D61*M61) -> 857910 | N62: =($D61*N61) -> 857910
A63: 14.3 | B63: 52.3 | C63: =VLOOKUP($B63,PRESUPUESTO!$C$3:$H$256,2,FALSE) -> SUMINISTRO TRANPORTE E INSTALACIÓN DE MEDIA CAÑA EN MORTERO CON CABADO LISO, H=0,10 M | D63: =VLOOKUP($B63,PRESUPUESTO!$C$3:$H$256,6,FALSE) -> 959575 | E63: =SUM(G63:R63) -> 1 | F63: AVANCE | M63: 0.5 | N63: 0.5
C64: =VLOOKUP($C64,PRESUPUESTO!$C$3:$H$256,2,FALSE) -> INSTALACIONES ELECTRICAS | D64: =VLOOKUP($C64,PRESUPUESTO!$C$3:$H$256,2,FALSE) -> #N/A | E64: =SUM(G64:R64) -> 959575 | F64: INVERSIÓN | M64: =($D63*M63) -> 479787.5 | N64: =($D63*N63) -> 479787.5
A65: 15.2 | B65: 53.1 | C65: =VLOOKUP($B65,PRESUPUESTO!$C$3:$H$256,2,FALSE) -> DESMONTE Y REINSTALACIÓN DE PUERTA | D65: =VLOOKUP($B65,PRESUPUESTO!$C$3:$H$256,6,FALSE) -> 250648 | E65: =SUM(G65:R65) -> 1 | F65: AVANCE | N65: 1
C66: =VLOOKUP($C66,PRESUPUESTO!$C$3:$H$256,2,FALSE) -> INSTALACIONES ELECTRICAS | D66: =VLOOKUP($C66,PRESUPUESTO!$C$3:$H$256,2,FALSE) -> #N/A | E66: =SUM(G66:R66) -> 250648 | F66: INVERSIÓN | N66: =($D65*N65) -> 250648
A67: 15.3 | B67: 53.2 | C67: =VLOOKUP($B67,PRESUPUESTO!$C$3:$H$256,2,FALSE) -> SUMINISTRO, TRANSPORTE E INSTALACIÓN DE MARCO EN LÁMINA ACERO INOX CAL.14 PARA BUQUES EN ZONA DE CABEZAS Y VSICERAS | D67: =VLOOKUP($B67,PRESUPUESTO!$C$3:$H$256,6,FALSE) -> 1282769 | E67: =SUM(G67:R67) -> 1 | F67: AVANCE | L67: 1
C68: =VLOOKUP($C68,PRESUPUESTO!$C$3:$H$256,2,FALSE) -> INSTALACIONES ELECTRICAS | D68: =VLOOKUP($C68,PRESUPUESTO!$C$3:$H$256,2,FALSE) -> #N/A | E68: =SUM(G68:R68) -> 1282769 | F68: INVERSIÓN | L68: =($D67*L67) -> 1282769
A69: 15.4 | B69: 53.3 | C69: =VLOOKUP($B69,PRESUPUESTO!$C$3:$H$256,2,FALSE) -> SUMINISTRO, TRANSPORTE E INSTALACIÓN PUERTA EN LÁMINA CALIBRE 16 DIMENSIONES 0.9X2.10 METROS , CON MARCO CARGADO EN MORTERO, INCLUYE CHAPA Y ACCESORIOS | D69: =VLOOKUP($B69,PRESUPUESTO!$C$3:$H$256,6,FALSE) -> 977908 | E69: =SUM(G69:R69) -> 1 | F69: AVANCE | M69: 1
C70: =VLOOKUP($C70,PRESUPUESTO!$C$3:$H$256,2,FALSE) -> INSTALACIONES ELECTRICAS | D70: =VLOOKUP($C70,PRESUPUESTO!$C$3:$H$256,2,FALSE) -> #N/A | E70: =SUM(G70:R70) -> 977908 | F70: INVERSIÓN | M70: =($D69*M69) -> 977908
A71: 20.1 | B71: 54.1 | C71: =VLOOKUP($B71,PRESUPUESTO!$C$3:$H$256,2,FALSE) -> ASEO GENERAL | D71: =VLOOKUP($B71,PRESUPUESTO!$C$3:$H$256,6,FALSE) -> 3168250 | E71: =SUM(G71:R71) -> 1 | F71: AVANCE | N71: 1
C72: =VLOOKUP($C72,PRESUPUESTO!$C$3:$H$256,2,FALSE) -> INSTALACIONES ELECTRICAS | D72: =VLOOKUP($C72,PRESUPUESTO!$C$3:$H$256,2,FALSE) -> #N/A | E72: =SUM(G72:R72) -> 3168250 | F72: INVERSIÓN | N72: =($D71*N71) -> 3168250
C73: SUB-TOTAL COSTOS DIRECTOS ADECUACIONES | D73: =+SUM(D21+D71+D65+D63+D61+D59+D57+D55+D53+D51+D49+D47+D45+D43+D41+D39+D37+D35+D33+D31+D29+D27+D25+D23+D19+D17+D15+D13+D11+D9+D7+D5+D69+D67) -> 71531258 | E73: =+E6+E8+E66+E68+E10+E12+E18+E20+E26+E28+E30+E32+E36+E38+E40+E42+E52+E54+E56+E58+E60+E62+E64+E70+E72+E50+E48+E46+E44+E34+E24+E22+E16+E14 -> 71531258
B74: INVERSIÓN SEMANAL | D74: =SUM(D5:D72) -> 0 | E74: =+SUM(E22+E72+E66+E64+E62+E60+E58+E56+E52+E50+E48+E46+E44+E42+E40+E38+E36+E34+E32+E30+E28+E26+E24+E20+E18+E16+E14+E12+E10+E8+E6+E70+E68+E54) -> 71531258 | G74: =+SUM(G22+G72+G66+G64+G62+G60+G58+G56+G52+G50+G48+G46+G44+G42+G40+G38+G36+G34+G32+G30+G28+G26+G24+G20+G18+G16+G14+G12+G10+G8+G6+G70+G68+G54) -> 6992158.8 | H74: =+SUM(H22+H72+H66+H64+H62+H60+H58+H56+H52+H50+H48+H46+H44+H42+H40+H38+H36+H34+H32+H30+H28+H26+H24+H20+H18+H16+H14+H12+H10+H8+H6+H70+H68+H54) -> 411904.2 | I74: =+SUM(I22+I72+I66+I64+I62+I60+I58+I56+I52+I50+I48+I46+I44+I42+I40+I38+I36+I34+I32+I30+I28+I26+I24+I20+I18+I16+I14+I12+I10+I8+I6+I70+I68+I54) -> 6928582.5 | J74: =+SUM(J22+J72+J66+J64+J62+J60+J58+J56+J52+J50+J48+J46+J44+J42+J40+J38+J36+J34+J32+J30+J28+J26+J24+J20+J18+J16+J14+J12+J10+J8+J6+J70+J68+J54) -> 18494910 | K74: =+SUM(K22+K72+K66+K64+K62+K60+K58+K56+K52+K50+K48+K46+K44+K42+K40+K38+K36+K34+K32+K30+K28+K26+K24+K20+K18+K16+K14+K12+K10+K8+K6+K70+K68+K54) -> 7150527 | L74: =+SUM(L22+L72+L66+L64+L62+L60+L58+L56+L52+L50+L48+L46+L44+L42+L40+L38+L36+L34+L32+L30+L28+L26+L24+L20+L18+L16+L14+L12+L10+L8+L6+L70+L68+L54) -> 8753408.4 | M74: =+SUM(M22+M72+M66+M64+M62+M60+M58+M56+M52+M50+M48+M46+M44+M42+M40+M38+M36+M34+M32+M30+M28+M26+M24+M20+M18+M16+M14+M12+M10+M8+M6+M70+M68+M54) -> 7911349.6 | N74: =+SUM(N22+N72+N66+N64+N62+N60+N58+N56+N52+N50+N48+N46+N44+N42+N40+N38+N36+N34+N32+N30+N28+N26+N24+N20+N18+N16+N14+N12+N10+N8+N6+N70+N68+N54) -> 12239618 | ... R74: =+SUM(R22+R72+R66+R64+R62+R60+R58+R56+R52+R50+R48+R46+R44+R42+R40+R38+R36+R34+R32+R30+R28+R26+R24+R20+R18+R16+R14+R12+R10+R8+R6+R70+R68+R54) -> 0
B75: INVERSION ACUMULADA | G75: =+G74 -> 6992158.8 | H75: =+SUM(G75+H74) -> 7404063 | I75: =+SUM(H75+I74) -> 14332646 | J75: =+SUM(I75+J74) -> 32827556 | K75: =+SUM(J75+K74) -> 39978083 | L75: =+SUM(K75+L74) -> 48731491 | M75: =+SUM(L75+M74) -> 56642841 | N75: =+SUM(M75+N74) -> 68882459 | O75: =+SUM(N75+O74) -> 71531258 | ... Q75: =+SUM(P75+Q74) -> 71531258 | R75: =SUM(Q75+R74) -> 71531258
B76: INVERSION ACUMULADA CON COSTOS INDIRECTOS | G76: =+G75*(1+PRESUPUESTO!$G$116) -> 9089806.4 | H76: =+H75*(1+PRESUPUESTO!$G$116) -> 9625281.9 | I76: =+I75*(1+PRESUPUESTO!$G$116) -> 18632439 | J76: =+J75*(1+PRESUPUESTO!$G$116) -> 42675823 | K76: =+K75*(1+PRESUPUESTO!$G$116) -> 51971508 | L76: =+L75*(1+PRESUPUESTO!$G$116) -> 63350939 | M76: =+M75*(1+PRESUPUESTO!$G$116) -> 73635693 | N76: =+N75*(1+PRESUPUESTO!$G$116) -> 89547197 | ... R76: =+R75*(1+PRESUPUESTO!$G$116) -> 92990635
B78: 30 | C78: EQUIPOS PALESTINA
A79: M-02 - M-18 | B79: 55.1 | C79: =VLOOKUP($B79,PRESUPUESTO!$C$3:$H$256,2,FALSE) -> SUMINISTRO, TRANSPORTE E INSTALACIÓN DE LAVAMANOS DE PEDAL O ACCIONAMIENTO MEDIANTE VÁLVULA DE RODILLA Y ESTERILIZADOR, INCLUYE CONEXIÓN HIDRAULICA Y ANCLAJE A PLATAFORMAS | D79: =VLOOKUP($B79,PRESUPUESTO!$C$3:$H$256,6,FALSE) -> 21463667 | E79: =SUM(G79:R79) -> 1 | F79: AVANCE | N79: 0.3 | O79: 0.3 | P79: 0.4
C80: =VLOOKUP($C80,PRESUPUESTO!$C$3:$H$256,2,FALSE) -> INSTALACIONES ELECTRICAS | D80: =VLOOKUP($C80,PRESUPUESTO!$C$3:$H$256,2,FALSE) -> #N/A | E80: =SUM(G80:R80) -> 21463667 | F80: INVERSIÓN | N80: =($D79*N79) -> 6439100.1 | O80: =($D79*O79) -> 6439100.1 | P80: =($D79*P79) -> 8585466.8
A81: M-04 | B81: 55.2 | C81: =VLOOKUP($B81,PRESUPUESTO!$C$3:$H$256,2,FALSE) -> SUMINISTRO, TRANSPORTE E INSTALACIÓN ESPARRANCADOR ELÉCTRICO PARA APERTURA DE ANIMAL DURANTE EL CORTE CON SIERRA DE CANAL | D81: =VLOOKUP($B81,PRESUPUESTO!$C$3:$H$256,6,FALSE) -> 6802992 | E81: =SUM(G81:R81) -> 1 | F81: AVANCE | O81: 0.3 | P81: 0.3 | Q81: 0.4
C82: =VLOOKUP($C82,PRESUPUESTO!$C$3:$H$256,2,FALSE) -> INSTALACIONES ELECTRICAS | D82: =VLOOKUP($C82,PRESUPUESTO!$C$3:$H$256,2,FALSE) -> #N/A | E82: =SUM(G82:R82) -> 6802992 | F82: INVERSIÓN | O82: =($D81*O81) -> 2040897.6 | P82: =($D81*P81) -> 2040897.6 | Q82: =($D81*Q81) -> 2721196.8
A83: M-06 | B83: 55.3 | C83: =VLOOKUP($B83,PRESUPUESTO!$C$3:$H$256,2,FALSE) -> SUMINISTRO, TRANSPORTE E INSTALACIÓN PLATAFORMA DE DESLIZAMIENTO VERTICAL MEDIANTE MOTORREDUCTOR DE 1 HP, RIEL DE DESLIZAMIENTO CONSTRUIDO EN TUBO CUADRADO DE 100*100 EN ACERO INOXIDABLE REF 304, RODACHINAS EN EMPACK, PLATAFORMA CON BARANDAS EN PROTECCIÓN DE TUBO REDONDO DE 11/2" Y PISO EN LAMINA DE ALFAJOR ALUMINIO, INSTALACIÓN Y SUMINISTRO DE CABLE ENCAUCHETADO Y TUBERÍA SCH 40. | D83: =VLOOKUP($B83,PRESUPUESTO!$C$3:$H$256,6,FALSE) -> 34631050 | E83: =SUM(G83:R83) -> 1 | F83: AVANCE | O83: 1
C84: =VLOOKUP($C84,PRESUPUESTO!$C$3:$H$256,2,FALSE) -> INSTALACIONES ELECTRICAS | D84: =VLOOKUP($C84,PRESUPUESTO!$C$3:$H$256,2,FALSE) -> #N/A | E84: =SUM(G84:R84) -> 34631050 | F84: INVERSIÓN | O84: =($D83*O83) -> 34631050
A85: M-07 | B85: 55.4 | C85: =VLOOKUP($B85,PRESUPUESTO!$C$3:$H$256,2,FALSE) -> SUMINISTRO, TRANSPORTE E INSTALACIÓN DE TOBOGÁN EN "L" PARA VÍSCERAS CONSTRUIDO EN LÁMINA ACERO INOX CAL.14. INCLUYE INSTALACIÓN | D85: =VLOOKUP($B85,PRESUPUESTO!$C$3:$H$256,6,FALSE) -> 3848832 | E85: =SUM(G85:R85) -> 1 | F85: AVANCE | O85: 1
C86: =VLOOKUP($C86,PRESUPUESTO!$C$3:$H$256,2,FALSE) -> INSTALACIONES ELECTRICAS | D86: =VLOOKUP($C86,PRESUPUESTO!$C$3:$H$256,2,FALSE) -> #N/A | E86: =SUM(G86:R86) -> 3848832 | F86: INVERSIÓN | O86: =($D85*O85) -> 3848832
A87: M-08 | B87: 55.5 | C87: =VLOOKUP($B87,PRESUPUESTO!$C$3:$H$256,2,FALSE) -> SUMINISTRO, TRANSPORTE E INSTALACIÓN REJILLA DE PISO PARA SUSTITUIR LA ACTUAL EN ZONA DE SANGRIA CONSTRUIDA EN ACERO INOXIDABLE PARA ÁREA DE LAVADO DE PANZAS. LARGO: 0,20*0,20 | D87: =VLOOKUP($B87,PRESUPUESTO!$C$3:$H$256,6,FALSE) -> 1338362 | E87: =SUM(G87:R87) -> 1 | F87: AVANCE | N87: 0.5 | O87: 0.5
C88: =VLOOKUP($C88,PRESUPUESTO!$C$3:$H$256,2,FALSE) -> INSTALACIONES ELECTRICAS | D88: =VLOOKUP($C88,PRESUPUESTO!$C$3:$H$256,2,FALSE) -> #N/A | E88: =SUM(G88:R88) -> 1338362 | F88: INVERSIÓN | N88: =(N87*$D87) -> 669181 | O88: =(O87*$D87) -> 669181
A89: M-09 | B89: 55.6 | C89: =VLOOKUP($B89,PRESUPUESTO!$C$3:$H$256,2,FALSE) -> SUMINISTRO, TRANSPORTE E INSTALACIÓN REJILLA DE PISO PARA SALA DE PROCESOS CONSTRUIDA EN ACERO INOXIDABLE PARA ÁREA DE LAVADO DE PANZAS. LARGO: 1,0M A: 0,20M | D89: =VLOOKUP($B89,PRESUPUESTO!$C$3:$H$256,6,FALSE) -> 12055201 | E89: =SUM(G89:R89) -> 1 | F89: AVANCE | O89: 1
C90: =VLOOKUP($C90,PRESUPUESTO!$C$3:$H$256,2,FALSE) -> INSTALACIONES ELECTRICAS | D90: =VLOOKUP($C90,PRESUPUESTO!$C$3:$H$256,2,FALSE) -> #N/A | E90: =SUM(G90:R90) -> 12055201 | F90: INVERSIÓN | O90: =($D89*O89) -> 12055201
A91: M-90 | B91: 55.7 | C91: =VLOOKUP($B91,PRESUPUESTO!$C$3:$H$256,2,FALSE) -> SUMINISTRO, TRANSPORTE E INSTALACIÓN CAMPANA DE EXTRACCIÓN PARA LAVADOR DE PANZAS CONSTRUIDA EN ACERO INOX CAL. 18, INCLUYE DUCTO Y EXTRACTOR DE 14". DIMENSIONES: L: 2,10M A: 1,20 M, H: 0,50 M. LARGO DEL DUCTO: 5,0 M | D91: =VLOOKUP($B91,PRESUPUESTO!$C$3:$H$256,6,FALSE) -> 12513276 | E91: =SUM(G91:R91) -> 1 | F91: AVANCE | O91: 1
C92: =VLOOKUP($C92,PRESUPUESTO!$C$3:$H$256,2,FALSE) -> INSTALACIONES ELECTRICAS | D92: =VLOOKUP($C92,PRESUPUESTO!$C$3:$H$256,2,FALSE) -> #N/A | E92: =SUM(G92:R92) -> 12513276 | F92: INVERSIÓN | O92: =(O91*D91) -> 12513276
A93: M-10 | B93: 55.8 | C93: =VLOOKUP($B93,PRESUPUESTO!$C$3:$H$256,2,FALSE) -> SUMINISTRO, TRANSPORTE E INSTALACIÓN DE PLATAFORMA PARA EVISCERACIÓN DE DOS NIVELES FABRICADA EN ACERO INOXIDABLE AISI 304, PARALES EN TUBERIA RED 6" SCH10 AISI 304, FLANCHE DE SUJECIÓN A PISO EN LAMINA 1/2 AISI 304, PLATAFORMA Y ESCALONES EN LAMINA DE ALFAJOR 1/8" AISI 304, MARCO DE ESCALERA CAL 16 AISI 304, BARANDAS EN TUBO DE 1 1/2 CAL 16 AISI 304 INCLUYE LAVAMANOS Y ESTERILIZADOR DIMENSIONES: PLATAFORMA ALTA 1M ANCHO X 1M LARGO X 1,25M ALTO; PLATAFORMA BAJA 1M ANCHO X 1M LARGO X 0,60M ALTO | D93: =VLOOKUP($B93,PRESUPUESTO!$C$3:$H$256,6,FALSE) -> 18110625 | E93: =SUM(G93:R93) -> 1 | F93: AVANCE | P93: 1
C94: =VLOOKUP($C94,PRESUPUESTO!$C$3:$H$256,2,FALSE) -> INSTALACIONES ELECTRICAS | D94: =VLOOKUP($C94,PRESUPUESTO!$C$3:$H$256,2,FALSE) -> #N/A | E94: =SUM(G94:R94) -> 18110625 | F94: INVERSIÓN | P94: =(P93*D93) -> 18110625
A95: M-11 | B95: 55.9 | C95: =VLOOKUP($B95,PRESUPUESTO!$C$3:$H$256,2,FALSE) -> SUMINISTRO, TRANSPORTE DE CARRO TIPO CUTTER PARA TRANSPORTE Y ALMACENAMIENTO DE PRODUCTOS. FABRICADO EN ACERO INOXIDABLE REF. 304 CALIBRE 14. RECIPIENTE O CUBA COMPLETAMENTE SANITARIA CON TERMINACIONES REDONDEADAS PARA EVITAR DEPÓSITO DE PARTÍCULAS. CONSTRUIDOS EN LÁMINA ACERO INOX | D95: =VLOOKUP($B95,PRESUPUESTO!$C$3:$H$256,6,FALSE) -> 22942035 | E95: =SUM(G95:R95) -> 1 | F95: AVANCE | P95: 0.5 | Q95: 0.5
C96: =VLOOKUP($C96,PRESUPUESTO!$C$3:$H$256,2,FALSE) -> INSTALACIONES ELECTRICAS | D96: =VLOOKUP($C96,PRESUPUESTO!$C$3:$H$256,2,FALSE) -> #N/A | E96: =SUM(G96:R96) -> 22942035 | F96: INVERSIÓN | P96: =(P95*$D$95) -> 11471018 | Q96: =(Q95*$D$95) -> 11471018
A97: M-12 | B97: 55.10 | C97: =VLOOKUP($B97,PRESUPUESTO!$C$3:$H$256,2,FALSE) -> SUMINISTRO, TRANSPORTE E INSTALACIÓN DE LAVABOTAS EQUIPO FABRICADO EN ACERO INOXIDABLE AISI 304 CON ALTOS ESTÁNDARES DE CALIDAD, CUERPO FABRICADO EN LAMINA DE ACERO INOXIDABLE AISI 304 , REFUERZOS. INCLUYE MAGUERA Y CEPILLO PARA LAVADO | D97: =VLOOKUP($B97,PRESUPUESTO!$C$3:$H$256,6,FALSE) -> 10116424 | E97: =SUM(G97:R97) -> 1 | F97: AVANCE | P97: 1
C98: =VLOOKUP($C98,PRESUPUESTO!$C$3:$H$256,2,FALSE) -> INSTALACIONES ELECTRICAS | D98: =VLOOKUP($C98,PRESUPUESTO!$C$3:$H$256,2,FALSE) -> #N/A | E98: =SUM(G98:R98) -> 10116424 | F98: INVERSIÓN | P98: =(P97*D97) -> 10116424
A99: M-13 | B99: 55.11 | C99: =VLOOKUP($B99,PRESUPUESTO!$C$3:$H$256,2,FALSE) -> SUMINISTRO, TRANSPORTE E INSTALACIÓN ESTERILIZADOR DE SIERRA DE ESTERNÓN EQUIPO FABRICADO EN ACERO INOXIDABLE AISI 304, ESTRUCTURA FABRICADA EN TUBERÍA CUADRADA , SISTEMA DE VAPOR PARA ESTERILIZACIÓN. • CUERPO FABRICADO EN LAMINA CAL 14 AISI 304 • ESTRUCTURA EN TUBO CUAD 1”1/2 CAL 16 AISI 304 • FLAUTA EN TUBO RED ½ SCH10 AISI 304 • NIVELADORES EN LAMINA ¼ AISI 304 CON ESPARRAGO AISI 304 | D99: =VLOOKUP($B99,PRESUPUESTO!$C$3:$H$256,6,FALSE) -> 6352274 | E99: =SUM(G99:R99) -> 1 | F99: AVANCE | Q99: 1
C100: =VLOOKUP($C100,PRESUPUESTO!$C$3:$H$256,2,FALSE) -> INSTALACIONES ELECTRICAS | D100: =VLOOKUP($C100,PRESUPUESTO!$C$3:$H$256,2,FALSE) -> #N/A | E100: =SUM(G100:R100) -> 6352274 | F100: INVERSIÓN | Q100: =(Q99*D99) -> 6352274
A101: M-15 | B101: 55.12 | C101: =VLOOKUP($B101,PRESUPUESTO!$C$3:$H$256,2,FALSE) -> SUMINISTRO, TRANSPORTE E INSTALACIÓN DE MESA PARA RECIBO Y REPASO DE PORCINOS. FABRICADO EN LÁMINA DE ACERO INOXIDABLE AISI304 CALIBRE 14, ESTRUCTURA EN TUBO CUADRO 2" CALIBRE 16 AISI 304, CUERPO FABRICADO EN LAMINA CALIBRE 14 AISI 304, DESAGUE TUBO RED 1” SCH 40 AISI 304, INCLUYE BANDEJA DE RECOLECCIÓN Y RODACHINAS DE 3". DIMENSION L: 2,20 M, A: 0,90 H: 0,90 M | D101: =VLOOKUP($B101,PRESUPUESTO!$C$3:$H$256,6,FALSE) -> 7126476 | E101: =SUM(G101:R101) -> 1 | F101: AVANCE | P101: 0.3 | Q101: 0.3 | R101: 0.4
...

Sheet PRESUPUESTO
B1: PRESUPUESTO GENERAL DE OBRA Y SUMINISTRO DE EQUIPOS PARA ADECUACIÓN DE LA PLANTA DE BENEFICIO ANIMAL DE PALESTINA
B4: PRESUPUESTO GENERAL DE OBRA Y SUMINISTRO DE EQUIPOS PARA ADECUACIÓN DE LA PLANTA DE BENEFICIO ANIMAL DEL MUNICIPIO DE PALESTINA -CALDAS-
D5: OBRAS INTERIORES
B7: ITEM | C7: COD INTER | D7: DESCRIPCIÓN | E7: UNIDAD | F7: CANTIDAD | G7: V/UNITARIO | H7: V/PARCIAL
D8: OBRAS DE ADECUCIÓN
B9: 1.0 | C9: 41.0 | D9: PRELIMINARES | H9: =SUM(H10:H12) -> 7031010 | I9: =+H9*(1+G$116) -> 9140313 | K9: =SUM(K10:K13) -> 433074.28 | M9: =SUM(M10:M13) -> 5293060.6 | O9: =SUM(O10:O13) -> 15188.481 | Q9: =SUM(Q10:Q13) -> 1289686.4 | R9: =SUM(R10:R13) -> 7031010 | T9: =Q9+M9+K9+O9 -> 7031009.8 | V9: =ROUND((H9-T9),0) -> 0 | W9: =ROUND((Q9+M9+K9+O9)*(#REF!+#REF!),0) -> #REF! | X9: =ROUND((T9)*(#REF!+#REF!),0) -> #REF! | Y9: =+W9-X9 -> #REF! | Z9: =ROUND(SUM(K9:Q9),0) -> 7031010
B10: 1.2 | C10: 41.2 | D10: =+VLOOKUP($B10,APU!$B$5:$J$1835,3,0) -> DEMOLICIÓN PLACA DE CONTRAPISO EN CONCRETO SIMPLE. | E10: =+VLOOKUP($B10,APU!$B$5:$I$1835,4,0) -> M² | F10: =+ITEM1.2!G9 -> 20.92 | G10: =+VLOOKUP($B10,APU!$B$5:$I$1835,6,0) -> 72624.225 | H10: =ROUND((F10*G10),0) -> 1519299 | J10: =VLOOKUP($B10,APU!$K$6:$P$1687,2,FALSE) -> 3157.575 | K10: =J10*F10 -> 66056.469 | L10: =VLOOKUP($B10,APU!$K$6:$P$1690,3,FALSE) -> 66309.075 | M10: =L10*F10 -> 1387185.8 | N10: =VLOOKUP($B10,APU!$K$6:$P$1680,4,FALSE) -> 0 | O10: =N10*F10 -> 0 | P10: =VLOOKUP($B10,APU!$K$6:$P$1680,5,FALSE) -> 3157.575 | Q10: =P10*F10 -> 66056.469 | R10: =ROUND((Q10+O10+M10+K10),0) -> 1519299 | T10: =+H10 -> 1519299 | U10: =+T10-R10 -> 0 | V10: =ROUND((H10-T10),0) -> 0 | W10: =ROUND((Q10+M10+K10+O10)*(#REF!+#REF!),0) -> #REF! | X10: =ROUND((T10)*(#REF!+#REF!),0) -> #REF! | Y10: =+W10-X10 -> #REF!
B11: 1.3 | C11: 41.3 | D11: =+VLOOKUP($B11,APU!$B$5:$J$1835,3,0) -> DEMOLICIÓN DE MUROS EN BLOQUE DE CEMENTO O LADRILLO | E11: =+VLOOKUP($B11,APU!$B$5:$I$1835,4,0) -> M² | F11: =+ITEM1.3!E7 -> 204.75 | G11: =+VLOOKUP($B11,APU!$B$5:$I$1835,6,0) -> 26286.723 | H11: =ROUND((F11*G11),0) -> 5382207 | J11: =VLOOKUP($B11,APU!$K$6:$P$1687,2,FALSE) -> 1768.242 | K11: =J11*F11 -> 362047.55 | L11: =VLOOKUP($B11,APU!$K$6:$P$1690,3,FALSE) -> 18566.541 | M11: =L11*F11 -> 3801499.3 | N11: =VLOOKUP($B11,APU!$K$6:$P$1680,4,FALSE) -> 0 | O11: =N11*F11 -> 0 | P11: =VLOOKUP($B11,APU!$K$6:$P$1680,5,FALSE) -> 5951.94 | Q11: =P11*F11 -> 1218659.7 | R11: =ROUND((Q11+O11+M11+K11),0) -> 5382207 | T11: =+H11 -> 5382207 | U11: =+T11-R11 -> 0 | V11: =ROUND((H11-T11),0) -> 0 | W11: =ROUND((Q11+M11+K11+O11)*(#REF!+#REF!),0) -> #REF! | X11: =ROUND((T11)*(#REF!+#REF!),0) -> #REF! | Y11: =+W11-X11 -> #REF!
B12: 1.4 | C12: 41.6 | D12: =+APU!D617 -> DESMONTE DE ESTRUCTURA METALICA | E12: =+VLOOKUP($B12,APU!$B$5:$I$1835,4,0) -> M² | F12: =+ITEM1.4!E7 -> 6.06 | G12: =+VLOOKUP($B12,APU!$B$5:$I$1835,6,0) -> 21370.375 | H12: =ROUND((F12*G12),0) -> 129504 | J12: =VLOOKUP($B12,APU!$K$6:$P$1687,2,FALSE) -> 820.175 | K12: =J12*F12 -> 4970.2605 | L12: =VLOOKUP($B12,APU!$K$6:$P$1690,3,FALSE) -> 17223.675 | M12: =L12*F12 -> 104375.47 | N12: =VLOOKUP($B12,APU!$K$6:$P$1680,4,FALSE) -> 2506.35 | O12: =N12*F12 -> 15188.481 | P12: =VLOOKUP($B12,APU!$K$6:$P$1680,5,FALSE) -> 820.175 | Q12: =P12*F12 -> 4970.2605 | R12: =ROUND((Q12+O12+M12+K12),0) -> 129504 | T12: =+H12 -> 129504 | U12: =+T12-R12 -> 0 | V12: =ROUND((H12-T12),0) -> 0 | W12: =ROUND((Q12+M12+K12+O12)*(#REF!+#REF!),0) -> #REF! | X12: =ROUND((T12)*(#REF!+#REF!),0) -> #REF! | Y12: =+W12-X12 -> #REF!
U13: =+T13-R13 -> 0 | W13: =ROUND((Q13+M13+K13+O13)*(#REF!+#REF!),0) -> #REF! | X13: =ROUND((T13)*(#REF!+#REF!),0) -> #REF!
B14: 2A.0 | C14: 42.0 | D14: CIMIENTOS | H14: =SUM(H15:H15) -> 0 | K14: =(SUM(K15)) -> 0 | M14: =(SUM(M15)) -> 0 | O14: =(SUM(O15)) -> 0 | Q14: =(SUM(Q15)) -> 0 | R14: =(SUM(R15)) -> 0 | T14: =Q14+M14+K14+O14 -> 0 | U14: =+T14-R14 -> 0 | V14: =ROUND((H14-T14),0) -> 0 | W14: =ROUND((Q14+M14+K14+O14)*(#REF!+#REF!),0) -> #REF! | X14: =ROUND((T14)*(#REF!+#REF!),0) -> #REF! | Y14: =+W14-X14 -> #REF! | Z14: =ROUND(SUM(K14:Q14),0) -> 0
B16: 4.0 | C16: 43.0 | D16: DESAGUES E INSTALACIONES SANITARIAS | H16: =SUM(H17:H21) -> 5677961 | I16: =+H16*(1+G$116) -> 7381349.3 | K16: =SUM(K17:K21) -> 163414.19 | M16: =SUM(M17:M21) -> 2308511.6 | O16: =SUM(O17:O21) -> 3187337.2 | Q16: =SUM(Q17:Q21) -> 18699.6 | R16: =SUM(R17:R21) -> 5677961 | T16: =ROUND(Q16+M16+K16+O16,0) -> 5677963 | U16: =+T16-R16 -> 2 | V16: =ROUND((H16-T16),0) -> -2 | W16: =ROUND((Q16+M16+K16+O16)*(#REF!+#REF!),0) -> #REF! | X16: =ROUND((T16)*(#REF!+#REF!),0) -> #REF! | Y16: =+W16-X16 -> #REF! | Z16: =ROUND(SUM(K16:Q16),0) -> 5677963
B17: 4.2 | C17: 43.2 | D17: =+VLOOKUP($B17,APU!$B$5:$J$1835,3,0) -> SUMINISTRO, TRASPORTE E INSTALACIÓN PUNTO SANITARIO EN DIAMETRO 4" | E17: =+VLOOKUP($B17,APU!$B$5:$I$1835,4,0) -> UN | F17: =+ITEM4.2!E7 -> 2 | G17: =+VLOOKUP($B17,APU!$B$5:$I$1835,6,0) -> 186526.58 | H17: =ROUND((F17*G17),0) -> 373053 | J17: =VLOOKUP($B17,APU!$K$6:$P$1687,2,FALSE) -> 2337.45 | K17: =J17*F17 -> 4674.9 | L17: =VLOOKUP($B17,APU!$K$6:$P$1690,3,FALSE) -> 49086.45 | M17: =L17*F17 -> 98172.9 | N17: =VLOOKUP($B17,APU!$K$6:$P$1680,4,FALSE) -> 132765.23 | O17: =N17*F17 -> 265530.47 | P17: =VLOOKUP($B17,APU!$K$6:$P$1680,5,FALSE) -> 2337.45 | Q17: =P17*F17 -> 4674.9 | R17: =ROUND((Q17+O17+M17+K17),0) -> 373053 | T17: =+H17 -> 373053 | U17: =+T17-R17 -> 0 | V17: =ROUND((H17-T17),0) -> 0 | W17: =ROUND((Q17+M17+K17+O17)*(#REF!+#REF!),0) -> #REF! | X17: =ROUND((T17)*(#REF!+#REF!),0) -> #REF! | Y17: =+W17-X17 -> #REF!
B18: 4.7 | C18: 43.3 | D18: =+VLOOKUP($B18,APU!$B$5:$J$1835,3,0) -> SUMINISTRO, TRASPORTE E INSTALACIÓN PUNTO SANITARIO EN DIAMETRO 2" | E18: =+VLOOKUP($B18,APU!$B$5:$I$1835,4,0) -> UN | F18: =+ITEM4.7!G9 -> 9 | G18: =+VLOOKUP($B18,APU!$B$5:$I$1835,6,0) -> 89415.365 | H18: =ROUND((F18*G18),0) -> 804738 | J18: =VLOOKUP($B18,APU!$K$6:$P$1687,2,FALSE) -> 1558.3 | K18: =J18*F18 -> 14024.7 | L18: =VLOOKUP($B18,APU!$K$6:$P$1690,3,FALSE) -> 32724.3 | M18: =L18*F18 -> 294518.7 | N18: =VLOOKUP($B18,APU!$K$6:$P$1680,4,FALSE) -> 53574.465 | O18: =N18*F18 -> 482170.19 | P18: =VLOOKUP($B18,APU!$K$6:$P$1680,5,FALSE) -> 1558.3 | Q18: =P18*F18 -> 14024.7 | R18: =ROUND((Q18+O18+M18+K18),0) -> 804738 | T18: =+H18 -> 804738 | U18: =+T18-R18 -> 0 | V18: =ROUND((H18-T18),0) -> 0 | W18: =ROUND((Q18+M18+K18+O18)*(#REF!+#REF!),0) -> #REF! | X18: =ROUND((T18)*(#REF!+#REF!),0) -> #REF! | Y18: =+W18-X18 -> #REF!
B19: 4.13 | C19: 43.4 | D19: TRASLADO DE TANQUES DE AGUA | E19: =+VLOOKUP($B19,APU!$B$5:$I$1835,4,0) -> GL | F19: =+'ITEM 4,13'!G9 -> 1 | G19: =+VLOOKUP($B19,APU!$B$5:$I$1835,6,0) -> 328694 | H19: =ROUND((F19*G19),0) -> 328694 | J19: =VLOOKUP($B19,APU!$K$6:$P$1687,2,FALSE) -> 1215 | K19: =J19*F19 -> 1215 | L19: =VLOOKUP($B19,APU!$K$6:$P$1690,3,FALSE) -> 310023 | M19: =L19*F19 -> 310023 | N19: =VLOOKUP($B19,APU!$K$6:$P$1680,4,FALSE) -> 17456.42 | O19: =N19*F19 -> 17456.42 | P19: =VLOOKUP($B19,APU!$K$6:$P$1680,5,FALSE) -> 0 | Q19: =P19*F19 -> 0 | R19: =ROUND((Q19+O19+M19+K19),0) -> 328694 | T19: =+H19 -> 328694 | U19: =+T19-R19 -> 0 | V19: =ROUND((H19-T19),0) -> 0 | W19: =ROUND((Q19+M19+K19+O19)*(#REF!+#REF!),0) -> #REF! | X19: =ROUND((T19)*(#REF!+#REF!),0) -> #REF! | Y19: =+W19-X19 -> #REF!
B20: 4.14 | C20: 43.5 | D20: BORDILLO EN CONCRETO DE 3000 PSI DE 0.10 DE ALTURA Y 0.10 DE ESPESOR PARA SEPARAR SECCIÓN INTERMEDIA DE SECCIÓN LIMPIA | E20: =+VLOOKUP($B20,APU!$B$5:$I$1835,4,0) -> ML | F20: =+'ITEM 4,15'!G8 -> 23.42 | G20: =+VLOOKUP($B20,APU!$B$5:$I$1835,6,0) -> 48203 | H20: =ROUND((F20*G20),0) -> 1128914 | J20: =VLOOKUP($B20,APU!$K$6:$P$1687,2,FALSE) -> 5519.34 | K20: =J20*F20+9 -> 129271.94 | L20: =VLOOKUP($B20,APU!$K$6:$P$1690,3,FALSE) -> 34282.6 | M20: =L20*F20 -> 802898.49 | N20: =VLOOKUP($B20,APU!$K$6:$P$1680,4,FALSE) -> 8400.6764 | O20: =N20*F20 -> 196743.84 | P20: =VLOOKUP($B20,APU!$K$6:$P$1680,5,FALSE) -> 0 | Q20: =P20*F20 -> 0 | R20: =ROUND((Q20+O20+M20+K20),0) -> 1128914 | T20: =+H20 -> 1128914 | U20: =+T20-R20 -> 0 | V20: =ROUND((H20-T20),0) -> 0 | W20: =ROUND((Q20+M20+K20+O20)*(#REF!+#REF!),0) -> #REF! | X20: =ROUND((T20)*(#REF!+#REF!),0) -> #REF! | Y20: =+W20-X20 -> #REF!
B21: 4.15 | C21: 43.6 | D21: CONSTRUCCIÓN CANAL RECOLECTORA CENTRAL SEMICIRCULAR D=8" EN TUBERIA NOVAFORT | E21: =+VLOOKUP($B21,APU!$B$5:$I$1835,4,0) -> ML | F21: =+'ITEM 4,15'!G8 -> 23.42 | G21: =+VLOOKUP($B21,APU!$B$5:$I$1835,6,0) -> 129913 | H21: =ROUND((F21*G21),0) -> 3042562 | J21: =VLOOKUP($B21,APU!$K$6:$P$1687,2,FALSE) -> 607.5 | K21: =J21*F21 -> 14227.65 | L21: =VLOOKUP($B21,APU!$K$6:$P$1690,3,FALSE) -> 34282.6 | M21: =L21*F21 -> 802898.49 | N21: =VLOOKUP($B21,APU!$K$6:$P$1680,4,FALSE) -> 95022.6 | O21: =N21*F21+7 -> 2225436.3 | P21: =VLOOKUP($B21,APU!$K$6:$P$1680,5,FALSE) -> 0 | Q21: =P21*F21 -> 0 | R21: =ROUND((Q21+O21+M21+K21),0) -> 3042562 | T21: =+H21 -> 3042562 | U21: =+T21-R21 -> 0 | V21: =ROUND((H21-T21),0) -> 0 | W21: =ROUND((Q21+M21+K21+O21)*(#REF!+#REF!),0) -> #REF! | X21: =ROUND((T21)*(#REF!+#REF!),0) -> #REF! | Y21: =+W21-X21 -> #REF!
U22: =+T22-R22 -> 0 | W22: =ROUND((Q22+M22+K22+O22)*(#REF!+#REF!),0) -> #REF! | X22: =ROUND((T22)*(#REF!+#REF!),0) -> #REF!
B23: 5.0 | C23: 44.0 | D23: ESTRUCTURAS EN CONCRETO, METALICAS Y DE MADERA | H23: =SUM(H24:H27) -> 11667613 | I23: =+H23*(1+G$116) -> 15167897 | K23: =SUM(K24:K27) -> 3097874.2 | M23: =SUM(M24:M27) -> 2480034.3 | O23: =SUM(O24:O27) -> 5974902.9 | Q23: =SUM(Q24:Q27) -> 114801.38 | R23: =SUM(R24:R27) -> 11667613 | T23: =ROUND(Q23+M23+K23+O23,0) -> 11667613 | U23: =+T23-R23 -> 0 | V23: =ROUND((H23-T23),0) -> 0 | W23: =ROUND((Q23+M23+K23+O23)*(#REF!+#REF!),0) -> #REF! | X23: =ROUND((T23)*(#REF!+#REF!),0) -> #REF! | Y23: =+W23-X23 -> #REF! | Z23: =ROUND(SUM(K23:Q23),0) -> 11667613
B24: 5.1 | C24: 44.1 | D24: SUMINISTRO, TRASNPORTE E INSTALACIÓN DE LOSA DE CONCRETO REFORZADO DE 12 CM DE ESPESOR (INLCLUYE ACERO DE REFUERZO MALLA ELECTROSOLDADA) | E24: M2 | F24: =+ITEM5.1!G2 -> 29.462 | G24: =+VLOOKUP($B24,APU!$B$5:$I$1835,6,0) -> 140236.2 | H24: =ROUND((F24*G24),0) -> 4131639 | J24: =VLOOKUP($B24,APU!$K$6:$P$1687,2,FALSE) -> 165.5 | K24: =J24*F24 -> 4875.961 | L24: =VLOOKUP($B24,APU!$K$6:$P$1690,3,FALSE) -> 54079.83 | M24: =L24*F24 -> 1593300 | N24: =VLOOKUP($B24,APU!$K$6:$P$1680,4,FALSE) -> 83415.64 | O24: =N24*F24 -> 2457591.6 | P24: =VLOOKUP($B24,APU!$K$6:$P$1680,5,FALSE) -> 2575.23 | Q24: =P24*F24 -> 75871.426 | R24: =ROUND((Q24+O24+M24+K24),0) -> 4131639 | T24: =+H24 -> 4131639 | U24: =+T24-R24 -> 0 | V24: =ROUND((H24-T24),0) -> 0 | W24: =ROUND((Q24+M24+K24+O24)*(#REF!+#REF!),0) -> #REF! | X24: =ROUND((T24)*(#REF!+#REF!),0) -> #REF! | Y24: =+W24-X24 -> #REF!
B25: 5.2 | C25: 44.2 | D25: =+VLOOKUP($B25,APU!$B$5:$J$1835,3,0) -> SUMINISTRO TRANSPORTE E INSTALACIÓN VIGA CINTA DE AMARRE CULATA DE 0,13 * 0,10 M EN CONCRETO DE 3000 PSI, INCLUYE ACERO DE REFUERZO | E25: =+VLOOKUP($B25,APU!$B$5:$I$1835,4,0) -> M | F25: =+ITEM5.2!G2 -> 7.31 | G25: =+VLOOKUP($B25,APU!$B$5:$I$1835,6,0) -> 181330.52 | H25: =ROUND((F25*G25),0) -> 1325526 | J25: =VLOOKUP($B25,APU!$K$6:$P$1687,2,FALSE) -> 73203.828 | K25: =J25*F25 -> 535119.98 | L25: =VLOOKUP($B25,APU!$K$6:$P$1690,3,FALSE) -> 24755.388 | M25: =L25*F25 -> 180961.89 | N25: =VLOOKUP($B25,APU!$K$6:$P$1680,4,FALSE) -> 82192.478 | O25: =N25*F25 -> 600827.01 | P25: =VLOOKUP($B25,APU!$K$6:$P$1680,5,FALSE) -> 1178.828 | Q25: =P25*F25 -> 8617.2327 | R25: =ROUND((Q25+O25+M25+K25),0) -> 1325526 | T25: =+H25 -> 1325526 | U25: =+T25-R25 -> 0 | V25: =ROUND((H25-T25),0) -> 0 | W25: =ROUND((Q25+M25+K25+O25)*(#REF!+#REF!),0) -> #REF! | X25: =ROUND((T25)*(#REF!+#REF!),0) -> #REF! | Y25: =+W25-X25 -> #REF!
B26: 5.3 | C26: 44.3 | D26: =+VLOOKUP($B26,APU!$B$5:$J$1835,3,0) -> SUMINISTRO TRANSPORTE E INSTALACIÓN COLUMNETA DE CONFINAMIENTO PARA MURO DE 0,13 * 0,20 M EN CONCRETO DE 3000 PSI, INCLUYE ACERO DE REFUERZO | E26: =+VLOOKUP($B26,APU!$B$5:$I$1835,4,0) -> M | F26: =+ITEM5.3!G2 -> 22.5 | G26: =+VLOOKUP($B26,APU!$B$5:$I$1835,6,0) -> 204804.71 | H26: =ROUND((F26*G26),0) -> 4608106 | J26: =VLOOKUP($B26,APU!$K$6:$P$1687,2,FALSE) -> 82828.132 | K26: =J26*F26 -> 1863633 | L26: =VLOOKUP($B26,APU!$K$6:$P$1690,3,FALSE) -> 28291.872 | M26: =L26*F26 -> 636567.12 | N26: =VLOOKUP($B26,APU!$K$6:$P$1680,4,FALSE) -> 92337.47 | O26: =N26*F26 -> 2077593.1 | P26: =VLOOKUP($B26,APU!$K$6:$P$1680,5,FALSE) -> 1347.232 | Q26: =P26*F26 -> 30312.72 | R26: =ROUND((Q26+O26+M26+K26),0) -> 4608106 | T26: =+H26 -> 4608106 | U26: =+T26-R26 -> 0 | V26: =ROUND((H26-T26),0) -> 0 | W26: =ROUND((Q26+M26+K26+O26)*(#REF!+#REF!),0) -> #REF! | X26: =ROUND((T26)*(#REF!+#REF!),0) -> #REF! | Y26: =+W26-X26 -> #REF!
B27: 5.4 | C27: 44.4 | D27: ESTRUCTURA METÁLICA PARA SOPORTE DE CUBIERTA EN PERFILERÍA TIPO C 120X60 3MM. (INCLUYE TEJA DE FIBROCEMENTO PERFIL 7 Y ACCESORIOS PARA INSTALACIÓN) | E27: =+VLOOKUP($B27,APU!$B$5:$I$1835,4,0) -> M2 | F27: =+ITEM5.4!G2 -> 13.062 | G27: =+VLOOKUP($B27,APU!$B$5:$I$1835,6,0) -> 122672 | H27: =ROUND((F27*G27),0) -> 1602342 | J27: =VLOOKUP($B27,APU!$K$6:$P$1687,2,FALSE) -> 53150 | K27: =J27*F27 -> 694245.3 | L27: =VLOOKUP($B27,APU!$K$6:$P$1690,3,FALSE) -> 5298.22 | M27: =L27*F27 -> 69205.35 | N27: =VLOOKUP($B27,APU!$K$6:$P$1680,4,FALSE) -> 64223.564 | O27: =N27*F27+3 -> 838891.19 | P27: =VLOOKUP($B27,APU!$K$6:$P$1680,5,FALSE) -> 0 | Q27: =P27*F27 -> 0 | R27: =ROUND((Q27+O27+M27+K27),0) -> 1602342 | T27: =+H27 -> 1602342 | U27: =+T27-R27 -> 0 | V27: =ROUND((H27-T27),0) -> 0 | W27: =ROUND((Q27+M27+K27+O27)*(#REF!+#REF!),0) -> #REF! | X27: =ROUND((T27)*(#REF!+#REF!),0) -> #REF! | Y27: =+W27-X27 -> #REF!
U28: =+T28-R28 -> 0 | W28: =ROUND((Q28+M28+K28+O28)*(#REF!+#REF!),0) -> #REF! | X28: =ROUND((T28)*(#REF!+#REF!),0) -> #REF!
B29: 6.0 | C29: 45.0 | D29: MAMPOSTERIA | H29: =ROUND(SUM(H30:H33),0) -> 14778827 | I29: =+H29*(1+G$116) -> 19212475 | K29: =ROUND(SUM(K30:K33),0) -> 221619 | M29: =ROUND(SUM(M30:M33),0) -> 5956347 | O29: =ROUND(SUM(O30:O33),0) -> 7840155 | Q29: =ROUND(SUM(Q30:Q33),0) -> 760705 | R29: =ROUND((Q29+O29+M29+K29),0) -> 14778826 | T29: =ROUND(Q29+M29+K29+O29,0) -> 14778826 | U29: =+T29-R29 -> 0 | V29: =ROUND((H29-T29),0) -> 1 | W29: =ROUND((Q29+M29+K29+O29)*(#REF!+#REF!),0) -> #REF! | X29: =ROUND((T29)*(#REF!+#REF!),0) -> #REF! | Y29: =+W29-X29 -> #REF! | Z29: =ROUND(SUM(K29:Q29),0) -> 14778826
B30: 6.1 | C30: 45.1 | D30: SUMINISTRO, TRANSPORTE E INSTALACIÓN DE MUROS DIVISORIOS EN LADRILLO FAROL DE 0,13*0,20*0,30, incluye mortero 1:3 | E30: =+VLOOKUP($B30,APU!$B$5:$I$1835,4,0) -> M² | F30: =+ITEM6.1!G7 -> 94.451 | G30: =+VLOOKUP($B30,APU!$B$5:$I$1835,6,0) -> 72566.977 | H30: =ROUND((F30*G30),0) -> 6854024 | J30: =VLOOKUP($B30,APU!$K$6:$P$1687,2,FALSE) -> 1035.75 | K30: =J30*F30 -> 97827.623 | L30: =VLOOKUP($B30,APU!$K$6:$P$1690,3,FALSE) -> 24275.94 | M30: =L30*F30 -> 2292886.8 | N30: =VLOOKUP($B30,APU!$K$6:$P$1680,4,FALSE) -> 45028.283 | O30: =N30*F30 -> 4252966.4 | P30: =VLOOKUP($B30,APU!$K$6:$P$1680,5,FALSE) -> 2227.004 | Q30: =P30*F30 -> 210342.75 | R30: =ROUND((Q30+O30+M30+K30),0) -> 6854024 | T30: =+H30 -> 6854024 | U30: =+T30-R30 -> 0 | V30: =ROUND((H30-T30),0) -> 0 | W30: =ROUND((Q30+M30+K30+O30)*(#REF!+#REF!),0) -> #REF! | X30: =ROUND((T30)*(#REF!+#REF!),0) -> #REF! | Y30: =+W30-X30 -> #REF!
B31: 6.2 | C31: 45.2 | D31: =+VLOOKUP($B31,APU!$B$5:$J$1835,3,0) -> SUMINISTRO TRANPORTE E INSTALACIÓN REVOQUE CON MORTERO 1:3 IMPERMEABILIZADO INTEGRALMENTE, E=0,02 M | E31: =+VLOOKUP($B31,APU!$B$5:$I$1835,4,0) -> M² | F31: =+ITEM6.3!G7 -> 91.851 | G31: =+VLOOKUP($B31,APU!$B$5:$I$1835,6,0) -> 32211.958 | H31: =ROUND((F31*G31),0) -> 2958701 | J31: =VLOOKUP($B31,APU!$K$6:$P$1687,2,FALSE) -> 1038.8667 | K31: =J31*F31 -> 95420.942 | L31: =VLOOKUP($B31,APU!$K$6:$P$1690,3,FALSE) -> 21816.2 | M31: =L31*F31 -> 2003839.8 | N31: =VLOOKUP($B31,APU!$K$6:$P$1680,4,FALSE) -> 8318.0242 | O31: =N31*F31 -> 764018.84 | P31: =VLOOKUP($B31,APU!$K$6:$P$1680,5,FALSE) -> 1038.8667 | Q31: =P31*F31 -> 95420.942 | R31: =ROUND((Q31+O31+M31+K31),0) -> 2958701 | T31: =+H31 -> 2958701 | U31: =+T31-R31 -> 0 | V31: =ROUND((H31-T31),0) -> 0 | W31: =ROUND((Q31+M31+K31+O31)*(#REF!+#REF!),0) -> #REF! | X31: =ROUND((T31)*(#REF!+#REF!),0) -> #REF! | Y31: =+W31-X31 -> #REF!
B32: 6.3 | C32: 45.3 | D32: =+VLOOKUP($B32,APU!$B$5:$J$1835,3,0) -> RESANE CON MORTERO 1:3 PARA CONFORMACIÓN DE CARTERA PARA VANO DE VENTANA | E32: =+VLOOKUP($B32,APU!$B$5:$I$1835,4,0) -> M2 | F32: 2.94 | G32: =+VLOOKUP($B32,APU!$B$5:$I$1835,6,0) -> 58788 | H32: =ROUND((F32*G32),0) -> 172837 | J32: =VLOOKUP($B32,APU!$K$6:$P$1687,2,FALSE) -> 1012.5 | K32: =J32*F32 -> 2976.75 | L32: =VLOOKUP($B32,APU!$K$6:$P$1690,3,FALSE) -> 46749 | M32: =L32*F32 -> 137442.06 | N32: =VLOOKUP($B32,APU!$K$6:$P$1680,4,FALSE) -> 11026.32 | O32: =N32*F32 -> 32417.381 | P32: =VLOOKUP($B32,APU!$K$6:$P$1680,5,FALSE) -> 0 | Q32: =P32*F32 -> 0 | R32: =ROUND((Q32+O32+M32+K32),0) -> 172836 | T32: =+H32 -> 172837 | U32: =+T32-R32 -> 1 | V32: =ROUND((H32-T32),0) -> 0 | W32: =ROUND((Q32+M32+K32+O32)*(#REF!+#REF!),0) -> #REF! | X32: =ROUND((T32)*(#REF!+#REF!),0) -> #REF! | Y32: =+W32-X32 -> #REF!
B33: 6.4 | C33: 45.4 | D33: =+VLOOKUP($B33,APU!$B$5:$J$1835,3,0) -> SUMINISTRO, TRANSPORTE E INSTALACIÓN A TODO COSTO DE MURO EN SUPERBOARD 6 MM ENCINTADO Y MACILLADO (DOS CARAS). INCLUYE PERFILERÍA Y TODO LO NECESARIO PARA SU CORRECTA INSTALACIÓN | E33: =+VLOOKUP($B33,APU!$B$5:$I$1835,4,0) -> M2 | F33: 25.08 | G33: =+VLOOKUP($B33,APU!$B$5:$I$1835,6,0) -> 191119 | H33: =ROUND((F33*G33),0) -> 4793265 | J33: =VLOOKUP($B33,APU!$K$6:$P$1687,2,FALSE) -> 1012.5 | K33: =J33*F33 -> 25393.5 | L33: =VLOOKUP($B33,APU!$K$6:$P$1690,3,FALSE) -> 60692.95 | M33: =L33*F33-1 -> 1522178.2 | N33: =VLOOKUP($B33,APU!$K$6:$P$1680,4,FALSE) -> 111274 | O33: =N33*F33 -> 2790751.9 | P33: =VLOOKUP($B33,APU!$K$6:$P$1680,5,FALSE) -> 18139.6 | Q33: =P33*F33 -> 454941.17 | R33: =ROUND((Q33+O33+M33+K33),0) -> 4793265 | T33: =+H33 -> 4793265 | U33: =+T33-R33 -> 0 | V33: =ROUND((H33-T33),0) -> 0 | W33: =ROUND((Q33+M33+K33+O33)*(#REF!+#REF!),0) -> #REF! | X33: =ROUND((T33)*(#REF!+#REF!),0) -> #REF! | Y33: =+W33-X33 -> #REF!
U34: =+T34-R34 -> 0 | W34: =ROUND((Q34+M34+K34+O34)*(#REF!+#REF!),0) -> #REF! | X34: =ROUND((T34)*(#REF!+#REF!),0) -> #REF!
B35: 7.0 | C35: 46.0 | D35: INSTALACIONES HIDRÁULICAS | H35: =SUM(H36:H36) -> 2473373 | I35: =+H35*(1+G$116) -> 3215384.9 | K35: =SUM(K36) -> 93498 | M35: =SUM(M36) -> 1963458 | O35: =SUM(O36) -> 322919.24 | Q35: =SUM(Q36) -> 93498 | R35: =ROUND((Q35+O35+M35+K35),0) -> 2473373 | T35: =ROUND(Q35+M35+K35+O35,0) -> 2473373 | U35: =+T35-R35 -> 0 | V35: =ROUND((H35-T35),0) -> 0 | W35: =ROUND((Q35+M35+K35+O35)*(#REF!+#REF!),0) -> #REF! | X35: =ROUND((T35)*(#REF!+#REF!),0) -> #REF! | Y35: =+W35-X35 -> #REF! | Z35: =ROUND(SUM(K35:Q35),0) -> 2473373
B36: 7.2 | C36: 46.1 | D36: =+VLOOKUP($B36,APU!$B$5:$J$1835,3,0) -> SUMINISTRO E INSTALACIÓN TUBERÍA PVC PRESIÓN 1/2" RDE 9. | E36: =+VLOOKUP($B36,APU!$B$5:$I$1835,4,0) -> M | F36: =+'ITEM 8,2'!G8 -> 30 | G36: =+VLOOKUP($B36,APU!$B$5:$I$1835,6,0) -> 82445.775 | H36: =ROUND((F36*G36),0) -> 2473373 | J36: =VLOOKUP($B36,APU!$K$6:$P$1687,2,FALSE) -> 3116.6 | K36: =J36*F36 -> 93498 | L36: =VLOOKUP($B36,APU!$K$6:$P$1690,3,FALSE) -> 65448.6 | M36: =L36*F36 -> 1963458 | N36: =VLOOKUP($B36,APU!$K$6:$P$1680,4,FALSE) -> 10763.975 | O36: =N36*F36 -> 322919.24 | P36: =VLOOKUP($B36,APU!$K$6:$P$1680,5,FALSE) -> 3116.6 | Q36: =P36*F36 -> 93498 | R36: =ROUND((Q36+O36+M36+K36),0) -> 2473373 | T36: =+H36 -> 2473373 | U36: =+T36-R36 -> 0 | V36: =ROUND((H36-T36),0) -> 0 | W36: =ROUND((Q36+M36+K36+O36)*(#REF!+#REF!),0) -> #REF! | X36: =ROUND((T36)*(#REF!+#REF!),0) -> #REF! | Y36: =+W36-X36 -> #REF!
U37: =+T37-R37 -> 0 | W37: =ROUND((Q37+M37+K37+O37)*(#REF!+#REF!),0) -> #REF! | X37: =ROUND((T37)*(#REF!+#REF!),0) -> #REF!
B38: 8.0 | C38: 47.0 | D38: INSTALACIONES ELECTRICAS | H38: =SUM(H39:H42) -> 11729171 | I38: =+H38*(1+G$116) -> 15247922 | K38: =ROUND(SUM(K39:K42),0) -> 77999 | M38: =ROUND(SUM(M39:M42),0) -> 1644157 | O38: =ROUND(SUM(O39:O42),0) -> 9929015 | Q38: =SUM(Q39:Q42) -> 77999.367 | R38: =ROUND((Q38+O38+M38+K38),0) -> 11729170 | T38: =ROUND(Q38+M38+K38+O38,0) -> 11729170 | U38: =+T38-R38 -> 0 | V38: =ROUND((H38-T38),0) -> 1 | W38: =ROUND((Q38+M38+K38+O38)*(#REF!+#REF!),0) -> #REF! | X38: =ROUND((T38)*(#REF!+#REF!),0) -> #REF! | Y38: =+W38-X38 -> #REF! | Z38: =ROUND(SUM(K38:Q38),0) -> 11729170
B39: 8.1 | C39: 47.1 | D39: =+VLOOKUP($B39,APU!$B$5:$J$1835,3,0) -> DILIGENCIAR CADA UNO DE LOS FORMATOS PARA LA CERTIFICACIÓN DE LA OBRA POR EL ENTE CERTIFICADOR EN RETIE Y RETILAP, PRESESENTACIÓN DE LA DOCUMENTACIÓN EXIGIDA Y PLANOS RECORDS Y TODOS LOS TRÁMITES Y CANCELACIÓN DEL SERVICIO DE CERTIFICACIÓN. | E39: =+VLOOKUP($B39,APU!$B$5:$I$1835,4,0) -> M2 | F39: 950 | G39: =+VLOOKUP($B39,APU!$B$5:$I$1835,6,0) -> 5655 | H39: =ROUND((F39*G39),0) -> 5372250 | J39: =VLOOKUP($B39,APU!$K$6:$P$1687,2,FALSE) -> 0 | K39: =J39*F39 -> 0 | L39: =VLOOKUP($B39,APU!$K$6:$P$1690,3,FALSE) -> 0 | M39: =L39*F39 -> 0 | N39: =VLOOKUP($B39,APU!$K$6:$P$1680,4,FALSE) -> 5655 | O39: =N39*F39 -> 5372250 | P39: =VLOOKUP($B39,APU!$K$6:$P$1680,5,FALSE) -> 0 | Q39: =P39*F39 -> 0 | R39: =ROUND((Q39+O39+M39+K39),0) -> 5372250 | T39: =+H39 -> 5372250 | U39: =+T39-R39 -> 0 | V39: =ROUND((H39-T39),0) -> 0 | W39: =ROUND((Q39+M39+K39+O39)*(#REF!+#REF!),0) -> #REF! | X39: =ROUND((T39)*(#REF!+#REF!),0) -> #REF! | Y39: =+W39-X39 -> #REF!
B40: 8.2 | C40: 47.2 | D40: =+VLOOKUP($B40,APU!$B$5:$J$1835,3,0) -> SUMINISTRO, TRANSPORTE E INSTALACION SALIDA TOMACORRIENTE GFCI DOBLE EN TUBERIA CONDUIT EMT 3/4", ALAMBRE No 12 AWG INCLUYE TAPA DE PROTECCIÓN INTEMPERIE Y CAJA DE PASO SENCILLA | E40: =+VLOOKUP($B40,APU!$B$5:$I$1835,4,0) -> UN | F40: 10 | G40: =+VLOOKUP($B40,APU!$B$5:$I$1835,6,0) -> 215170.79 | H40: =ROUND((F40*G40),0) -> 2151708 | J40: =VLOOKUP($B40,APU!$K$6:$P$1687,2,FALSE) -> 1967.6475 | K40: =J40*F40 -> 19676.475 | L40: =VLOOKUP($B40,APU!$K$6:$P$1690,3,FALSE) -> 41937.647 | M40: =L40*F40 -> 419376.47 | N40: =VLOOKUP($B40,APU!$K$6:$P$1680,4,FALSE) -> 169297.85 | O40: =N40*F40 -> 1692978.5 | P40: =VLOOKUP($B40,APU!$K$6:$P$1680,5,FALSE) -> 1967.6475 | Q40: =P40*F40 -> 19676.475 | R40: =ROUND((Q40+O40+M40+K40),0) -> 2151708 | T40: =+H40 -> 2151708 | U40: =+T40-R40 -> 0 | V40: =ROUND((H40-T40),0) -> 0 | W40: =ROUND((Q40+M40+K40+O40)*(#REF!+#REF!),0) -> #REF! | X40: =ROUND((T40)*(#REF!+#REF!),0) -> #REF! | Y40: =+W40-X40 -> #REF!
B41: 8.3 | C41: 47.3 | D41: =+VLOOKUP($B41,APU!$B$5:$J$1835,3,0) -> SUMINISTRO E INSTALACIÓN SALIDA PUNTO ELÉCTRICO PARA LUMINARIA, INCLUYE LAMPARA HERMETICA | E41: =+VLOOKUP($B41,APU!$B$5:$I$1835,4,0) -> UN | F41: 13 | G41: =+VLOOKUP($B41,APU!$B$5:$I$1835,6,0) -> 313477 | H41: =ROUND((F41*G41),0) -> 4075201 | J41: =VLOOKUP($B41,APU!$K$6:$P$1687,2,FALSE) -> 4163.5417 | K41: =J41*F41 -> 54126.042 | L41: =VLOOKUP($B41,APU!$K$6:$P$1690,3,FALSE) -> 87434.375 | M41: =L41*F41 -> 1136646.9 | N41: =VLOOKUP($B41,APU!$K$6:$P$1680,4,FALSE) -> 217715.05 | O41: =N41*F41+6 -> 2830301.7 | P41: =VLOOKUP($B41,APU!$K$6:$P$1680,5,FALSE) -> 4163.5417 | Q41: =P41*F41 -> 54126.042 | R41: =ROUND((Q41+O41+M41+K41),0) -> 4075201 | T41: =+H41 -> 4075201 | U41: =+T41-R41 -> 0 | V41: =ROUND((H41-T41),0) -> 0 | W41: =ROUND((Q41+M41+K41+O41)*(#REF!+#REF!),0) -> #REF! | X41: =ROUND((T41)*(#REF!+#REF!),0) -> #REF! | Y41: =+W41-X41 -> #REF!
B42: 8.4 | C42: 47.4 | D42: =+VLOOKUP($B42,APU!$B$5:$J$1835,3,0) -> SUMINISTRO E INSTALACIÓN SALIDA PUNTO ELÉCTRICO PARA INTERRUPTOR SENCILLO (INCLUYE INTERRUPTOR) | E42: =+VLOOKUP($B42,APU!$B$5:$I$1835,4,0) -> UN | F42: 1 | G42: =+VLOOKUP($B42,APU!$B$5:$I$1835,6,0) -> 130012 | H42: =ROUND((F42*G42),0) -> 130012 | J42: =VLOOKUP($B42,APU!$K$6:$P$1687,2,FALSE) -> 4196.85 | K42: =J42*F42 -> 4196.85 | L42: =VLOOKUP($B42,APU!$K$6:$P$1690,3,FALSE) -> 88133.85 | M42: =L42*F42 -> 88133.85 | N42: =VLOOKUP($B42,APU!$K$6:$P$1680,4,FALSE) -> 33484.65 | O42: =N42*F42 -> 33484.65 | P42: =VLOOKUP($B42,APU!$K$6:$P$1680,5,FALSE) -> 4196.85 | Q42: =P42*F42 -> 4196.85 | R42: =ROUND((Q42+O42+M42+K42),0) -> 130012 | T42: =+H42 -> 130012 | U42: =+T42-R42 -> 0 | V42: =ROUND((H42-T42),0) -> 0 | W42: =ROUND((Q42+M42+K42+O42)*(#REF!+#REF!),0) -> #REF! | X42: =ROUND((T42)*(#REF!+#REF!),0) -> #REF! | Y42: =+W42-X42 -> #REF!
U43: =+T43-R43 -> 0 | W43: =ROUND((Q43+M43+K43+O43)*(#REF!+#REF!),0) -> #REF! | X43: =ROUND((T43)*(#REF!+#REF!),0) -> #REF!
B44: 9.0 | C44: 48.0 | D44: PINTURA | H44: =SUM(H45:H46) -> 4542657 | I44: =+H44*(1+G$116) -> 5905454.1 | K44: =SUM(K45:K47) -> 290415.01 | M44: =SUM(M45:M47) -> 1974720.5 | O44: =SUM(O45:O47) -> 2183104.5 | Q44: =SUM(Q45:Q47) -> 94417.338 | R44: =ROUND((Q44+O44+M44+K44),0) -> 4542657 | T44: =ROUND(Q44+M44+K44+O44,0) -> 4542657 | U44: =+T44-R44 -> 0 | V44: =ROUND((H44-T44),0) -> 0 | W44: =ROUND((Q44+M44+K44+O44)*(#REF!+#REF!),0) -> #REF! | X44: =ROUND((T44)*(#REF!+#REF!),0) -> #REF! | Y44: =+W44-X44 -> #REF! | Z44: =ROUND(SUM(K44:Q44),0) -> 4542657
B45: 9.1 | C45: 48.1 | D45: =+VLOOKUP($B45,APU!$B$5:$J$1835,3,0) -> SUMINISTRO TRANSPORTE E INSTALACIÓN DE PÍNTURA TIPO KORAZA 3 MANOS Y ESTUCO MUROS EXTERIORES | E45: =+VLOOKUP($B45,APU!$B$5:$I$1835,4,0) -> M² | F45: =+'ITEM 10,01'!G8 -> 128.96 | G45: =+VLOOKUP($B45,APU!$B$5:$I$1835,6,0) -> 32029.645 | H45: =ROUND((F45*G45),0) -> 4130543 | J45: =VLOOKUP($B45,APU!$K$6:$P$1687,2,FALSE) -> 1711.2052 | K45: =J45*F45 -> 220677.03 | L45: =VLOOKUP($B45,APU!$K$6:$P$1690,3,FALSE) -> 12917.756 | M45: =L45*F45 -> 1665873.8 | N45: =VLOOKUP($B45,APU!$K$6:$P$1680,4,FALSE) -> 16785.552 | O45: =N45*F45 -> 2164664.8 | P45: =VLOOKUP($B45,APU!$K$6:$P$1680,5,FALSE) -> 615.13125 | Q45: =P45*F45 -> 79327.326 | R45: =ROUND((Q45+O45+M45+K45),0) -> 4130543 | T45: =+H45 -> 4130543 | U45: =+T45-R45 -> 0 | V45: =ROUND((H45-T45),0) -> 0 | W45: =ROUND((Q45+M45+K45+O45)*(#REF!+#REF!),0) -> #REF! | X45: =ROUND((T45)*(#REF!+#REF!),0) -> #REF! | Y45: =+W45-X45 -> #REF!
B46: 9.2 | C46: 48.2 | D46: SUMINISTRO, TRANSPORTE E INSTALACIÓN DE PINTURA PARA INTERIOR LAVABLE SOBRE PINTURA EXISTENTE, INCLUYE DOS MANOS DE PINTURA. COLOR BLANCO. | E46: =+VLOOKUP($B46,APU!$B$5:$I$1835,4,0) -> ML | F46: =+'ITEM 10,02'!G8 -> 18.64 | G46: =+VLOOKUP($B46,APU!$B$5:$I$1835,6,0) -> 22109.144 | H46: =ROUND((F46*G46),0) -> 412114 | J46: =VLOOKUP($B46,APU!$K$6:$P$1687,2,FALSE) -> 3741.308 | K46: =J46*F46 -> 69737.981 | L46: =VLOOKUP($B46,APU!$K$6:$P$1690,3,FALSE) -> 16569.029 | M46: =L46*F46 -> 308846.7 | N46: =VLOOKUP($B46,APU!$K$6:$P$1680,4,FALSE) -> 989.25722 | O46: =N46*F46 -> 18439.755 | P46: =VLOOKUP($B46,APU!$K$6:$P$1680,5,FALSE) -> 809.55 | Q46: =P46*F46 -> 15090.012 | R46: =(Q46+O46+M46+K46) -> 412114.45 | T46: =+H46 -> 412114 | U46: =+T46-R46 -> -0.448354 | V46: =ROUND((H46-T46),0) -> 0 | W46: =ROUND((Q46+M46+K46+O46)*(#REF!+#REF!),0) -> #REF! | X46: =ROUND((T46)*(#REF!+#REF!),0) -> #REF! | Y46: =+W46-X46 -> #REF!
U47: =+T47-R47 -> 0 | W47: =ROUND((Q47+M47+K47+O47)*(#REF!+#REF!),0) -> #REF! | X47: =ROUND((T47)*(#REF!+#REF!),0) -> #REF!
B48: 10.0 | C48: 49.0 | D48: CUBIERTAS | H48: =SUM(H49:H50) -> 2566376 | I48: =+H48*(1+G$116) -> 3336288.8 | K48: =SUM(K49:K50) -> 109716.5 | M48: =SUM(M49:M50) -> 1130603.4 | O48: =ROUND(SUM(O49:O50),0) -> 1286986 | Q48: =ROUND(SUM(Q49:Q50),0) -> 39070 | R48: =ROUND((Q48+O48+M48+K48),0) -> 2566376 | T48: =ROUND(Q48+M48+K48+O48,0) -> 2566376 | U48: =+T48-R48 -> 0 | V48: =ROUND((H48-T48),0) -> 0 | W48: =ROUND((Q48+M48+K48+O48)*(#REF!+#REF!),0) -> #REF! | X48: =ROUND((T48)*(#REF!+#REF!),0) -> #REF! | Y48: =+W48-X48 -> #REF! | Z48: =ROUND(SUM(K48:Q48),0) -> 2566376
B49: 10.1 | C49: 49.1 | D49: =+VLOOKUP($B49,APU!$B$5:$J$1835,3,0) -> SUMINISTRO, TRANSPORTE E INSTALACION CUBIERTA EN TEJA DE F.C PERFIL 7, INCLUYE PERFIL PARA ESTRUCTURA DE LA MISMA | E49: =+VLOOKUP($B49,APU!$B$5:$I$1835,4,0) -> M² | F49: =+'ITEM 11,1'!G8 -> 18.56 | G49: =+VLOOKUP($B49,APU!$B$5:$I$1835,6,0) -> 105070.68 | H49: =ROUND((F49*G49),0) -> 1950112 | J49: =VLOOKUP($B49,APU!$K$6:$P$1687,2,FALSE) -> 3972.643 | K49: =J49*F49 -> 73732.254 | L49: =VLOOKUP($B49,APU!$K$6:$P$1690,3,FALSE) -> 44206.05 | M49: =L49*F49 -> 820464.29 | N49: =VLOOKUP($B49,APU!$K$6:$P$1680,4,FALSE) -> 54786.941 | O49: =N49*F49 -> 1016845.6 | P49: =VLOOKUP($B49,APU!$K$6:$P$1680,5,FALSE) -> 2105.05 | Q49: =P49*F49 -> 39069.728 | R49: =ROUND((Q49+O49+M49+K49),0) -> 1950112 | T49: =+H49 -> 1950112 | U49: =+T49-R49 -> 0 | V49: =ROUND((H49-T49),0) -> 0 | W49: =ROUND((Q49+M49+K49+O49)*(#REF!+#REF!),0) -> #REF! | X49: =ROUND((T49)*(#REF!+#REF!),0) -> #REF! | Y49: =+W49-X49 -> #REF!
B50: 10.5 | C50: 49.2 | D50: SUMINISTRO TRANSPORTE E INSTALACIÓN DE FLANCHE CALIBRE 26 PARA EMPATE ENTRE CUBIERTA EXISTENTE Y MURO | E50: =+VLOOKUP($B50,APU!$B$5:$I$1835,4,0) -> M2 | F50: =+'ITEM 11,5'!G8 -> 17.77 | G50: =+VLOOKUP($B50,APU!$B$5:$I$1835,6,0) -> 34680 | H50: =ROUND((F50*G50),0) -> 616264 | J50: =VLOOKUP($B50,APU!$K$6:$P$1687,2,FALSE) -> 2025 | K50: =J50*F50 -> 35984.25 | L50: =VLOOKUP($B50,APU!$K$6:$P$1690,3,FALSE) -> 17452.96 | M50: =L50*F50 -> 310139.1 | N50: =VLOOKUP($B50,APU!$K$6:$P$1680,4,FALSE) -> 15202.41 | O50: =N50*F50-6 -> 270140.83 | P50: =VLOOKUP($B50,APU!$K$6:$P$1680,5,FALSE) -> 0 | Q50: =P50*F50 -> 0 | R50: =ROUND((Q50+O50+M50+K50),0) -> 616264 | T50: =+H50 -> 616264 | U50: =+T50-R50 -> 0 | V50: =ROUND((H50-T50),0) -> 0 | W50: =ROUND((Q50+M50+K50+O50)*(#REF!+#REF!),0) -> #REF! | X50: =ROUND((T50)*(#REF!+#REF!),0) -> #REF! | Y50: =+W50-X50 -> #REF!
U51: =+T51-R51 -> 0 | W51: =ROUND((Q51+M51+K51+O51)*(#REF!+#REF!),0) -> #REF! | X51: =ROUND((T51)*(#REF!+#REF!),0) -> #REF!
B52: 12.0 | C52: 50.0 | D52: CIELO RASO | H52: =SUM(H53) -> 2015065 | I52: =+H52*(1+G$116) -> 2619584.5 | K52: =SUM(K53) -> 17992.125 | M52: =SUM(M53) -> 573260.2 | O52: =SUM(O53) -> 1423812.7 | Q52: =SUM(Q53) -> 0 | R52: =ROUND((Q52+O52+M52+K52),0) -> 2015065 | T52: =ROUND(Q52+M52+K52+O52,0) -> 2015065 | U52: =+T52-R52 -> 0 | V52: =ROUND((H52-T52),0) -> 0 | W52: =ROUND((Q52+M52+K52+O52)*(#REF!+#REF!),0) -> #REF! | X52: =ROUND((T52)*(#REF!+#REF!),0) -> #REF! | Y52: =+W52-X52 -> #REF! | Z52: =ROUND(SUM(K52:Q52),0) -> 2015065
B53: 12.1 | C53: 50.1 | D53: =+VLOOKUP($B53,APU!$B$5:$J$1835,3,0) -> SUMINISTRO, TRANSPORTE E INSTALACIÓN DE CIELO RASO EN LÁMINAS DE PVC 10MM PARA ZONA DE DESPACHO. INCLUYE. ESTRUCTURA METÁLICA Y PERIMETRALES. TEXTURA SEGÚN DISEÑO | E53: =+VLOOKUP($B53,APU!$B$5:$I$1835,4,0) -> M2 | F53: =+'ITEM 12,1'!G8 -> 17.77 | G53: =+VLOOKUP($B53,APU!$B$5:$I$1835,6,0) -> 113397 | H53: =ROUND((F53*G53),0) -> 2015065 | J53: =VLOOKUP($B53,APU!$K$6:$P$1687,2,FALSE) -> 1012.5 | K53: =J53*F53 -> 17992.125 | L53: =VLOOKUP($B53,APU!$K$6:$P$1690,3,FALSE) -> 32260 | M53: =L53*F53 -> 573260.2 | N53: =VLOOKUP($B53,APU!$K$6:$P$1680,4,FALSE) -> 80124.01 | O53: =N53*F53+9 -> 1423812.7 | P53: =VLOOKUP($B53,APU!$K$6:$P$1680,5,FALSE) -> 0 | Q53: =P53*F53 -> 0 | R53: =ROUND((Q53+O53+M53+K53),0) -> 2015065 | T53: =+H53 -> 2015065 | U53: =+T53-R53 -> 0 | V53: =ROUND((H53-T53),0) -> 0 | W53: =ROUND((Q53+M53+K53+O53)*(#REF!+#REF!),0) -> #REF! | X53: =ROUND((T53)*(#REF!+#REF!),0) -> #REF! | Y53: =+W53-X53 -> #REF!
U54: =+T54-R54 -> 0 | V54: =ROUND((H54-T54),0) -> 0 | W54: =ROUND((Q54+M54+K54+O54)*(#REF!+#REF!),0) -> #REF! | X54: =ROUND((T54)*(#REF!+#REF!),0) -> #REF! | Y54: =+W54-X54 -> #REF!
B55: 13.0 | C55: 51.0 | D55: PISOS Y ACABADOS | H55: =SUM(H56:H56) -> 309891 | I55: =+H55*(1+G$116) -> 402858.3 | K55: =SUM(K56) -> 17992 | M55: =SUM(M56) -> 68791 | O55: =SUM(O56) -> 223108 | Q55: =SUM(Q56) -> 0 | R55: =ROUND((Q55+O55+M55+K55),0) -> 309891 | T55: =ROUND(Q55+M55+K55+O55,0) -> 309891 | U55: =+T55-R55 -> 0 | V55: =ROUND((H55-T55),0) -> 0 | W55: =ROUND((Q55+M55+K55+O55)*(#REF!+#REF!),0) -> #REF! | X55: =ROUND((T55)*(#REF!+#REF!),0) -> #REF! | Y55: =+W55-X55 -> #REF! | Z55: =ROUND(SUM(K55:Q55),0) -> 309891
B56: 13.1 | C56: 51.1 | D56: =+VLOOKUP($B56,APU!$B$5:$J$1835,3,0) -> ENDURECEDOR DE PISO EN CONCRETO | E56: =+VLOOKUP($B56,APU!$B$5:$I$1835,4,0) -> M2 | F56: =+'ITEM 13,01'!G8 -> 17.77 | G56: =+VLOOKUP($B56,APU!$B$5:$I$1835,6,0) -> 17439 | H56: =ROUND((F56*G56),0) -> 309891 | J56: =VLOOKUP($B56,APU!$K$6:$P$1687,2,FALSE) -> 1012.5 | K56: =ROUND(J56*$F56,0) -> 17992 | L56: =VLOOKUP($B56,APU!$K$6:$P$1690,3,FALSE) -> 3871.2 | M56: =ROUND(L56*$F56,0) -> 68791 | N56: =VLOOKUP($B56,APU!$K$6:$P$1680,4,FALSE) -> 12555.2 | O56: =ROUND(N56*$F56,0)+2 -> 223108 | P56: =VLOOKUP($B56,APU!$K$6:$P$1680,5,FALSE) -> 0 | Q56: =P56*F56 -> 0 | R56: =ROUND((Q56+O56+M56+K56),0) -> 309891 | T56: =+H56 -> 309891 | U56: =+T56-R56 -> 0 | V56: =ROUND((H56-T56),0) -> 0 | W56: =ROUND((Q56+M56+K56+O56)*(#REF!+#REF!),0) -> #REF! | X56: =ROUND((T56)*(#REF!+#REF!),0) -> #REF! | Y56: =+W56-X56 -> #REF!
U57: =+T57-R57 -> 0 | V57: =ROUND((H57-T57),0) -> 0 | W57: =ROUND((Q57+M57+K57+O57)*(#REF!+#REF!),0) -> #REF! | X57: =ROUND((T57)*(#REF!+#REF!),0) -> #REF! | Y57: =+W57-X57 -> #REF!
B58: 14.0 | C58: 52.0 | D58: ENCHAPES Y ACCESORIOS | H58: =SUM(H59:H61) -> 3059739 | I58: =+H58*(1+G$116) -> 3977660.7 | K58: =ROUND(SUM(K59:K62),0) -> 68902 | M58: =ROUND(SUM(M59:M62),0) -> 1446938 | O58: =ROUND(SUM(O59:O62),0) -> 1474999 | Q58: =ROUND(SUM(Q59:Q62),0) -> 68902 | R58: =ROUND((Q58+O58+M58+K58),0) -> 3059741 | T58: =ROUND(Q58+M58+K58+O58,0) -> 3059741 | U58: =+T58-R58 -> 0 | V58: =ROUND((H58-T58),0) -> -2 | W58: =ROUND((Q58+M58+K58+O58)*(#REF!+#REF!),0) -> #REF! | X58: =ROUND((T58)*(#REF!+#REF!),0) -> #REF! | Y58: =+W58-X58 -> #REF! | Z58: =ROUND(SUM(K58:Q58),0) -> 3059741
B59: 14.1 | C59: 52.1 | D59: =+VLOOKUP($B59,APU!$B$5:$J$1835,3,0) -> SUMINISTRO, TRASPORTE E INSTALACIÓN ENCHAPE EN PISOS PARA VESTIER | E59: =+VLOOKUP($B59,APU!$B$5:$I$1835,4,0) -> M² | F59: =+'ITEM 14,01'!G8 -> 4.71 | G59: =+VLOOKUP($B59,APU!$B$5:$I$1835,6,0) -> 81601.795 | H59: =ROUND((F59*G59),0) -> 384344 | J59: =VLOOKUP($B59,APU!$K$6:$P$1687,2,FALSE) -> 1246.64 | K59: =J59*F59 -> 5871.6744 | L59: =VLOOKUP($B59,APU!$K$6:$P$1690,3,FALSE) -> 26179.44 | M59: =L59*F59 -> 123305.16 | N59: =VLOOKUP($B59,APU!$K$6:$P$1680,4,FALSE) -> 52929.075 | O59: =N59*F59 -> 249295.94 | P59: =VLOOKUP($B59,APU!$K$6:$P$1680,5,FALSE) -> 1246.64 | Q59: =P59*F59 -> 5871.6744 | R59: =ROUND((Q59+O59+M59+K59),0) -> 384344 | T59: =+H59 -> 384344 | U59: =+T59-R59 -> 0 | V59: =ROUND((H59-T59),0) -> 0 | W59: =ROUND((Q59+M59+K59+O59)*(#REF!+#REF!),0) -> #REF! | X59: =ROUND((T59)*(#REF!+#REF!),0) -> #REF! | Y59: =+W59-X59 -> #REF!
B60: 14.2 | C60: 52.2 | D60: =+VLOOKUP($B60,APU!$B$5:$J$1835,3,0) -> SUMINISTRO, TRASPORTE E INSTALACIÓN ENCHAPE EN PARED VESTIER | E60: =+VLOOKUP($B60,APU!$B$5:$I$1835,4,0) -> M² | F60: =+'ITEM 14,02'!G8 -> 19.57 | G60: =+VLOOKUP($B60,APU!$B$5:$I$1835,6,0) -> 87676.045 | H60: =ROUND((F60*G60),0) -> 1715820 | J60: =VLOOKUP($B60,APU!$K$6:$P$1687,2,FALSE) -> 1246.64 | K60: =J60*F60 -> 24396.745 | L60: =VLOOKUP($B60,APU!$K$6:$P$1690,3,FALSE) -> 26179.44 | M60: =L60*F60 -> 512331.64 | N60: =VLOOKUP($B60,APU!$K$6:$P$1680,4,FALSE) -> 59003.325 | O60: =N60*F60 -> 1154695.1 | P60: =VLOOKUP($B60,APU!$K$6:$P$1680,5,FALSE) -> 1246.64 | Q60: =P60*F60 -> 24396.745 | R60: =ROUND((Q60+O60+M60+K60),0) -> 1715820 | T60: =+H60 -> 1715820 | U60: =+T60-R60 -> 0 | V60: =ROUND((H60-T60),0) -> 0 | W60: =ROUND((Q60+M60+K60+O60)*(#REF!+#REF!),0) -> #REF! | X60: =ROUND((T60)*(#REF!+#REF!),0) -> #REF! | Y60: =+W60-X60 -> #REF!
B61: 14.3 | C61: 52.3 | D61: =+VLOOKUP($B61,APU!$B$5:$J$1835,3,0) -> SUMINISTRO TRANPORTE E INSTALACIÓN DE MEDIA CAÑA EN MORTERO CON CABADO LISO, H=0,10 M | E61: =+VLOOKUP($B61,APU!$B$5:$I$1835,4,0) -> M | F61: =+'ITEM 14,03'!G8 -> 30.99 | G61: =+VLOOKUP($B61,APU!$B$5:$I$1835,6,0) -> 30964.03 | H61: =ROUND((F61*G61),0) -> 959575 | J61: =VLOOKUP($B61,APU!$K$6:$P$1687,2,FALSE) -> 1246.64 | K61: =J61*F61 -> 38633.374 | L61: =VLOOKUP($B61,APU!$K$6:$P$1690,3,FALSE) -> 26179.44 | M61: =L61*F61 -> 811300.85 | N61: =VLOOKUP($B61,APU!$K$6:$P$1680,4,FALSE) -> 2291.31 | O61: =N61*F61 -> 71007.697 | P61: =VLOOKUP($B61,APU!$K$6:$P$1680,5,FALSE) -> 1246.64 | Q61: =P61*F61 -> 38633.374 | R61: =ROUND((Q61+O61+M61+K61),0) -> 959575 | T61: =+H61 -> 959575 | U61: =+T61-R61 -> 0 | V61: =ROUND((H61-T61),0) -> 0 | W61: =ROUND((Q61+M61+K61+O61)*(#REF!+#REF!),0) -> #REF! | X61: =ROUND((T61)*(#REF!+#REF!),0) -> #REF! | Y61: =+W61-X61 -> #REF!
U62: =+T62-R62 -> 0 | W62: =ROUND((Q62+M62+K62+O62)*(#REF!+#REF!),0) -> #REF! | X62: =ROUND((T62)*(#REF!+#REF!),0) -> #REF!
U63: =+T63-R63 -> 0 | W63: =ROUND((Q63+M63+K63+O63)*(#REF!+#REF!),0) -> #REF! | X63: =ROUND((T63)*(#REF!+#REF!),0) -> #REF!
B64: 15.0 | C64: 53.0 | D64: CARPINTERIA METALICA | H64: =SUM(H65:H67) -> 2511325 | I64: =+H64*(1+G$116) -> 3264722.5 | K64: =ROUND(SUM(K65:K67),0) -> 7988 | M64: =ROUND(SUM(M65:M67),0) -> 455281 | O64: =SUM(O65:O67) -> 2044079.2 | Q64: =SUM(Q65:Q67) -> 3978.5445 | R64: =ROUNDUP((Q64+O64+M64+K64),0) -> 2511327 | T64: =ROUND(Q64+M64+K64+O64,0) -> 2511327 | U64: =+T64-R64 -> 0 | V64: =ROUND((H64-T64),0) -> -2 | W64: =ROUND((Q64+M64+K64+O64)*(#REF!+#REF!),0) -> #REF! | X64: =ROUND((T64)*(#REF!+#REF!),0) -> #REF! | Y64: =+W64-X64 -> #REF! | Z64: =ROUND(SUM(K64:Q64),0) -> 2511327
B65: 15.2 | C65: 53.1 | D65: =+VLOOKUP($B65,APU!$B$5:$J$1835,3,0) -> DESMONTE Y REINSTALACIÓN DE PUERTA | E65: =+VLOOKUP($B65,APU!$B$5:$I$1835,4,0) -> M² | F65: =+'ITEM 15,02'!G8 -> 1.89 | G65: =+VLOOKUP($B65,APU!$B$5:$I$1835,6,0) -> 132618.15 | H65: =ROUND((F65*G65),0) -> 250648 | J65: =VLOOKUP($B65,APU!$K$6:$P$1687,2,FALSE) -> 2105.05 | K65: =J65*F65 -> 3978.5445 | L65: =VLOOKUP($B65,APU!$K$6:$P$1690,3,FALSE) -> 128408.05 | M65: =L65*F65 -> 242691.21 | N65: =VLOOKUP($B65,APU!$K$6:$P$1680,4,FALSE) -> 0 | O65: =N65*F65 -> 0 | P65: =VLOOKUP($B65,APU!$K$6:$P$1680,5,FALSE) -> 2105.05 | Q65: =P65*F65 -> 3978.5445 | R65: =ROUND((Q65+O65+M65+K65),0) -> 250648 | T65: =+H65 -> 250648 | U65: =+T65-R65 -> 0 | V65: =ROUND((H65-T65),0) -> 0 | W65: =ROUND((Q65+M65+K65+O65)*(#REF!+#REF!),0) -> #REF! | X65: =ROUND((T65)*(#REF!+#REF!),0) -> #REF! | Y65: =+W65-X65 -> #REF!
B66: 15.3 | C66: 53.2 | D66: SUMINISTRO, TRANSPORTE E INSTALACIÓN DE MARCO EN LÁMINA ACERO INOX CAL.14 PARA BUQUES EN ZONA DE CABEZAS Y VSICERAS | E66: =+VLOOKUP($B66,APU!$B$5:$I$1835,4,0) -> M2 | F66: =+'ITEM 15,03'!G8 -> 1.96 | G66: =+VLOOKUP($B66,APU!$B$5:$I$1835,6,0) -> 654474 | H66: =ROUND((F66*G66),0) -> 1282769 | J66: =VLOOKUP($B66,APU!$K$6:$P$1687,2,FALSE) -> 1012.5 | K66: =J66*F66 -> 1984.5 | L66: =VLOOKUP($B66,APU!$K$6:$P$1690,3,FALSE) -> 98421 | M66: =L66*F66 -> 192905.16 | N66: =VLOOKUP($B66,APU!$K$6:$P$1680,4,FALSE) -> 555040.8 | O66: =N66*F66 -> 1087880 | P66: =VLOOKUP($B66,APU!$K$6:$P$1680,5,FALSE) -> 0 | Q66: =P66*F66 -> 0 | R66: =ROUND((Q66+O66+M66+K66),0) -> 1282770 | T66: =+H66 -> 1282769 | U66: =+T66-R66 -> -1 | V66: =ROUND((H66-T66),0) -> 0 | W66: =ROUND((Q66+M66+K66+O66)*(#REF!+#REF!),0) -> #REF! | X66: =ROUND((T66)*(#REF!+#REF!),0) -> #REF! | Y66: =+W66-X66 -> #REF!
B67: 15.4 | C67: 53.3 | D67: SUMINISTRO, TRANSPORTE E INSTALACIÓN PUERTA EN LÁMINA CALIBRE 16 DIMENSIONES 0.9X2.10 METROS , CON MARCO CARGADO EN MORTERO, INCLUYE CHAPA Y ACCESORIOS | E67: UN | F67: =+'ITEM 15,04'!E7 -> 2 | G67: =+VLOOKUP($B67,APU!$B$5:$I$1835,6,0) -> 488954 | H67: =ROUND((F67*G67),0) -> 977908 | J67: =VLOOKUP($B67,APU!$K$6:$P$1687,2,FALSE) -> 1012.5 | K67: =J67*F67 -> 2025 | L67: =VLOOKUP($B67,APU!$K$6:$P$1690,3,FALSE) -> 9842.1 | M67: =L67*F67 -> 19684.2 | N67: =VLOOKUP($B67,APU!$K$6:$P$1680,4,FALSE) -> 478099.6 | O67: =N67*F67 -> 956199.2 | P67: =VLOOKUP($B67,APU!$K$6:$P$1680,5,FALSE) -> 0 | Q67: =P67*F67 -> 0 | R67: =ROUND((Q67+O67+M67+K67),0) -> 977908 | T67: =+H67 -> 977908 | U67: =+T67-R67 -> 0 | V67: =ROUND((H67-T67),0) -> 0 | W67: =ROUND((Q67+M67+K67+O67)*(#REF!+#REF!),0) -> #REF! | X67: =ROUND((T67)*(#REF!+#REF!),0) -> #REF! | Y67: =+W67-X67 -> #REF!
U68: =+T68-R68 -> 0
B69: 20.0 | C69: 54.0 | D69: ASEO GENERAL | H69: =SUM(H70) -> 3168250 | I69: =+H69*(1+G$116) -> 4118725 | K69: =SUM(K70:K72) -> 0 | M69: =SUM(M70:M72) -> 3168250 | O69: =SUM(O70:O72) -> 0 | Q69: =SUM(Q70:Q72) -> 0 | R69: =ROUND((Q69+O69+M69+K69),0) -> 3168250 | T69: =ROUND(Q69+M69+K69+O69,0) -> 3168250 | U69: =+T69-R69 -> 0 | V69: =ROUND((H69-T69),0) -> 0 | W69: =ROUND((Q69+M69+K69+O69)*(#REF!+#REF!),0) -> #REF! | X69: =ROUND((T69)*(#REF!+#REF!),0) -> #REF! | Y69: =+W69-X69 -> #REF! | Z69: =ROUND(SUM(K69:Q69),0) -> 3168250
B70: 20.1 | C70: 54.1 | D70: =+VLOOKUP($B70,APU!$B$5:$J$1835,3,0) -> ASEO GENERAL | E70: =+VLOOKUP($B70,APU!$B$5:$I$1835,4,0) -> M2 | F70: 950 | G70: =+VLOOKUP($B70,APU!$B$5:$I$1835,6,0) -> 3335 | H70: =ROUND((F70*G70),0) -> 3168250 | J70: =VLOOKUP($B70,APU!$K$6:$P$1687,2,FALSE) -> 0 | K70: =J70*F70 -> 0 | L70: =VLOOKUP($B70,APU!$K$6:$P$1690,3,FALSE) -> 3335 | M70: =ROUND(L70*F70,0) -> 3168250 | N70: =VLOOKUP($B70,APU!$K$6:$P$1680,4,FALSE) -> 0 | O70: =N70*F70 -> 0 | P70: =VLOOKUP($B70,APU!$K$6:$P$1680,5,FALSE) -> 0 | Q70: =P70*F70 -> 0 | R70: =ROUND((Q70+O70+M70+K70),0) -> 3168250 | T70: =+H70 -> 3168250 | U70: =+T70-R70 -> 0 | V70: =ROUND((H70-T70),0) -> 0 | W70: =ROUND((Q70+M70+K70+O70)*(#REF!+#REF!),0) -> #REF! | X70: =ROUND((T70)*(#REF!+#REF!),0) -> #REF! | Y70: =+W70-X70 -> #REF!
D72: COSTO DIRECTO OBRAS DE ADECUACIÓN | H72: =SUM(H9:H70)/2 -> 71531258
B74: ITEM | C74: 55.0 | D74: EQUIPOS PALESTINA | E74: UNIDAD | F74: CANTIDAD | G74: VALOR UN | H74: =SUM(H75:H109) -> 312936918 | I74: =+H74*(1+G$115) -> 3.9117115e+08 | K74: =ROUND(SUM(K75:K109),0) -> 312936918 | M74: =SUM(M75:M78) -> 0 | O74: =SUM(O75:O78) -> 0 | Q74: =SUM(Q75:Q78) -> 0 | R74: =Q74+O74+M74+K74 -> 312936918 | T74: =Q74+M74+K74+O74 -> 312936918 | V74: =ROUND((H110-T74),0) -> 0 | W74: =ROUND((Q74+M74+K74+O74)*(#REF!+#REF!),0) -> #REF! | X74: =ROUND((T74)*(#REF!+#REF!),0) -> #REF! | Y74: =+W74-X74 -> #REF! | Z74: =ROUND(SUM(K74:Q74),0) -> 312936918
B75: M-02 - M-18 | C75: 55.1 | D75: SUMINISTRO, TRANSPORTE E INSTALACIÓN DE LAVAMANOS DE PEDAL O ACCIONAMIENTO MEDIANTE VÁLVULA DE RODILLA Y ESTERILIZADOR, INCLUYE CONEXIÓN HIDRAULICA Y ANCLAJE A PLATAFORMAS | E75: UND | F75: 5 | G75: =+'Analisis de mercado 2025'!H8 -> 4292733.3 | H75: =ROUND((F75*G75),0) -> 21463667 | J75: =+G75 -> 4292733.3 | K75: =ROUND(J75*F75,0) -> 21463667 | R75: =Q75+O75+M75+K75 -> 21463667 | T75: =Q75+M75+K75+O75 -> 21463667 | V75: =ROUND((H75-T75),0) -> 0 | W75: =ROUND((Q75+M75+K75+O75)*(#REF!+#REF!),0) -> #REF! | X75: =ROUND((T75)*(#REF!+#REF!),0) -> #REF! | Y75: =+W75-X75 -> #REF!
B76: M-03 | C76: 55.2 | D76: SUMINISTRO, TRANSPORTE E INSTALACIÓN ESPARRANCADOR ELÉCTRICO PARA APERTURA DE ANIMAL DURANTE EL CORTE CON SIERRA DE CANAL | E76: UND | F76: 1 | G76: =+'Analisis de mercado 2025'!H9 -> 6802991.7 | H76: =ROUND((F76*G76),0) -> 6802992 | J76: =+G76 -> 6802991.7 | K76: =ROUND(J76*F76,0) -> 6802992 | R76: =Q76+O76+M76+K76 -> 6802992 | T76: =Q76+M76+K76+O76 -> 6802992 | V76: =ROUND((H76-T76),0) -> 0 | W76: =ROUND((Q76+M76+K76+O76)*(#REF!+#REF!),0) -> #REF! | X76: =ROUND((T76)*(#REF!+#REF!),0) -> #REF! | Y76: =+W76-X76 -> #REF!
B77: M-04 | C77: 55.3 | D77: SUMINISTRO, TRANSPORTE E INSTALACIÓN PLATAFORMA DE DESLIZAMIENTO VERTICAL MEDIANTE MOTORREDUCTOR DE 1 HP, RIEL DE DESLIZAMIENTO CONSTRUIDO EN TUBO CUADRADO DE 100*100 EN ACERO INOXIDABLE REF 304, RODACHINAS EN EMPACK, PLATAFORMA CON BARANDAS EN PROTECCIÓN DE TUBO REDONDO DE 11/2" Y PISO EN LAMINA DE ALFAJOR ALUMINIO, INSTALACIÓN Y SUMINISTRO DE CABLE ENCAUCHETADO Y TUBERÍA SCH 40. | E77: UND | F77: 2 | G77: =+'Analisis de mercado 2025'!H10 -> 17315525 | H77: =ROUND((F77*G77),0) -> 34631050 | J77: =+G77 -> 17315525 | K77: =ROUND(J77*F77,0) -> 34631050 | R77: =Q77+O77+M77+K77 -> 34631050 | T77: =Q77+M77+K77+O77 -> 34631050 | V77: =ROUND((H77-T77),0) -> 0 | W77: =ROUND((Q77+M77+K77+O77)*(#REF!+#REF!),0) -> #REF! | X77: =ROUND((T77)*(#REF!+#REF!),0) -> #REF! | Y77: =+W77-X77 -> #REF!
B78: M-06 | C78: 55.4 | D78: SUMINISTRO, TRANSPORTE E INSTALACIÓN DE TOBOGÁN EN "L" PARA VÍSCERAS CONSTRUIDO EN LÁMINA ACERO INOX CAL.14. INCLUYE INSTALACIÓN | E78: UND | F78: 1 | G78: =+'Analisis de mercado 2025'!H12 -> 3848832.3 | H78: =ROUND((F78*G78),0) -> 3848832 | J78: =+G78 -> 3848832.3 | K78: =ROUND(J78*F78,0) -> 3848832 | R78: =Q78+O78+M78+K78 -> 3848832 | T78: =Q78+M78+K78+O78 -> 3848832 | V78: =ROUND((H78-T78),0) -> 0 | W78: =ROUND((Q78+M78+K78+O78)*(#REF!+#REF!),0) -> #REF! | X78: =ROUND((T78)*(#REF!+#REF!),0) -> #REF! | Y78: =+W78-X78 -> #REF!
B79: M-08 | C79: 55.5 | D79: SUMINISTRO, TRANSPORTE E INSTALACIÓN REJILLA DE PISO PARA SUSTITUIR LA ACTUAL EN ZONA DE SANGRIA CONSTRUIDA EN ACERO INOXIDABLE PARA ÁREA DE LAVADO DE PANZAS. LARGO: 0,20*0,20 | E79: UND | F79: 6 | G79: =+'Analisis de mercado 2025'!H16 -> 223060.33 | H79: =ROUND((F79*G79),0) -> 1338362 | J79: =+G79 -> 223060.33 | K79: =ROUND(J79*F79,0) -> 1338362 | R79: =Q79+O79+M79+K79 -> 1338362 | T79: =Q79+M79+K79+O79 -> 1338362 | V79: =ROUND((H79-T79),0) -> 0 | W79: =ROUND((Q79+M79+K79+O79)*(#REF!+#REF!),0) -> #REF! | X79: =ROUND((T79)*(#REF!+#REF!),0) -> #REF! | Y79: =+W79-X79 -> #REF!
B80: M-08 | C80: 55.6 | D80: SUMINISTRO, TRANSPORTE E INSTALACIÓN REJILLA DE PISO PARA SALA DE PROCESOS CONSTRUIDA EN ACERO INOXIDABLE PARA ÁREA DE LAVADO DE PANZAS. LARGO: 1,0M A: 0,20M | E80: UND | F80: 22 | G80: =+'Analisis de mercado 2025'!H15 -> 547963.67 | H80: =ROUND((F80*G80),0) -> 12055201 | J80: =+G80 -> 547963.67 | K80: =ROUND(J80*F80,0) -> 12055201 | R80: =Q80+O80+M80+K80 -> 12055201 | T80: =Q80+M80+K80+O80 -> 12055201 | V80: =ROUND((H80-T80),0) -> 0 | W80: =ROUND((Q80+M80+K80+O80)*(#REF!+#REF!),0) -> #REF! | X80: =ROUND((T80)*(#REF!+#REF!),0) -> #REF! | Y80: =+W80-X80 -> #REF!
B81: M-09 | C81: 55.7 | D81: SUMINISTRO, TRANSPORTE E INSTALACIÓN CAMPANA DE EXTRACCIÓN PARA LAVADOR DE PANZAS CONSTRUIDA EN ACERO INOX CAL. 18, INCLUYE DUCTO Y EXTRACTOR DE 14". DIMENSIONES: L: 2,10M A: 1,20 M, H: 0,50 M. LARGO DEL DUCTO: 5,0 M | E81: UND | F81: 1 | G81: =+'Analisis de mercado 2025'!H17 -> 12513276 | H81: =ROUND((F81*G81),0) -> 12513276 | J81: =+G81 -> 12513276 | K81: =ROUND(J81*F81,0) -> 12513276 | R81: =Q81+O81+M81+K81 -> 12513276 | T81: =Q81+M81+K81+O81 -> 12513276 | V81: =ROUND((H81-T81),0) -> 0 | W81: =ROUND((Q81+M81+K81+O81)*(#REF!+#REF!),0) -> #REF! | X81: =ROUND((T81)*(#REF!+#REF!),0) -> #REF! | Y81: =+W81-X81 -> #REF!
B82: M-10 | C82: 55.8 | D82: SUMINISTRO, TRANSPORTE E INSTALACIÓN DE PLATAFORMA PARA EVISCERACIÓN DE DOS NIVELES FABRICADA EN ACERO INOXIDABLE AISI 304, PARALES EN TUBERIA RED 6" SCH10 AISI 304, FLANCHE DE SUJECIÓN A PISO EN LAMINA 1/2 AISI 304, PLATAFORMA Y ESCALONES EN LAMINA DE ALFAJOR 1/8" AISI 304, MARCO DE ESCALERA CAL 16 AISI 304, BARANDAS EN TUBO DE 1 1/2 CAL 16 AISI 304 INCLUYE LAVAMANOS Y ESTERILIZADOR DIMENSIONES: PLATAFORMA ALTA 1M ANCHO X 1M LARGO X 1,25M ALTO; PLATAFORMA BAJA 1M ANCHO X 1M LARGO X 0,60M ALTO | E82: UND | F82: 1 | G82: =+'Analisis de mercado 2025'!H19 -> 18110625 | H82: =ROUND((F82*G82),0) -> 18110625 | J82: =+G82 -> 18110625 | K82: =ROUND(J82*F82,0) -> 18110625 | R82: =Q82+O82+M82+K82 -> 18110625 | T82: =Q82+M82+K82+O82 -> 18110625 | V82: =ROUND((H82-T82),0) -> 0 | W82: =ROUND((Q82+M82+K82+O82)*(#REF!+#REF!),0) -> #REF! | X82: =ROUND((T82)*(#REF!+#REF!),0) -> #REF! | Y82: =+W82-X82 -> #REF!
B83: M-11 | C83: 55.9 | D83: SUMINISTRO, TRANSPORTE DE CARRO TIPO CUTTER PARA TRANSPORTE Y ALMACENAMIENTO DE PRODUCTOS. FABRICADO EN ACERO INOXIDABLE REF. 304 CALIBRE 14. RECIPIENTE O CUBA COMPLETAMENTE SANITARIA CON TERMINACIONES REDONDEADAS PARA EVITAR DEPÓSITO DE PARTÍCULAS. CONSTRUIDOS EN LÁMINA ACERO INOX | E83: UND | F83: 4 | G83: =+'Analisis de mercado 2025'!H20 -> 5735508.7 | H83: =ROUND((F83*G83),0) -> 22942035 | J83: =+G83 -> 5735508.7 | K83: =ROUND(J83*F83,0) -> 22942035 | R83: =Q83+O83+M83+K83 -> 22942035 | T83: =Q83+M83+K83+O83 -> 22942035 | V83: =ROUND((H83-T83),0) -> 0 | W83: =ROUND((Q83+M83+K83+O83)*(#REF!+#REF!),0) -> #REF! | X83: =ROUND((T83)*(#REF!+#REF!),0) -> #REF! | Y83: =+W83-X83 -> #REF!
B84: M-12 | C84: 55.10 | D84: SUMINISTRO, TRANSPORTE E INSTALACIÓN DE LAVABOTAS EQUIPO FABRICADO EN ACERO INOXIDABLE AISI 304 CON ALTOS ESTÁNDARES DE CALIDAD, CUERPO FABRICADO EN LAMINA DE ACERO INOXIDABLE AISI 304 , REFUERZOS. INCLUYE MAGUERA Y CEPILLO PARA LAVADO | E84: UND | F84: 2 | G84: =+'Analisis de mercado 2025'!H21 -> 5058212 | H84: =ROUND((F84*G84),0) -> 10116424 | J84: =+G84 -> 5058212 | K84: =ROUND(J84*F84,0) -> 10116424 | R84: =Q84+O84+M84+K84 -> 10116424 | T84: =Q84+M84+K84+O84 -> 10116424 | V84: =ROUND((H84-T84),0) -> 0 | W84: =ROUND((Q84+M84+K84+O84)*(#REF!+#REF!),0) -> #REF! | X84: =ROUND((T84)*(#REF!+#REF!),0) -> #REF! | Y84: =+W84-X84 -> #REF!
B85: M-13 | C85: 55.11 | D85: SUMINISTRO, TRANSPORTE E INSTALACIÓN ESTERILIZADOR DE SIERRA DE ESTERNÓN EQUIPO FABRICADO EN ACERO INOXIDABLE AISI 304, ESTRUCTURA FABRICADA EN TUBERÍA CUADRADA , SISTEMA DE VAPOR PARA ESTERILIZACIÓN. • CUERPO FABRICADO EN LAMINA CAL 14 AISI 304 • ESTRUCTURA EN TUBO CUAD 1”1/2 CAL 16 AISI 304 • FLAUTA EN TUBO RED ½ SCH10 AISI 304 • NIVELADORES EN LAMINA ¼ AISI 304 CON ESPARRAGO AISI 304 | E85: UND | F85: 1 | G85: =+'Analisis de mercado 2025'!H22 -> 6352274.3 | H85: =ROUND((F85*G85),0) -> 6352274 | J85: =+G85 -> 6352274.3 | K85: =ROUND(J85*F85,0) -> 6352274 | R85: =Q85+O85+M85+K85 -> 6352274 | T85: =Q85+M85+K85+O85 -> 6352274 | V85: =ROUND((H85-T85),0) -> 0 | W85: =ROUND((Q85+M85+K85+O85)*(#REF!+#REF!),0) -> #REF! | X85: =ROUND((T85)*(#REF!+#REF!),0) -> #REF! | Y85: =+W85-X85 -> #REF!
B86: M-15 | C86: 55.12 | D86: SUMINISTRO, TRANSPORTE E INSTALACIÓN DE MESA PARA RECIBO Y REPASO DE PORCINOS. FABRICADO EN LÁMINA DE ACERO INOXIDABLE AISI304 CALIBRE 14, ESTRUCTURA EN TUBO CUADRO 2" CALIBRE 16 AISI 304, CUERPO FABRICADO EN LAMINA CALIBRE 14 AISI 304, DESAGUE TUBO RED 1” SCH 40 AISI 304, INCLUYE BANDEJA DE RECOLECCIÓN Y RODACHINAS DE 3". DIMENSION L: 2,20 M, A: 0,90 H: 0,90 M | E86: UND | F86: 1 | G86: =+'Analisis de mercado 2025'!H24 -> 7126476.3 | H86: =ROUND((F86*G86),0) -> 7126476 | J86: =+G86 -> 7126476.3 | K86: =ROUND(J86*F86,0) -> 7126476 | R86: =Q86+O86+M86+K86 -> 7126476 | T86: =Q86+M86+K86+O86 -> 7126476 | V86: =ROUND((H86-T86),0) -> 0 | W86: =ROUND((Q86+M86+K86+O86)*(#REF!+#REF!),0) -> #REF! | X86: =ROUND((T86)*(#REF!+#REF!),0) -> #REF! | Y86: =+W86-X86 -> #REF!
B87: M-16 | C87: 55.13 | D87: SUMINISTRO, TRANSPORTE DE RECIPIENTE PARA RECOLECCIÓN DE SANGRE CONSTRUÍDO EN ACERO INOX CAL. 14. INCLUYE ESTRUCTURA DE SOPORTE EN TUBERÍA CUADRADA Y RODACHINAS DE 3". DIMENSIONES: L: 0,90M A: 0,70 M, H: 0,90 M | E87: UND | F87: 2 | G87: =+'Analisis de mercado 2025'!H25 -> 4976249.3 | H87: =ROUND((F87*G87),0) -> 9952499 | J87: =+G87 -> 4976249.3 | K87: =ROUND(J87*F87,0) -> 9952499 | R87: =Q87+O87+M87+K87 -> 9952499 | T87: =Q87+M87+K87+O87 -> 9952499 | V87: =ROUND((H87-T87),0) -> 0 | W87: =ROUND((Q87+M87+K87+O87)*(#REF!+#REF!),0) -> #REF! | X87: =ROUND((T87)*(#REF!+#REF!),0) -> #REF! | Y87: =+W87-X87 -> #REF!
B88: M-20 | C88: 55.14 | D88: SUMINISTRO, TRANSPORTE E INSTALACION DE RIEL PARA ZONA DE DESPACHO . INCLUYE CORTE, CURVAS EN PLATINA DE 1/2*2" Y PINTURA DE RIEL | E88: ML | F88: 16 | G88: =+'Analisis de mercado 2025'!H29 -> 1700748 | H88: =ROUND((F88*G88),0) -> 27211968 | J88: =+G88 -> 1700748 | K88: =ROUND(J88*F88,0) -> 27211968 | R88: =Q88+O88+M88+K88 -> 27211968 | T88: =Q88+M88+K88+O88 -> 27211968 | V88: =ROUND((H88-T88),0) -> 0 | W88: =ROUND((Q88+M88+K88+O88)*(#REF!+#REF!),0) -> #REF! | X88: =ROUND((T88)*(#REF!+#REF!),0) -> #REF! | Y88: =+W88-X88 -> #REF!
B89: M-26 | C89: 55.15 | D89: SUMINISTRO, TRANSPORTE E INSTALACION PUERTA DUCHA ACRILICO (INCLUYE MARCO EN ALUMINIO ANODIZADO, PASADOR Y TOALLERO) A TODO COSTO DIMENSIONES: 0,90M X 1,85M | E89: UND | F89: 3 | G89: =+'Analisis de mercado 2025'!H35 -> 2318770.7 | H89: =ROUND((F89*G89),0) -> 6956312 | J89: =+G89 -> 2318770.7 | K89: =ROUND(J89*F89,0) -> 6956312 | R89: =Q89+O89+M89+K89 -> 6956312 | T89: =Q89+M89+K89+O89 -> 6956312 | V89: =ROUND((H89-T89),0) -> 0 | W89: =ROUND((Q89+M89+K89+O89)*(#REF!+#REF!),0) -> #REF! | X89: =ROUND((T89)*(#REF!+#REF!),0) -> #REF! | Y89: =+W89-X89 -> #REF!
B90: M-27 | C90: 55.16 | D90: SUMINISTRO, TRANSPORTE E INSTALACION GRIFERIA DUCHA SENCILLA (INCLUYE REGISTRO DUCHA, TAPÓN PRUEBA HIDRÁULICA, BRAZO REGADERA, MANIJAS, REGADERA, ESCUDO E INSTRUCTIVO) | E90: UND | F90: 3 | G90: =+'Analisis de mercado 2025'!H36 -> 70900 | H90: =ROUND((F90*G90),0) -> 212700 | J90: =+G90 -> 70900 | K90: =ROUND(J90*F90,0) -> 212700 | R90: =Q90+O90+M90+K90 -> 212700 | T90: =Q90+M90+K90+O90 -> 212700 | V90: =ROUND((H90-T90),0) -> 0 | W90: =ROUND((Q90+M90+K90+O90)*(#REF!+#REF!),0) -> #REF! | X90: =ROUND((T90)*(#REF!+#REF!),0) -> #REF! | Y90: =+W90-X90 -> #REF!
B91: M-29 | C91: 55.17 | D91: SUMINISTRO, TRANSPORTE E INSTALACIÓN DE LAVAPETOS FABRICADO EN ACERO INOXIDABLE TIPO AISI 304 CAL 16. INCLUYE CANAL CONECTOR DE AGUA EN PARTE INFERIOR, VÁLVULA DE PASO MANUAL CON CONEXIÓN DE AGUA DE 1/2 Y MAGUERA CON PISTOLA DE ACCIONAMIENTO.. | E91: UND | F91: 1 | G91: =+'Analisis de mercado 2025'!H38 -> 3391485.3 | H91: =ROUND((F91*G91),0) -> 3391485 | J91: =+G91 -> 3391485.3 | K91: =ROUND(J91*F91,0) -> 3391485 | R91: =Q91+O91+M91+K91 -> 3391485 | T91: =Q91+M91+K91+O91 -> 3391485 | V91: =ROUND((H91-T91),0) -> 0 | W91: =ROUND((Q91+M91+K91+O91)*(#REF!+#REF!),0) -> #REF! | X91: =ROUND((T91)*(#REF!+#REF!),0) -> #REF! | Y91: =+W91-X91 -> #REF!
B92: M-30 | C92: 55.18 | D92: SUMINISTRO, TRANSPORTE E INSTALACIÓN PUERTA CORREDIZA PARA CUARTO FRÍO FABRICADA EN PANEL CON UN ESPESOR DE 3”, 11/2" PULGADAS DE ESPESOR, INYECTADA EN POLIURETANO CON DENSIDAD DE TREINTA Y CUATRO KILOGRAMOS METRO CÚBICO (34 KG. / MT 3), ECOLÓGICO, ACABADO EN LÁMINA GALVANIZADA PREPINTADA IMPORTADA COLOR BLANCO. DIMENSIONES 2,0 X2,30 | E92: UND | F92: 1 | G92: =+'Analisis de mercado 2025'!H40 -> 6704344.3 | H92: =ROUND((F92*G92),0) -> 6704344 | J92: =+G92 -> 6704344.3 | K92: =ROUND(J92*F92,0) -> 6704344 | R92: =Q92+O92+M92+K92 -> 6704344 | T92: =Q92+M92+K92+O92 -> 6704344 | V92: =ROUND((H92-T92),0) -> 0 | W92: =ROUND((Q92+M92+K92+O92)*(#REF!+#REF!),0) -> #REF! | X92: =ROUND((T92)*(#REF!+#REF!),0) -> #REF! | Y92: =+W92-X92 -> #REF!
B93: M-33 | C93: 55.19 | D93: SUMINISTRO, TRANSPORTE GANCHOS PARA INSPECCIÓN DE VÍSCERAS ROJAS Y VÍSCERAS BLANCAS FABRICADO EN ACERO INOXIDABLE CAL. 14 INCLUYE TUBERIA DE SOPORTE Y FIJACIÓN | E93: UND | F93: 30 | G93: =+'Analisis de mercado 2025'!H43 -> 344695 | H93: =ROUND((F93*G93),0) -> 10340850 | J93: =+G93 -> 344695 | K93: =ROUND(J93*F93,0) -> 10340850 | R93: =Q93+O93+M93+K93 -> 10340850 | T93: =Q93+M93+K93+O93 -> 10340850 | V93: =ROUND((H93-T93),0) -> 0 | W93: =ROUND((Q93+M93+K93+O93)*(#REF!+#REF!),0) -> #REF! | X93: =ROUND((T93)*(#REF!+#REF!),0) -> #REF! | Y93: =+W93-X93 -> #REF!
B94: M-36 | C94: 55.20 | D94: SUMINISTRO, TRANSPORTE E INSTALACIÓN DE CAMBIAVIAS EQUIPO FABRICADO EN ACERO ASTM A-36 CON ALTOS ESTÁNDARES DE CALIDAD, FABRICADO EN PLATINERIA Y SOPORTERIA EN ACABADO POR INMERSIÓN GALVÁNICA EN CALIENTE . | E94: UND | F94: 7 | G94: =+'Analisis de mercado 2025'!H46 -> 1236743.7 | H94: =ROUND((F94*G94),0) -> 8657206 | J94: =+G94 -> 1236743.7 | K94: =ROUND(J94*F94,0) -> 8657206 | R94: =Q94+O94+M94+K94 -> 8657206 | T94: =Q94+M94+K94+O94 -> 8657206 | V94: =ROUND((H94-T94),0) -> 0 | W94: =ROUND((Q94+M94+K94+O94)*(#REF!+#REF!),0) -> #REF! | X94: =ROUND((T94)*(#REF!+#REF!),0) -> #REF! | Y94: =+W94-X94 -> #REF!
B95: M-42 | C95: 55.21 | D95: SUMINISTRO, TRANSPORTE DE LOCKER CONSTRUIDO EN ALUMINIO CON ESPACIO PARA 9 PUESTOS LÁMINA COLD ROLLED CALIBRE 24 | E95: UND | F95: 2 | G95: =+'Analisis de mercado 2025'!H52 -> 3170640.3 | H95: =ROUND((F95*G95),0) -> 6341281 | J95: =+G95 -> 3170640.3 | K95: =ROUND(J95*F95,0) -> 6341281 | R95: =Q95+O95+M95+K95 -> 6341281 | T95: =Q95+M95+K95+O95 -> 6341281 | V95: =ROUND((H95-T95),0) -> 0 | W95: =ROUND((Q95+M95+K95+O95)*(#REF!+#REF!),0) -> #REF! | X95: =ROUND((T95)*(#REF!+#REF!),0) -> #REF! | Y95: =+W95-X95 -> #REF!
B96: M-45 | C96: 55.22 | D96: SUMINISTRO, TRANSPORTE E INSTALACIÓN DE VENTANA CORREDIZA EN ALUMINIO DIMENSIONES 60X40CM INCLUYE VIDRIO DE 4MM | E96: UND | F96: 5 | G96: =+'Analisis de mercado 2025'!H55 -> 719456.33 | H96: =ROUND((F96*G96),0) -> 3597282 | J96: =+G96 -> 719456.33 | K96: =ROUND(J96*F96,0) -> 3597282 | R96: =Q96+O96+M96+K96 -> 3597282 | T96: =Q96+M96+K96+O96 -> 3597282 | V96: =ROUND((H96-T96),0) -> 0 | W96: =ROUND((Q96+M96+K96+O96)*(#REF!+#REF!),0) -> #REF! | X96: =ROUND((T96)*(#REF!+#REF!),0) -> #REF! | Y96: =+W96-X96 -> #REF!
B97: M-46 | C97: 55.23 | D97: SUMINISTRO, TRANSPORTE DE SILLA PLASTICA DOBLE RESISTENTE Y ANTIDESLIZANTE CON BRAZOS INCLUYE TACÓN ANTIDESLIZANTE | E97: UND | F97: 4 | G97: =+'Analisis de mercado 2025'!H56 -> 108101 | H97: =ROUND((F97*G97),0) -> 432404 | J97: =+G97 -> 108101 | K97: =ROUND(J97*F97,0) -> 432404 | R97: =Q97+O97+M97+K97 -> 432404 | T97: =Q97+M97+K97+O97 -> 432404 | V97: =ROUND((H97-T97),0) -> 0 | W97: =ROUND((Q97+M97+K97+O97)*(#REF!+#REF!),0) -> #REF! | X97: =ROUND((T97)*(#REF!+#REF!),0) -> #REF! | Y97: =+W97-X97 -> #REF!
B98: M-47 | C98: 55.24 | D98: SUMINISTRO, TRANSPORTE E INSTALACIÓN DE SELLO PARA EN ESPUMA REFORZADA Y LONA PARA MUELLE DE CARGA | E98: UND | F98: 1 | G98: =+'Analisis de mercado 2025'!H57 -> 3090265 | H98: =ROUND((F98*G98),0) -> 3090265 | J98: =+G98 -> 3090265 | K98: =ROUND(J98*F98,0) -> 3090265 | R98: =Q98+O98+M98+K98 -> 3090265 | T98: =Q98+M98+K98+O98 -> 3090265 | V98: =ROUND((H98-T98),0) -> 0 | W98: =ROUND((Q98+M98+K98+O98)*(#REF!+#REF!),0) -> #REF! | X98: =ROUND((T98)*(#REF!+#REF!),0) -> #REF! | Y98: =+W98-X98 -> #REF!
B99: M-48 | C99: 55.25 | D99: SUMINISTRO, TRANSPORTE E INSTALACIÓN DE CORTINA DE AIRE DE 36" 220V | E99: UND | F99: 1 | G99: =+'Analisis de mercado 2025'!H58 -> 2255984 | H99: =ROUND((F99*G99),0) -> 2255984 | J99: =+G99 -> 2255984 | K99: =ROUND(J99*F99,0) -> 2255984 | R99: =Q99+O99+M99+K99 -> 2255984 | T99: =Q99+M99+K99+O99 -> 2255984 | V99: =ROUND((H99-T99),0) -> 0 | W99: =ROUND((Q99+M99+K99+O99)*(#REF!+#REF!),0) -> #REF! | X99: =ROUND((T99)*(#REF!+#REF!),0) -> #REF! | Y99: =+W99-X99 -> #REF!
B100: M-49 | C100: 55.26 | D100: SUMINISTRO, TRANSPORTE E INSTALACIÓN DE PUERTA CORREDERA PARA MUELLE LA PUERTA ES DE 70MM EN LAMINA PRE PINTADA 90-02 CON PROTECCIÓN EN ALFAJOR A UN METRO DE ALTURA INCLUYE HERRAJES ITALIANOS Y MARCO EN ALUMINIO | E100: UND | F100: 1 | G100: =+'Analisis de mercado 2025'!H59 -> 2955381 | H100: =ROUND((F100*G100),0) -> 2955381 | J100: =+G100 -> 2955381 | K100: =ROUND(J100*F100,0) -> 2955381 | R100: =Q100+O100+M100+K100 -> 2955381 | T100: =Q100+M100+K100+O100 -> 2955381 | V100: =ROUND((H100-T100),0) -> 0 | W100: =ROUND((Q100+M100+K100+O100)*(#REF!+#REF!),0) -> #REF! | X100: =ROUND((T100)*(#REF!+#REF!),0) -> #REF! | Y100: =+W100-X100 -> #REF!
B101: M-52 | C101: 55.27 | D101: SUMINISTRO, TRANSPORTE E INSTALACIÓN DE BAJO PUERTA FABRICADO CON PERFIL EN PVC BLANCO | E101: UND | F101: 5 | G101: =+'Analisis de mercado 2025'!H62 -> 199843.33 | H101: =ROUND((F101*G101),0) -> 999217 | J101: =+G101 -> 199843.33 | K101: =ROUND(J101*F101,0) -> 999217 | R101: =Q101+O101+M101+K101 -> 999217 | T101: =Q101+M101+K101+O101 -> 999217 | V101: =ROUND((H101-T101),0) -> 0 | W101: =ROUND((Q101+M101+K101+O101)*(#REF!+#REF!),0) -> #REF! | X101: =ROUND((T101)*(#REF!+#REF!),0) -> #REF! | Y101: =+W101-X101 -> #REF!
B102: M-57 | C102: 55.28 | D102: SUMINISTRO, TRANSPORTE E INSTALACIÓN DE DESOLLADORA DE RODILLO, CONSTRUIDA EN ACERO INOXIDABLE. RODILLO EN LAMINA DE 1/8 ACERO INOX, EJE DE 1 1/2 INOX, ESTRUCTURA DE SOPORTE EN TUBERIA CUADRADA DE 4" ACERO INOX. MOTORREDUCTOR DE 5H, INCLUYE TABLERO DE CONTROL Y BOTONERA DE MANDO. | E102: UND | F102: 1 | G102: =+'Analisis de mercado 2025'!H67 -> 13891806 | H102: =ROUND((F102*G102),0) -> 13891806 | J102: =+G102 -> 13891806 | K102: =ROUND(J102*F102,0) -> 13891806 | R102: =Q102+O102+M102+K102 -> 13891806 | T102: =Q102+M102+K102+O102 -> 13891806 | V102: =ROUND((H102-T102),0) -> 0 | W102: =ROUND((Q102+M102+K102+O102)*(#REF!+#REF!),0) -> #REF! | X102: =ROUND((T102)*(#REF!+#REF!),0) -> #REF! | Y102: =+W102-X102 -> #REF!
B103: M-58 | C103: 55.29 | D103: =+'Analisis de mercado 2025'!C72 -> TRASLADO, MANTENIMIENTO Y PUESTA EN FUNCIONAMIENTO EL ESCALDADOR, INCLUYE SUMINISTRO DE REPUESTOS, | E103: UND | F103: 1 | G103: =+'Analisis de mercado 2025'!H72 -> 6562475 | H103: =ROUND((F103*G103),0) -> 6562475 | J103: =+G103 -> 6562475 | K103: =ROUND(J103*F103,0) -> 6562475 | R103: =Q103+O103+M103+K103 -> 6562475 | T103: =Q103+M103+K103+O103 -> 6562475
B104: M-59 | C104: 55.30 | D104: =+'Analisis de mercado 2025'!C73 -> TRASLADO, MANTENIMIENTO Y PUESTA EN FUNCIONAMIENTO BOX PORCINOS, INCLUYE SUMINISTRO DE REPUESTOS, | E104: UND | F104: 1 | G104: =+'Analisis de mercado 2025'!H73 -> 2381075 | H104: =ROUND((F104*G104),0) -> 2381075 | J104: =+G104 -> 2381075 | K104: =ROUND(J104*F104,0) -> 2381075 | R104: =Q104+O104+M104+K104 -> 2381075 | T104: =Q104+M104+K104+O104 -> 2381075
B105: M-60 | C105: 55.31 | D105: =+'Analisis de mercado 2025'!C74 -> TRASLADO Y CONEXIÓN DEL ESTERCOLERO | E105: UND | F105: 1 | G105: =+'Analisis de mercado 2025'!H74 -> 13073200 | H105: =ROUND((F105*G105),0) -> 13073200 | J105: =+G105 -> 13073200 | K105: =ROUND(J105*F105,0) -> 13073200 | R105: =Q105+O105+M105+K105 -> 13073200 | T105: =Q105+M105+K105+O105 -> 13073200
B106: M-61 | C106: 55.32 | D106: =+'Analisis de mercado 2025'!C75 -> MANTENIMIENTO Y PUESTA EN FUNCIONAMIENTO CALDERA | E106: UND | F106: 1 | G106: =+'Analisis de mercado 2025'!H75 -> 5894612.5 | H106: =ROUND((F106*G106),0) -> 5894613 | J106: =+G106 -> 5894612.5 | K106: =ROUND(J106*F106,0) -> 5894613 | R106: =Q106+O106+M106+K106 -> 5894613 | T106: =Q106+M106+K106+O106 -> 5894613
...

Sheet CADENA DE VALOR
C2: SECRETARÍA DE PLANEACION
C4: CADENA DE VALOR
C5: PROYECTO " PLANTA DE BENFICIO ANIMAL DE PALESTINA -CALDAS- ."
O6: =+PRESUPUESTO!#REF!-PRESUPUESTO!#REF! -> #REF!
C7: CAPITULO | D7: EQUIPOS Y HERRAMIENTAS | E7: EQUIPOS Y HERRAMIENTAS CON AU | F7: M.O | G7: M.O CON AU | H7: MATERIALES (INSUMOS) | I7: MATERIALES (INSUMOS) CON AU | J7: TRANSPORTES | K7: TRANSPORTES CON AU | L7: TOTALES | O7: =+O6-#REF! -> #REF!
A8: 1.0 | B8: 41.0 | C8: =VLOOKUP($B8,PRESUPUESTO!$C$3:$H$256,2,FALSE) -> PRELIMINARES | D8: =VLOOKUP($B8,PRESUPUESTO!$C$3:$S$251,9,FALSE) -> 433074.28 | E8: =ROUND(D8*(1+$D$43),0) -> 562997 | F8: =VLOOKUP($B8,PRESUPUESTO!$C$3:$S$251,11,FALSE) -> 5293060.6 | G8: =ROUND(F8*(1+$D$43),0) -> 6880979 | H8: =VLOOKUP($B8,PRESUPUESTO!$C$3:$S$251,13,FALSE) -> 15188.481 | I8: =ROUND(H8*(1+$D$43),0) -> 19745 | J8: =VLOOKUP($B8,PRESUPUESTO!$C$3:$S$251,15,FALSE) -> 1289686.4 | K8: =ROUND(J8*(1+$D$43),0) -> 1676592 | L8: =ROUND((E8+G8+I8+K8),0) -> 9140313 | N8: =VLOOKUP($B8,PRESUPUESTO!$C$3:$S$251,6,FALSE) -> 7031010 | O8: =ROUND(N8*#REF!,0) -> #REF! | P8: =+L8-O8 -> #REF! | Q8: =+VLOOKUP(B8,PRESUPUESTO!C9:I110,7,0) -> 9140313 | R8: =+L8-Q8 -> 0
A9: 4.0 | B9: 43.0 | C9: =VLOOKUP($B9,PRESUPUESTO!$C$3:$H$256,2,FALSE) -> DESAGUES E INSTALACIONES SANITARIAS | D9: =VLOOKUP($B9,PRESUPUESTO!$C$3:$S$251,9,FALSE) -> 163414.19 | E9: =ROUND(D9*(1+$D$43),0) -> 212438 | F9: =VLOOKUP($B9,PRESUPUESTO!$C$3:$S$251,11,FALSE) -> 2308511.6 | G9: =F9*(1+$D$43) -> 3001065.1 | H9: =VLOOKUP($B9,PRESUPUESTO!$C$3:$S$251,13,FALSE)-2 -> 3187335.2 | I9: =ROUND(H9*(1+$D$43),0) -> 4143536 | J9: =VLOOKUP($B9,PRESUPUESTO!$C$3:$S$251,15,FALSE) -> 18699.6 | K9: =J9*(1+$D$43) -> 24309.48 | L9: =ROUND((E9+G9+I9+K9),0) -> 7381349 | N9: =VLOOKUP($B9,PRESUPUESTO!$C$3:$S$251,6,FALSE) -> 5677961 | O9: =ROUND(N9*#REF!,0) -> #REF! | P9: =+L9-O9 -> #REF! | Q9: =+VLOOKUP(B9,PRESUPUESTO!C10:I111,7,0) -> 7381349.3 | R9: =+L9-Q9 -> -0.3
A10: 6.0 | B10: 44.0 | C10: =VLOOKUP($B10,PRESUPUESTO!$C$3:$H$256,2,FALSE) -> ESTRUCTURAS EN CONCRETO, METALICAS Y DE MADERA | D10: =VLOOKUP($B10,PRESUPUESTO!$C$3:$S$251,9,FALSE) -> 3097874.2 | E10: =ROUND(D10*(1+$D$43),0) -> 4027236 | F10: =VLOOKUP($B10,PRESUPUESTO!$C$3:$S$251,11,FALSE) -> 2480034.3 | G10: =ROUND(F10*(1+$D$43),0) -> 3224045 | H10: =VLOOKUP($B10,PRESUPUESTO!$C$3:$S$251,13,FALSE) -> 5974902.9 | I10: =ROUND(H10*(1+$D$43),0) -> 7767374 | J10: =VLOOKUP($B10,PRESUPUESTO!$C$3:$S$251,15,FALSE) -> 114801.38 | K10: =J10*(1+$D$43) -> 149241.79 | L10: =ROUND((E10+G10+I10+K10),0) -> 15167897 | N10: =VLOOKUP($B10,PRESUPUESTO!$C$3:$S$251,6,FALSE) -> 11667613 | O10: =ROUND(N10*#REF!,0) -> #REF! | P10: =+L10-O10 -> #REF! | Q10: =+VLOOKUP(B10,PRESUPUESTO!C11:I112,7,0) -> 15167897 | R10: =+L10-Q10 -> 0.1
A11: 7.0 | B11: 45.0 | C11: =VLOOKUP($B11,PRESUPUESTO!$C$3:$H$256,2,FALSE) -> MAMPOSTERIA | D11: =VLOOKUP($B11,PRESUPUESTO!$C$3:$S$251,9,FALSE) -> 221619 | E11: =ROUND(D11*(1+$D$43),0) -> 288105 | F11: =VLOOKUP($B11,PRESUPUESTO!$C$3:$S$251,11,FALSE) -> 5956347 | G11: =ROUND(F11*(1+$D$43),0) -> 7743251 | H11: =VLOOKUP($B11,PRESUPUESTO!$C$3:$S$251,13,FALSE) -> 7840155 | I11: =ROUND(H11*(1+$D$43),0) -> 10192202 | J11: =VLOOKUP($B11,PRESUPUESTO!$C$3:$S$251,15,FALSE) -> 760705 | K11: =J11*(1+$D$43) -> 988916.5 | L11: =ROUND((E11+G11+I11+K11),0) -> 19212475 | N11: =VLOOKUP($B11,PRESUPUESTO!$C$3:$S$251,6,FALSE) -> 14778827 | O11: =ROUND(N11*#REF!,0) -> #REF! | P11: =+L11-O11 -> #REF! | Q11: =+VLOOKUP(B11,PRESUPUESTO!C12:I113,7,0) -> 19212475 | R11: =+L11-Q11 -> -0.1
A12: 8.0 | B12: 46.0 | C12: =VLOOKUP($B12,PRESUPUESTO!$C$3:$H$256,2,FALSE) -> INSTALACIONES HIDRÁULICAS | D12: =VLOOKUP($B12,PRESUPUESTO!$C$3:$S$251,9,FALSE) -> 93498 | E12: =ROUND(D12*(1+$D$43),0) -> 121547 | F12: =VLOOKUP($B12,PRESUPUESTO!$C$3:$S$251,11,FALSE) -> 1963458 | G12: =F12*(1+$D$43) -> 2552495.4 | H12: =VLOOKUP($B12,PRESUPUESTO!$C$3:$S$251,13,FALSE) -> 322919.24 | I12: =H12*(1+$D$43) -> 419795.02 | J12: =VLOOKUP($B12,PRESUPUESTO!$C$3:$S$251,15,FALSE) -> 93498 | K12: =J12*(1+$D$43) -> 121547.4 | L12: =ROUND((E12+G12+I12+K12),0) -> 3215385 | N12: =VLOOKUP($B12,PRESUPUESTO!$C$3:$S$251,6,FALSE) -> 2473373 | O12: =ROUND(N12*#REF!,0) -> #REF! | P12: =+L12-O12 -> #REF! | Q12: =+VLOOKUP(B12,PRESUPUESTO!C13:I114,7,0) -> 3215384.9 | R12: =+L12-Q12 -> 0.1
A13: 9.0 | B13: 47.0 | C13: =VLOOKUP($B13,PRESUPUESTO!$C$3:$H$256,2,FALSE) -> INSTALACIONES ELECTRICAS | D13: =VLOOKUP($B13,PRESUPUESTO!$C$3:$S$251,9,FALSE) -> 77999 | E13: =ROUND(D13*(1+$D$43),0) -> 101399 | F13: =VLOOKUP($B13,PRESUPUESTO!$C$3:$S$251,11,FALSE) -> 1644157 | G13: =ROUND(F13*(1+$D$43),0) -> 2137404 | H13: =VLOOKUP($B13,PRESUPUESTO!$C$3:$S$251,13,FALSE) -> 9929015 | I13: =H13*(1+$D$43) -> 12907720 | J13: =VLOOKUP($B13,PRESUPUESTO!$C$3:$S$251,15,FALSE) -> 77999.367 | K13: =J13*(1+$D$43) -> 101399.18 | L13: =ROUND((E13+G13+I13+K13),0) -> 15247922 | N13: =VLOOKUP($B13,PRESUPUESTO!$C$3:$S$251,6,FALSE) -> 11729171 | O13: =ROUND(N13*#REF!,0) -> #REF! | P13: =+L13-O13 -> #REF! | Q13: =+VLOOKUP(B13,PRESUPUESTO!C14:I115,7,0) -> 15247922 | R13: =+L13-Q13 -> -0.3
A14: 10.0 | B14: 48.0 | C14: =VLOOKUP($B14,PRESUPUESTO!$C$3:$H$256,2,FALSE) -> PINTURA | D14: =VLOOKUP($B14,PRESUPUESTO!$C$3:$S$251,9,FALSE) -> 290415.01 | E14: =ROUND(D14*(1+$D$43),0) -> 377540 | F14: =VLOOKUP($B14,PRESUPUESTO!$C$3:$S$251,11,FALSE) -> 1974720.5 | G14: =F14*(1+$D$43) -> 2567136.7 | H14: =VLOOKUP($B14,PRESUPUESTO!$C$3:$S$251,13,FALSE) -> 2183104.5 | I14: =H14*(1+$D$43)-1 -> 2838034.9 | J14: =VLOOKUP($B14,PRESUPUESTO!$C$3:$S$251,15,FALSE) -> 94417.338 | K14: =J14*(1+$D$43) -> 122742.54 | L14: =ROUND((E14+G14+I14+K14),0) -> 5905454 | N14: =VLOOKUP($B14,PRESUPUESTO!$C$3:$S$251,6,FALSE) -> 4542657 | O14: =ROUND(N14*#REF!,0) -> #REF! | P14: =+L14-O14 -> #REF! | Q14: =+VLOOKUP(B14,PRESUPUESTO!C15:I116,7,0) -> 5905454.1 | R14: =+L14-Q14 -> -0.1
A15: 11.0 | B15: 49.0 | C15: =VLOOKUP($B15,PRESUPUESTO!$C$3:$H$256,2,FALSE) -> CUBIERTAS | D15: =VLOOKUP($B15,PRESUPUESTO!$C$3:$S$251,9,FALSE) -> 109716.5 | E15: =ROUND(D15*(1+$D$43),0) -> 142631 | F15: =VLOOKUP($B15,PRESUPUESTO!$C$3:$S$251,11,FALSE) -> 1130603.4 | G15: =F15*(1+$D$43) -> 1469784.4 | H15: =VLOOKUP($B15,PRESUPUESTO!$C$3:$S$251,13,FALSE) -> 1286986 | I15: =ROUND(H15*(1+$D$43),0) -> 1673082 | J15: =VLOOKUP($B15,PRESUPUESTO!$C$3:$S$251,15,FALSE) -> 39070 | K15: =J15*(1+$D$43) -> 50791 | L15: =ROUND((E15+G15+I15+K15),0) -> 3336288 | N15: =VLOOKUP($B15,PRESUPUESTO!$C$3:$S$251,6,FALSE) -> 2566376 | O15: =ROUND(N15*#REF!,0) -> #REF! | P15: =+L15-O15 -> #REF! | Q15: =+VLOOKUP(B15,PRESUPUESTO!C16:I119,7,0) -> 3336288.8 | R15: =+L15-Q15 -> -0.8
A16: 12.0 | B16: 50.0 | C16: =VLOOKUP($B16,PRESUPUESTO!$C$3:$H$256,2,FALSE) -> CIELO RASO | D16: =VLOOKUP($B16,PRESUPUESTO!$C$3:$S$251,9,FALSE) -> 17992.125 | E16: =ROUND(D16*(1+$D$43),0) -> 23390 | F16: =VLOOKUP($B16,PRESUPUESTO!$C$3:$S$251,11,FALSE) -> 573260.2 | G16: =F16*(1+$D$43) -> 745238.26 | H16: =VLOOKUP($B16,PRESUPUESTO!$C$3:$S$251,13,FALSE) -> 1423812.7 | I16: =H16*(1+$D$43) -> 1850956.5 | J16: =VLOOKUP($B16,PRESUPUESTO!$C$3:$S$251,15,FALSE) -> 0 | K16: =J16*(1+$D$43) -> 0 | L16: =ROUND((E16+G16+I16+K16),0) -> 2619585 | N16: =VLOOKUP($B16,PRESUPUESTO!$C$3:$S$251,6,FALSE) -> 2015065 | O16: =ROUND(N16*#REF!,0) -> #REF! | P16: =+L16-O16 -> #REF! | Q16: =+VLOOKUP(B16,PRESUPUESTO!C17:I120,7,0) -> 2619584.5 | R16: =+L16-Q16 -> 0.5
A17: 13.0 | B17: 51.0 | C17: =VLOOKUP($B17,PRESUPUESTO!$C$3:$H$256,2,FALSE) -> PISOS Y ACABADOS | D17: =VLOOKUP($B17,PRESUPUESTO!$C$3:$S$251,9,FALSE) -> 17992 | E17: =ROUND(D17*(1+$D$43),0) -> 23390 | F17: =VLOOKUP($B17,PRESUPUESTO!$C$3:$S$251,11,FALSE) -> 68791 | G17: =F17*(1+$D$43) -> 89428.3 | H17: =VLOOKUP($B17,PRESUPUESTO!$C$3:$S$251,13,FALSE) -> 223108 | I17: =H17*(1+$D$43) -> 290040.4 | J17: =VLOOKUP($B17,PRESUPUESTO!$C$3:$S$251,15,FALSE) -> 0 | K17: =J17*(1+$D$43) -> 0 | L17: =ROUND((E17+G17+I17+K17),0) -> 402859 | N17: =VLOOKUP($B17,PRESUPUESTO!$C$3:$S$251,6,FALSE) -> 309891 | O17: =ROUND(N17*#REF!,0) -> #REF! | P17: =+L17-O17 -> #REF! | Q17: =+VLOOKUP(B17,PRESUPUESTO!C18:I121,7,0) -> 402858.3 | R17: =+L17-Q17 -> 0.7
A18: 14.0 | B18: 52.0 | C18: =VLOOKUP($B18,PRESUPUESTO!$C$3:$H$256,2,FALSE) -> ENCHAPES Y ACCESORIOS | D18: =VLOOKUP($B18,PRESUPUESTO!$C$3:$S$251,9,FALSE) -> 68902 | E18: =ROUND(D18*(1+$D$43),0) -> 89573 | F18: =VLOOKUP($B18,PRESUPUESTO!$C$3:$S$251,11,FALSE) -> 1446938 | G18: =F18*(1+$D$43) -> 1881019.4 | H18: =VLOOKUP($B18,PRESUPUESTO!$C$3:$S$251,13,FALSE)-4 -> 1474995 | I18: =ROUND(H18*(1+$D$43),0) -> 1917494 | J18: =VLOOKUP($B18,PRESUPUESTO!$C$3:$S$251,15,FALSE) -> 68902 | K18: =J18*(1+$D$43) -> 89572.6 | L18: =ROUND((E18+G18+I18+K18),0) -> 3977659 | N18: =VLOOKUP($B18,PRESUPUESTO!$C$3:$S$251,6,FALSE) -> 3059739 | O18: =ROUND(N18*#REF!,0) -> #REF! | P18: =+L18-O18 -> #REF! | Q18: =+VLOOKUP(B18,PRESUPUESTO!C19:I123,7,0) -> 3977660.7 | R18: =+L18-Q18 -> -1.7
A19: 15.0 | B19: 53.0 | C19: =VLOOKUP($B19,PRESUPUESTO!$C$3:$H$256,2,FALSE) -> CARPINTERIA METALICA | D19: =VLOOKUP($B19,PRESUPUESTO!$C$3:$S$251,9,FALSE) -> 7988 | E19: =ROUND(D19*(1+$D$43),0) -> 10384 | F19: =VLOOKUP($B19,PRESUPUESTO!$C$3:$S$251,11,FALSE) -> 455281 | G19: =ROUND(F19*(1+$D$43),0) -> 591865 | H19: =VLOOKUP($B19,PRESUPUESTO!$C$3:$S$251,13,FALSE) -> 2044079.2 | I19: =H19*(1+$D$43) -> 2657302.9 | J19: =VLOOKUP($B19,PRESUPUESTO!$C$3:$S$251,15,FALSE) -> 3978.5445 | K19: =J19*(1+$D$43) -> 5172.1079 | L19: =ROUND((E19+G19+I19+K19),0) -> 3264724 | N19: =VLOOKUP($B19,PRESUPUESTO!$C$3:$S$251,6,FALSE) -> 2511325 | O19: =ROUND(N19*#REF!,0) -> #REF! | P19: =+L19-O19 -> #REF! | Q19: =+VLOOKUP(B19,PRESUPUESTO!C20:I124,7,0) -> 3264722.5 | R19: =+L19-Q19 -> 1.5
A20: 20.0 | B20: 54.0 | C20: =VLOOKUP($B20,PRESUPUESTO!$C$3:$H$256,2,FALSE) -> ASEO GENERAL | D20: =VLOOKUP($B20,PRESUPUESTO!$C$3:$S$251,9,FALSE) -> 0 | E20: =ROUND(D20*(1+$D$43),0) -> 0 | F20: =VLOOKUP($B20,PRESUPUESTO!$C$3:$S$251,11,FALSE) -> 3168250 | G20: =F20*(1+$D$43) -> 4118725 | H20: =VLOOKUP($B20,PRESUPUESTO!$C$3:$S$251,13,FALSE) -> 0 | I20: =H20*(1+$D$43) -> 0 | J20: =VLOOKUP($B20,PRESUPUESTO!$C$3:$S$251,15,FALSE) -> 0 | K20: =J20*(1+$D$43) -> 0 | L20: =ROUND((E20+G20+I20+K20),0) -> 4118725 | N20: =VLOOKUP($B20,PRESUPUESTO!$C$3:$S$251,6,FALSE) -> 3168250 | O20: =ROUND(N20*#REF!,0) -> #REF! | P20: =+L20-O20 -> #REF! | Q20: =+VLOOKUP(B20,PRESUPUESTO!C21:I125,7,0) -> 4118725 | R20: =+L20-Q20 -> 0
A21: M | B21: 55.0 | C21: =VLOOKUP($B21,PRESUPUESTO!$C$3:$H$256,2,FALSE) -> EQUIPOS PALESTINA | D21: =VLOOKUP($B21,PRESUPUESTO!$C$3:$S$251,9,FALSE) -> 312936918 | E21: =ROUND(D21*(1+$D$44),0) -> 391171148 | F21: =VLOOKUP($B21,PRESUPUESTO!$C$3:$S$251,11,FALSE) -> 0 | G21: =F21*(1+$D$43) -> 0 | H21: =VLOOKUP($B21,PRESUPUESTO!$C$3:$S$251,13,FALSE) -> 0 | I21: =H21*(1+$D$43) -> 0 | J21: =VLOOKUP($B21,PRESUPUESTO!$C$3:$S$251,15,FALSE) -> 0 | K21: =J21*(1+$D$43) -> 0 | L21: =E21+G21+I21+K21 -> 391171148 | N21: =+PRESUPUESTO!H110 -> 312936918 | O21: =ROUND(N21*#REF!,0) -> #REF! | P21: =+L21-O21 -> #REF! | Q21: =+VLOOKUP(B21,PRESUPUESTO!C22:I128,7,0) -> 3.9117115e+08 | R21: =+L21-Q21 -> 0.5
R22: =+L22-Q22 -> 0
A23: 1.0 | B23: 56.0 | C23: =VLOOKUP($B23,PRESUPUESTO!$C$3:$H$256,2,FALSE) -> OBRAS PRELIMINARES | D23: =VLOOKUP($B23,PRESUPUESTO!$C$3:$S$251,9,FALSE) -> 263088.87 | E23: =ROUND(D23*(1+$D$43),0) -> 342016 | F23: =VLOOKUP($B23,PRESUPUESTO!$C$3:$S$251,11,FALSE) -> 2265217 | G23: =F23*(1+$D$43) -> 2944782.1 | H23: =VLOOKUP($B23,PRESUPUESTO!$C$3:$S$251,13,FALSE) -> 963170.58 | I23: =H23*(1+$D$43) -> 1252121.7 | J23: =VLOOKUP($B23,PRESUPUESTO!$C$3:$S$251,15,FALSE)-3 -> 277529.32 | K23: =J23*(1+$D$43) -> 360788.12 | L23: =ROUND((E23+G23+I23+K23),0) -> 4899708 | N23: =VLOOKUP($B23,PRESUPUESTO!$C$3:$S$251,6,FALSE) -> 3769007 | O23: =ROUND(N23*#REF!,0) -> #REF! | P23: =+L23-O23 -> #REF! | Q23: =+VLOOKUP(B23,PRESUPUESTO!C24:I128,7,0) -> 4899709.1 | R23: =+L23-Q23 -> -1.1
A24: 2.0 | B24: 57.0 | C24: =VLOOKUP($B24,PRESUPUESTO!$C$3:$H$256,2,FALSE) -> MOVIMIENTO DE TIERRAS | D24: =VLOOKUP($B24,PRESUPUESTO!$C$3:$S$251,9,FALSE) -> 64291.464 | E24: =ROUND(D24*(1+$D$43),0) -> 83579 | F24: =VLOOKUP($B24,PRESUPUESTO!$C$3:$S$251,11,FALSE) -> 2182012 | G24: =F24*(1+$D$43) -> 2836615.6 | H24: =VLOOKUP($B24,PRESUPUESTO!$C$3:$S$251,13,FALSE) -> 0 | I24: =H24*(1+$D$43) -> 0 | J24: =VLOOKUP($B24,PRESUPUESTO!$C$3:$S$251,15,FALSE) -> 0 | K24: =J24*(1+$D$43) -> 0 | L24: =ROUND((E24+G24+I24+K24),0) -> 2920195 | N24: =VLOOKUP($B24,PRESUPUESTO!$C$3:$S$251,6,FALSE) -> 2246303 | O24: =ROUND(N24*#REF!,0) -> #REF! | P24: =+L24-O24 -> #REF! | Q24: =+VLOOKUP(B24,PRESUPUESTO!C25:I129,7,0) -> 2920193.9 | R24: =+L24-Q24 -> 1.1
A25: 2A.0 | B25: 58.0 | C25: =VLOOKUP($B25,PRESUPUESTO!$C$3:$H$256,2,FALSE) -> CIMENTACIONES | D25: =VLOOKUP($B25,PRESUPUESTO!$C$3:$S$251,9,FALSE) -> 32957.4 | E25: =ROUND(D25*(1+$D$43),0) -> 42845 | F25: =VLOOKUP($B25,PRESUPUESTO!$C$3:$S$251,11,FALSE) -> 976441 | G25: =F25*(1+$D$43) -> 1269373.3 | H25: =VLOOKUP($B25,PRESUPUESTO!$C$3:$S$251,13,FALSE) -> 6009998.3 | I25: =H25*(1+$D$43) -> 7812997.8 | J25: =VLOOKUP($B25,PRESUPUESTO!$C$3:$S$251,15,FALSE) -> 128360.4 | K25: =J25*(1+$D$43) -> 166868.52 | L25: =ROUND((E25+G25+I25+K25),0) -> 9292085 | N25: =VLOOKUP($B25,PRESUPUESTO!$C$3:$S$251,6,FALSE) -> 7147757 | O25: =ROUND(N25*#REF!,0) -> #REF! | P25: =+L25-O25 -> #REF! | Q25: =+VLOOKUP(B25,PRESUPUESTO!C26:I130,7,0) -> 9292084.1 | R25: =+L25-Q25 -> 0.9
A26: 5.0 | B26: 59.0 | C26: =VLOOKUP($B26,PRESUPUESTO!$C$3:$H$256,2,FALSE) -> ESTRUCTURAS DE CONCRETO, METALICAS Y MADERA | D26: =VLOOKUP($B26,PRESUPUESTO!$C$3:$S$251,9,FALSE) -> 8102067.4 | E26: =ROUND(D26*(1+$D$43),0) -> 10532688 | F26: =VLOOKUP($B26,PRESUPUESTO!$C$3:$S$251,11,FALSE) -> 13620992 | G26: =F26*(1+$D$43) -> 17707290 | H26: =VLOOKUP($B26,PRESUPUESTO!$C$3:$S$251,13,FALSE) -> 30876221 | I26: =H26*(1+$D$43) -> 40139087 | J26: =VLOOKUP($B26,PRESUPUESTO!$C$3:$S$251,15,FALSE) -> 702440.91 | K26: =J26*(1+$D$43) -> 913173.18 | L26: =ROUND((E26+G26+I26+K26),0) -> 69292238 | N26: =VLOOKUP($B26,PRESUPUESTO!$C$3:$S$251,6,FALSE) -> 53301722 | O26: =ROUND(N26*#REF!,0) -> #REF! | P26: =+L26-O26 -> #REF! | Q26: =+VLOOKUP(B26,PRESUPUESTO!C27:I177,7,0) -> 69292239 | R26: =+L26-Q26 -> -0.60000001
A27: 6.0 | B27: 60.0 | C27: =VLOOKUP($B27,PRESUPUESTO!$C$3:$H$256,2,FALSE) -> MAMPOSTERIA | D27: =VLOOKUP($B27,PRESUPUESTO!$C$3:$S$251,9,FALSE) -> 45231.627 | E27: =ROUND(D27*(1+$D$43),0) -> 58801 | F27: =VLOOKUP($B27,PRESUPUESTO!$C$3:$S$251,11,FALSE) -> 1060140 | G27: =F27*(1+$D$43) -> 1378182 | H27: =VLOOKUP($B27,PRESUPUESTO!$C$3:$S$251,13,FALSE) -> 1966403.6 | I27: =H27*(1+$D$43) -> 2556324.7 | J27: =VLOOKUP($B27,PRESUPUESTO!$C$3:$S$251,15,FALSE) -> 97254.178 | K27: =J27*(1+$D$43)+1 -> 126431.43 | L27: =ROUND((E27+G27+I27+K27),0) -> 4119739 | N27: =VLOOKUP($B27,PRESUPUESTO!$C$3:$S$251,6,FALSE) -> 3169030 | O27: =ROUND(N27*#REF!,0) -> #REF! | P27: =+L27-O27 -> #REF! | Q27: =+VLOOKUP(B27,PRESUPUESTO!C28:I178,7,0) -> 4119739 | R27: =+L27-Q27 -> 0
A28: 7.0 | B28: 61.0 | C28: =VLOOKUP($B28,PRESUPUESTO!$C$3:$H$256,2,FALSE) -> INSTALACIONES HIDRAULICAS | D28: =VLOOKUP($B28,PRESUPUESTO!$C$3:$S$251,9,FALSE) -> 243784.64 | E28: =ROUND(D28*(1+$D$43),0) -> 316920 | F28: =VLOOKUP($B28,PRESUPUESTO!$C$3:$S$251,11,FALSE) -> 237837 | G28: =F28*(1+$D$43) -> 309188.1 | H28: =VLOOKUP($B28,PRESUPUESTO!$C$3:$S$251,13,FALSE) -> 6993336.4 | I28: =H28*(1+$D$43) -> 9091337.3 | J28: =VLOOKUP($B28,PRESUPUESTO!$C$3:$S$251,15,FALSE) -> 113795.62 | K28: =J28*(1+$D$43)-2 -> 147932.31 | L28: =ROUND((E28+G28+I28+K28),0) -> 9865378 | N28: =VLOOKUP($B28,PRESUPUESTO!$C$3:$S$251,6,FALSE) -> 7588755 | O28: =ROUND(N28*#REF!,0) -> #REF! | P28: =+L28-O28 -> #REF! | Q28: =+VLOOKUP(B28,PRESUPUESTO!C29:I179,7,0) -> 9865381.5 | R28: =+L28-Q28 -> -3.5
A29: 9.0 | B29: 62.0 | C29: =VLOOKUP($B29,PRESUPUESTO!$C$3:$H$256,2,FALSE) -> PINTURA | D29: =VLOOKUP($B29,PRESUPUESTO!$C$3:$S$251,9,FALSE) -> 2170465.2 | E29: =ROUND(D29*(1+$D$43),0) -> 2821605 | F29: =VLOOKUP($B29,PRESUPUESTO!$C$3:$S$251,11,FALSE) -> 10544965 | G29: =F29*(1+$D$43) -> 13708454 | H29: =VLOOKUP($B29,PRESUPUESTO!$C$3:$S$251,13,FALSE) -> 3426966.3 | I29: =H29*(1+$D$43) -> 4455056.1 | J29: =VLOOKUP($B29,PRESUPUESTO!$C$3:$S$251,15,FALSE) -> 512420.42 | K29: =J29*(1+$D$43) -> 666146.54 | L29: =ROUND((E29+G29+I29+K29),0) -> 21651262 | N29: =VLOOKUP($B29,PRESUPUESTO!$C$3:$S$251,6,FALSE) -> 16654816 | O29: =ROUND(N29*#REF!,0) -> #REF! | P29: =+L29-O29 -> #REF! | Q29: =+VLOOKUP(B29,PRESUPUESTO!C30:I180,7,0) -> 21651261 | R29: =+L29-Q29 -> 1.2
A30: 10.0 | B30: 63.0 | C30: =VLOOKUP($B30,PRESUPUESTO!$C$3:$H$256,2,FALSE) -> CUBIERTAS | D30: =VLOOKUP($B30,PRESUPUESTO!$C$3:$S$251,9,FALSE) -> 13668.75 | E30: =ROUND(D30*(1+$D$43),0) -> 17769 | F30: =VLOOKUP($B30,PRESUPUESTO!$C$3:$S$251,11,FALSE) -> 117807 | G30: =F30*(1+$D$43) -> 153149.1 | H30: =VLOOKUP($B30,PRESUPUESTO!$C$3:$S$251,13,FALSE) -> 102616.27 | I30: =H30*(1+$D$43) -> 133401.15 | J30: =VLOOKUP($B30,PRESUPUESTO!$C$3:$S$251,15,FALSE) -> 0 | K30: =J30*(1+$D$43) -> 0 | L30: =ROUND((E30+G30+I30+K30),0) -> 304319 | N30: =VLOOKUP($B30,PRESUPUESTO!$C$3:$S$251,6,FALSE) -> 234090 | O30: =ROUND(N30*#REF!,0) -> #REF! | P30: =+L30-O30 -> #REF! | Q30: =+VLOOKUP(B30,PRESUPUESTO!C31:I181,7,0) -> 304317 | R30: =+L30-Q30 -> 2
A31: 17.0 | B31: 64.0 | C31: =VLOOKUP($B31,PRESUPUESTO!$C$3:$H$256,2,FALSE) -> CARPINTERIA METALICA | D31: =VLOOKUP($B31,PRESUPUESTO!$C$3:$S$251,9,FALSE) -> 3542123.5 | E31: =ROUND(D31*(1+$D$43),0) -> 4604761 | F31: =VLOOKUP($B31,PRESUPUESTO!$C$3:$S$251,11,FALSE) -> 24637538 | G31: =F31*(1+$D$43) -> 32028799 | H31: =VLOOKUP($B31,PRESUPUESTO!$C$3:$S$251,13,FALSE) -> 62816510 | I31: =H31*(1+$D$43) -> 81661463 | J31: =VLOOKUP($B31,PRESUPUESTO!$C$3:$S$251,15,FALSE) -> 5078817 | K31: =J31*(1+$D$43)-3 -> 6602459.2 | L31: =ROUND((E31+G31+I31+K31),0) -> 124897483 | N31: =VLOOKUP($B31,PRESUPUESTO!$C$3:$S$251,6,FALSE) -> 96074987 | O31: =ROUND(N31*#REF!,0) -> #REF! | P31: =+L31-O31 -> #REF! | Q31: =+VLOOKUP(B31,PRESUPUESTO!C32:I184,7,0) -> 1.2489748e+08 | R31: =+L31-Q31 -> -0.10000001
A32: 18.0 | B32: 65.0 | C32: =VLOOKUP($B32,PRESUPUESTO!$C$3:$H$256,2,FALSE) -> OBRAS VARIAS | D32: =VLOOKUP($B32,PRESUPUESTO!$C$3:$S$251,9,FALSE) -> 1260570.6 | E32: =ROUND(D32*(1+$D$43),0) -> 1638742 | F32: =VLOOKUP($B32,PRESUPUESTO!$C$3:$S$251,11,FALSE) -> 12469545 | G32: =F32*(1+$D$43) -> 16210408 | H32: =VLOOKUP($B32,PRESUPUESTO!$C$3:$S$251,13,FALSE) -> 57633321 | I32: =H32*(1+$D$43) -> 74923318 | J32: =VLOOKUP($B32,PRESUPUESTO!$C$3:$S$251,15,FALSE) -> 1162156.9 | K32: =J32*(1+$D$43) -> 1510804 | L32: =ROUND((E32+G32+I32+K32),0) -> 94283272 | N32: =VLOOKUP($B32,PRESUPUESTO!$C$3:$S$251,6,FALSE) -> 72525594 | O32: =ROUND(N32*#REF!,0) -> #REF! | P32: =+L32-O32 -> #REF! | Q32: =+VLOOKUP(B32,PRESUPUESTO!C33:I185,7,0) -> 94283272 | R32: =+L32-Q32 -> -0.2
A33: 19.0 | B33: 66.0 | C33: =VLOOKUP($B33,PRESUPUESTO!$C$3:$H$256,2,FALSE) -> ADECUACIONES SANITARIAS | D33: =VLOOKUP($B33,PRESUPUESTO!$C$3:$S$251,9,FALSE) -> 188679.53 | E33: =ROUND(D33*(1+$D$43),0) -> 245283 | F33: =VLOOKUP($B33,PRESUPUESTO!$C$3:$S$251,11,FALSE) -> 4253485 | G33: =F33*(1+$D$43) -> 5529530.5 | H33: =VLOOKUP($B33,PRESUPUESTO!$C$3:$S$251,13,FALSE) -> 8076606.7 | I33: =H33*(1+$D$43) -> 10499589 | J33: =VLOOKUP($B33,PRESUPUESTO!$C$3:$S$251,15,FALSE) -> 201790.53 | K33: =J33*(1+$D$43) -> 262327.69 | L33: =ROUND((E33+G33+I33+K33),0) -> 16536730 | N33: =VLOOKUP($B33,PRESUPUESTO!$C$3:$S$251,6,FALSE) -> 12720561 | O33: =ROUND(N33*#REF!,0) -> #REF! | P33: =+L33-O33 -> #REF! | Q33: =+VLOOKUP(B33,PRESUPUESTO!C34:I186,7,0) -> 16536729 | R33: =+L33-Q33 -> 0.7
C35: COSTO TOTAL | D35: =ROUND(SUM(D8:D33),0) -> 333464331 | E35: =ROUND(SUM(E8:E33),0) -> 417856787 | F35: =ROUND(SUM(F8:F33),0) -> 100829392 | G35: =ROUND(SUM(G8:G33),0) -> 131078209 | H35: =ROUND(SUM(H8:H33),0) -> 214770752 | I35: =ROUND(SUM(I8:I33),0) -> 279201978 | J35: =ROUND(SUM(J8:J33),0) -> 10836323 | K35: =ROUND(SUM(K8:K33),0) -> 14087216 | L35: =ROUND(SUM(L8:L33),0) -> 842224192 | Q35: =ROUND(SUM(Q8:Q33),0) -> 842224192
N37: =SUM(N8:N20) -> 71531258
O38: =+PRESUPUESTO!#REF!-PRESUPUESTO!H184 -> #REF!
C39: COSTO DIRECTO MAS AIU | F39: =+L35 -> 842224192
C40: PLAN DE GESTION INTEGRAL DE OBRA (PGIO) | H40: =+PRESUPUESTO!H190 -> 5108244.5
C41: COSTO TOTAL DE INTERVENTORIA | H41: =+PRESUPUESTO!H191 -> 65927711
C42: COSTO TOTAL DE OBRA+ INTERVENTORIA | H42: =ROUND(SUM(F39:H41),0) -> 913260148
C43: A.U | D43: =AIU!I46 -> 0.3
C44: ADMINISTRACION EQUIPOS A | D44: =+AIU!I11 -> 0.25
C47: Responsabilidad técnica:
C51: Ingeniero Herney Marin Quintero
C52: T.P 17202-17905 CLD
C53: enero 2024

Sheet APU
C2: Objeto: CONTRATAR A TODO COSTO OBRAS PARA LA ADECUACIÓN, MANTENIMIENTO, Y SUMINISTRO E INSTALACIÓN DE EQUIPOS EN LA LÍNEA DE SACRIFICIO DE BOVINOS DE LA PLANTA DE BENEFICIO DE AUTOCONSUMO DEL MUNICIPIO PALESTINA ."
B4: ITEM | C4: ID BASE | D4: DESCRIPCIÓN | E4: UNIDAD | F4: CANTIDAD | G4: VALOR UNITARIO | H4: RENDIMIENTO/DESPERDICIOS/USOS | I4: VALOR PARCIAL | K4: ITEM | L4: EQUIPOS Y HERRAMIENTAS | M4: MANO DE OBRA NO CALIFICADA | N4: MATERIALES (INSUMOS | O4: TRANSPORTE | P4: TOTAL
B7: ITEM | C7: ID BASE | D7: DESCRIPCIÓN | E7: UNIDAD | F7: CANTIDAD | G7: VALOR UNITARIO | H7: RENDIMIENTO/DESPERDICIOS/USOS | I7: VALOR PARCIAL
B8: 1.1 | D8: LOCALIZACION Y REPLANTEO | E8: M² | G8: =SUM(I9:I12) -> 4197.598 | K8: =+B8 -> 1.1 | L8: =+I9 -> 331.058 | M8: =+I10 -> 2074 | N8: =SUM(I11:I12) -> 1792.54 | P8: =SUM(L8:O8) -> 4197.598 | Q8: =+Tabla2[[#This Row],[VALOR UNITARIO ]]-P8 -> 0
D9: HERRAMIENTA MENOR | E9: GL | F9: 0.1 | G9: 3310.58 | H9: 1 | I9: =(F9*G9*H9) -> 331.058
D10: COMISION TOPOGRAFICA PERMANENTE ( INCLUYE TOPOGRAFO, CADENERO Y EQUIPO TOPOGRAFICO (ESTACIÓN Y NIVEL)). | E10: M2 | F10: 1 | G10: 2074 | H10: 1 | I10: =(F10*G10*H10) -> 2074
D11: PUNTILLA CON CABEZA DE 2" | E11: lb | F11: 0.02 | G11: 4857 | H11: 1 | I11: =(F11*G11*H11) -> 97.14
D12: LISTON 2 X 4 | E12: m | F12: 0.7 | G12: 2422 | H12: 1 | I12: =(F12*G12*H12) -> 1695.4
B14: TIPO | C14: TIPO | D14: DESCRIPCIÓN | E14: UNIDAD | F14: CANTIDAD | G14: VALOR UNITARIO | H14: RENDIMIENTO/DESPERDICIOS/USOS | I14: VALOR PARCIAL
B15: 1.2 | D15: DEMOLICIÓN PLACA DE CONTRAPISO EN CONCRETO SIMPLE. | E15: M² | G15: =SUM(I16:I19) -> 72624.225 | K15: =+B15 -> 1.2 | L15: =+I17 -> 3157.575 | M15: =+I16+I19 -> 66309.075 | O15: =+I18 -> 3157.575 | P15: =SUM(L15:O15) -> 72624.225 | Q15: =+Tabla5[[#This Row],[VALOR UNITARIO ]]-P15 -> 0
B16: M.O | C16: M.O | D16: =+MO!B75 -> CUADRILLA AA TIPO 2 (1 OFICIAL + 2 AYUDANTE) (Albañileria) | E16: HR | F16: 1 | G16: =+MO!F75 -> 42101 | H16: 1.5 | I16: =(F16*G16*H16) -> 63151.5
B17: EQU. | C17: EQU. | D17: EQUIPO BÁSICO (HERRAMIENTA MENOR) | E17: %M.O | F17: 1 | G17: =+I16 -> 63151.5 | H17: 0.05 | I17: =(F17*G17*H17) -> 3157.575
B18: TRANS. | C18: TRANS. | D18: EQUIPO DE TRANSPORTE | E18: %M.O | F18: 1 | G18: =+I16 -> 63151.5 | H18: 0.05 | I18: =(F18*G18*H18) -> 3157.575
B19: TRANS. | C19: TRANS. | D19: ACARREO INTERNO | E19: %M.O | F19: 1 | G19: =+I16 -> 63151.5 | H19: 0.05 | I19: =(F19*G19*H19) -> 3157.575
B21: TIPO | C21: TIPO | D21: DESCRIPCIÓN | E21: UNIDAD | F21: CANTIDAD | G21: VALOR UNITARIO | H21: RENDIMIENTO/DESPERDICIOS/USOS | I21: VALOR PARCIAL
B22: 1.3 | D22: DEMOLICIÓN DE MUROS EN BLOQUE DE CEMENTO O LADRILLO | E22: M² | G22: =SUM(I23:I26) -> 26286.723 | K22: =+B22 -> 1.3 | L22: =+I24 -> 1768.242 | M22: =+I23+I26 -> 18566.541 | O22: =+I25 -> 5951.94 | P22: =SUM(L22:O22) -> 26286.723 | Q22: =+Tabla3[[#This Row],[VALOR UNITARIO ]]-P22 -> 0
B23: M.O | C23: M.O | D23: =+MO!B75 -> CUADRILLA AA TIPO 2 (1 OFICIAL + 2 AYUDANTE) (Albañileria) | E23: HR | F23: 1 | G23: =+MO!F75 -> 42101 | H23: 0.42 | I23: =(F23*G23*H23) -> 17682.42
B24: EQU. | C24: EQU. | D24: EQUIPO BÁSICO (HERRAMIENTA MENOR | E24: %M.O | F24: 1 | G24: =+I23 -> 17682.42 | H24: 0.1 | I24: =(F24*G24*H24) -> 1768.242 | Q24: =SUM(L24:O24) -> 0
B25: EQU. | C25: EQU. | D25: =+EQUIPOS!B405 -> VOLQUETA 6M3 (CARGUE A MANO) | E25: VIAJE | F25: 1 | G25: =+EQUIPOS!E408 -> 198398 | H25: 0.03 | I25: =(F25*G25*H25) -> 5951.94
B26: TRANS. | C26: TRANS. | D26: ACARREO INTERNO | E26: %M.O | F26: 1 | G26: =+I23 -> 17682.42 | H26: 0.05 | I26: =(F26*G26*H26) -> 884.121
B28: TIPO | C28: TIPO | D28: DESCRIPCIÓN | E28: UNIDAD | F28: CANTIDAD | G28: VALOR UNITARIO | H28: RENDIMIENTO/DESPERDICIOS/USOS | I28: VALOR PARCIAL
B29: 2.1 | D29: EXCAVACIÓN PARA ESTRUCTURAS - MATERIAL COMÚN - 0.0 A 2.0 M | E29: M3 | G29: =SUM(I30:I31) -> 43836.032 | K29: =+B29 -> 2.1 | L29: =+I31 -> 1324.232 | M29: =+I30 -> 42511.8 | O29: =+I32 -> 0 | P29: =SUM(L29:O29) -> 43836.032 | Q29: =+G29-P29 -> 0
B30: M.O | C30: M.O | D30: CUADRILLA TIPO 10 ( 1 Ofi +5 Ayud) | E30: =+E16 -> HR | F30: 0.6 | G30: 70853 | H30: 1 | I30: =(F30*G30*H30) -> 42511.8
B31: EQU. | C31: EQU. | D31: EQUIPO BÁSICO (HERRAMIENTA MENOR | E31: %M.O | F31: 0.4 | G31: 3310.58 | H31: 1 | I31: =(F31*G31*H31) -> 1324.232 | Q31: =SUM(L31:O31) -> 0
B33: TIPO | C33: TIPO | D33: DESCRIPCIÓN | E33: UNIDAD | F33: CANTIDAD | G33: VALOR UNITARIO | H33: RENDIMIENTO/DESPERDICIOS/USOS | I33: VALOR PARCIAL
B34: 2.4 | D34: RELLENO EN MATERIAL SELECCIONADO PROVENIENTE DE LA EXCAVACION (CANGURO) | E34: M3 | G34: =SUM(I35:I36) -> 46267.832 | K34: =+B34 -> 2.4 | L34: =+I36 -> 1324.232 | M34: =+I35 -> 44943.6 | O34: =+I37 -> 0 | P34: =SUM(L34:O34) -> 46267.832 | Q34: =+G34-P34 -> 0
B35: M.O | C35: M.O | D35: CUADRILLA TIPO 10 ( 1 Ofi +5 Ayud) | E35: =+E21 -> UNIDAD | F35: 0.6 | G35: =+MO!F96 -> 74906 | H35: 1 | I35: =(F35*G35*H35) -> 44943.6
B36: EQU. | C36: EQU. | D36: EQUIPO BÁSICO (HERRAMIENTA MENOR | E36: %M.O | F36: 0.4 | G36: 3310.58 | H36: 1 | I36: =(F36*G36*H36) -> 1324.232 | Q36: =SUM(L36:O36) -> 0
B39: TIPO | C39: TIPO | D39: DESCRIPCIÓN | E39: UNIDAD | F39: CANTIDAD | G39: VALOR UNITARIO | H39: RENDIMIENTO/DESPERDICIOS/USOS | I39: VALOR PARCIAL
B40: 3.1 | D40: SUMINISTRO, TRANSPORTE E INSTALACION CONCRETO CICLOPEO CIMIENTOS (60% Concreto 3000 psi y 40% piedra media zonga) | E40: M3 | G40: =SUM(I41:I46) -> 363062.34 | K40: =+B40 -> 3.1 | L40: =+I44 -> 3198.55 | M40: =+I41+I46 -> 67169.55 | N40: =SUM(I42:I43) -> 289495.69 | O40: =+I45 -> 3198.55 | P40: =SUM(L40:O40) -> 363062.34 | Q40: =+Tabla6[[#This Row],[VALOR UNITARIO ]]-P40 -> 0
B41: M.O | C41: M.O | D41: =+MO!B89 -> CUADRILLA AA TIPO 4 (1 OFICIAL + 4 AYUDANTE) (Albañileria) | E41: =+E189 -> hr | F41: 1 | G41: =+MO!H89 -> 511768 | H41: =(60/480) -> 0.125 | I41: =(F41*G41*H41) -> 63971
B42: MAT. | C42: MAT. | D42: CONCRETO DE 3000 PSI PRODUCCIÓN | E42: =+E190 -> M3 | F42: 0.618 | G42: =+G190 -> 393249.64 | H42: 1.05 | I42: =(F42*G42*H42) -> 255179.69
B43: MAT. | C43: MAT. | D43: =+INSUMOS!B89 -> PIEDRA MEDIA ZONGA | E43: =+INSUMOS!D89 -> M3 | F43: 0.412 | G43: =+INSUMOS!E89 -> 79325 | H43: 1.05 | I43: =(F43*G43*H43) -> 34315.995
B44: EQU. | C44: EQU. | D44: EQUIPO BÁSICO (HERRAMIENTA MENOR) | E44: %M.O | F44: 1 | G44: =+I41 -> 63971 | H44: 0.05 | I44: =(F44*G44*H44) -> 3198.55
B45: TRANS. | C45: TRANS. | D45: EQUIPO DE TRANSPORTE | E45: %M.O | F45: 1 | G45: =+I41 -> 63971 | H45: 0.05 | I45: =(F45*G45*H45) -> 3198.55
B46: TRANS. | C46: TRANS. | D46: ACARREO INTERNO | E46: %M.O | F46: 1 | G46: =+I41 -> 63971 | H46: 0.05 | I46: =(F46*G46*H46) -> 3198.55
B48: TIPO | C48: TIPO | D48: DESCRIPCIÓN | E48: UNIDAD | F48: CANTIDAD | G48: VALOR UNITARIO | H48: RENDIMIENTO/DESPERDICIOS/USOS | I48: VALOR PARCIAL
B49: 3.2 | D49: SUMINISTRO TRANSPORTE E INSTALACIÓN VIGUETA DE CIMENTACIÓN DE 0,13 * 0,20 M EN CONCRETO DE 3000 PSI, INCLUYE ACERO DE REFUERZO | E49: M | G49: =SUM(I50:I60) -> 174939.24 | K49: =+B49 -> 3.2 | L49: =+I57+I58 -> 65869.933 | M49: =+I50+I60 -> 14735.35 | N49: =SUM(I51:I56) -> 93632.27 | O49: =+I59 -> 701.68333 | P49: =SUM(L49:O49) -> 174939.24 | Q49: =+Tabla8[[#This Row],[VALOR UNITARIO ]]-P49 -> 0
B50: M.O | C50: M.O | D50: =+MO!B75 -> CUADRILLA AA TIPO 2 (1 OFICIAL + 2 AYUDANTE) (Albañileria) | E50: =+E41 -> hr | F50: 1 | G50: =+MO!H75 -> 336808 | H50: =(20/480) -> 0.041666667 | I50: =(F50*G50*H50) -> 14033.667
B51: MAT. | C51: MAT. | D51: CONCRETO DE 3000 PSI PRODUCCIÓN | E51: =+E42 -> M3 | F51: 0.026 | G51: =+'SUB ANALISIS CONCRETO'!I25 -> 393249.64 | H51: 1.05 | I51: =(F51*G51*H51) -> 10735.715
B52: MAT. | C52: MAT. | D52: =+D191 -> TABLA BURRA 30 CM * 2.5 CM * 3 M | E52: =+E206 -> UNIDAD | F52: 1 | G52: =+G206 -> 17100 | H52: 1.05 | I52: =(F52*G52*H52) -> 17955
B53: MAT. | C53: MAT. | D53: =+INSUMOS!B13 -> LISTON 2*4" | E53: =+INSUMOS!D13 -> UNIDAD | F53: 3 | G53: =+INSUMOS!E13 -> 4484 | H53: 1.05 | I53: =(F53*G53*H53) -> 14124.6
B54: MAT. | C54: MAT. | D54: =+D208 -> PUNTILLA CON CABEZA 2" | E54: =+E208 -> LIBRA | F54: 0.3 | G54: =+G208 -> 4956 | H54: 1.05 | I54: =(F54*G54*H54) -> 1561.14
B55: MAT. | C55: MAT. | D55: =+INSUMOS!B90 -> ACERO DE REFUERZO DE 60000 PSI | E55: =+INSUMOS!D90 -> KG | F55: 10 | G55: =+INSUMOS!E90 -> 4581 | H55: 1.05 | I55: =(F55*G55*H55) -> 48100.5
B56: MAT. | C56: MAT. | D56: =+INSUMOS!B18 -> ALAMBRE NEGRO NO. 18 | E56: =+INSUMOS!D18 -> KG | F56: 0.1 | G56: =+INSUMOS!E18 -> 11003 | H56: 1.05 | I56: =(F56*G56*H56) -> 1155.315
B57: EQU. | C57: EQU. | D57: =+EQUIPOS!B402 -> VIBRADOR A GASOLINA | E57: =+EQUIPOS!D402 -> DÍA | F57: 1 | G57: =+EQUIPOS!E402 -> 62065 | H57: 1.05 | I57: =(F57*G57*H57) -> 65168.25
B58: EQU. | C58: EQU. | D58: EQUIPO BÁSICO (HERRAMIENTA MENOR) | E58: %M.O | F58: 1 | G58: =+I50 -> 14033.667 | H58: 0.05 | I58: =(F58*G58*H58) -> 701.68333
B59: TRANS. | C59: TRANS. | D59: EQUIPO DE TRANSPORTE | E59: %M.O | F59: 1 | G59: =+I50 -> 14033.667 | H59: 0.05 | I59: =(F59*G59*H59) -> 701.68333
B60: TRANS. | C60: TRANS. | D60: ACARREO INTERNO | E60: %M.O | F60: 1 | G60: =+I50 -> 14033.667 | H60: 0.05 | I60: =(F60*G60*H60) -> 701.68333
B62: TIPO | C62: TIPO | D62: DESCRIPCIÓN | E62: UNIDAD | F62: CANTIDAD | G62: VALOR UNITARIO | H62: RENDIMIENTOS/DESPERDICIOS/USOS | I62: VALOR PARCIAL
B63: 5.1 | D63: SUMINISTRO, TRANSPORTE E INSTALACIÓN CONCRETO DE 3000 PSI, PARA PLACA DE CONTRAPISO E=0,12M EN ÁREAS DETERIORADAS AL INTERIOR DE LA PLANTA, INCLUYE MALLA ELECTROSOLDADA 15*15 5MM | E63: M² | G63: =SUM(I64:I72) -> 140236.2 | K63: =+B63 -> 5.1 | L63: =+I70 -> 165.5 | M63: =+I64+I72 -> 54079.83 | N63: =SUM(I65:I69) -> 83415.64 | O63: =+I71 -> 2575.23 | P63: =SUM(L63:O63) -> 140236.2 | Q63: =+Tabla9[[#This Row],[VALOR UNITARIO]]-P63 -> 0
B64: M.O | C64: M.O | D64: =+MO!B103 -> CUADRILLA AA TIPO 6 (1 OFICIAL + 6 AYUDANTE) (Albañileria) | E64: HR | F64: 0.6 | G64: =+MO!F103 -> 85841 | H64: 1 | I64: =(F64*G64*H64) -> 51504.6
B65: MAT. | C65: MAT. | D65: =+D217 -> TABLA BURRA 30 CM * 2.5 CM * 3 M | E65: =+E217 -> UNIDAD | F65: 0.4 | G65: =+G217 -> 17100 | H65: 1.05 | I65: =(F65*G65*H65) -> 7182
B66: MAT. | C66: MAT. | D66: =+D218 -> LISTON 2*4" | E66: =+E218 -> UNIDAD | F66: 1.5 | G66: =+G218 -> 4484 | H66: 1.05 | I66: =(F66*G66*H66) -> 7062.3
B67: MAT. | C67: MAT. | D67: =+D219 -> PUNTILLA CON CABEZA 2" | E67: =+E219 -> LIBRA | F67: 0.045 | G67: =+G219 -> 4956 | H67: 1.05 | I67: =(F67*G67*H67) -> 234.171
B68: MAT. | C68: MAT. | D68: =+D221 -> CONCRETO DE 3000 PSI PRODUCCIÓN | E68: =+E221 -> M3 | F68: 0.15 | G68: =+G221 -> 393249.64 | H68: 1.05 | I68: =(F68*G68*H68) -> 61936.819
B69: MAT. | C69: MAT. | D69: SUMINISTRO, TRANSPORTE E INSTALACION MALLA ELECTROSOLDADA M-131 Q-3.1 Φ 5.0mm c/.15m en ambos sentidos (Incluye alambre negro, colocación y traslapo). | E69: m2 | F69: 1 | G69: =+INSUMOS!E290 -> 6667 | H69: 1.05 | I69: =(F69*G69*H69) -> 7000.35
B70: EQU. | C70: EQU. | D70: EQUIPO BÁSICO (HERRAMIENTA MENOR) | E70: % M.O | F70: 1 | G70: 3310 | H70: 0.05 | I70: =(F70*G70*H70) -> 165.5
B71: TRANS. | C71: TRANS. | D71: =+D255 -> EQUIPO DE TRANSPORTE | E71: % M.O | F71: 1 | G71: =+I64 -> 51504.6 | H71: 0.05 | I71: =(F71*G71*H71) -> 2575.23
B72: TRANS. | C72: TRANS. | D72: ACARREO INTERNO | E72: % M.O | F72: 1 | G72: =+I64 -> 51504.6 | H72: 0.05 | I72: =(F72*G72*H72) -> 2575.23
B74: TIPO | C74: TIPO | D74: DESCRIPCIÓN | E74: UNIDAD | F74: CANTIDAD | G74: VALOR UNITARIO | H74: RENDIMIENTOS/DESPERDICIOS/USOS | I74: VALOR PARCIAL
B75: 5.13 | D75: SUMINISTRO, TRANSPORTE E INSTALACIÓN LOSA METALDECK CAL. 16, (incluye malla electrosoldada 15x15X4mm) | E75: M² | G75: =SUM(I76:I84) -> 180694.42 | K75: =+B75 -> 5.13 | L75: =+I82 -> 3310 | M75: =+I76+I84 -> 72106.44 | N75: =SUM(I77:I81) -> 98410.697 | O75: =+I83 -> 6867.28 | P75: =SUM(L75:O75) -> 180694.42 | Q75: =+Tabla95[[#This Row],[VALOR UNITARIO]]-P75 -> 0
B76: M.O | C76: M.O | D76: CUADRILLA AA TIPO 6 (1 OFICIAL + 6 AYUDANTE) (Albañileria) | E76: HR | F76: 0.8 | G76: =+MO!F103 -> 85841 | H76: 1 | I76: =(F76*G76*H76) -> 68672.8
B77: MAT. | C77: MAT. | D77: =+INSUMOS!B294 -> Metaldeck 2pg 940x6100mm Cal.22 0.75mm | E77: M2 | F77: 1 | G77: =+INSUMOS!E294 -> 47103 | H77: 1.05 | I77: =(F77*G77*H77) -> 49458.15
B78: MAT. | C78: MAT. | D78: PARAL LARGO 2.00 A 3.50 M | E78: un | F78: 9 | G78: 836 | H78: 1.05 | I78: =(F78*G78*H78) -> 7900.2
B79: MAT. | C79: MAT. | D79: CERCHA METALICA L=3 M. | E79: día | F79: 9 | G79: 370 | H79: 1.05 | I79: =(F79*G79*H79) -> 3496.5
B80: MAT. | C80: MAT. | D80: CONCRETO DE 3000 PSI PRODUCCIÓN | E80: M3 | F80: 0.074 | G80: =+G221 -> 393249.64 | H80: 1.05 | I80: =(F80*G80*H80) -> 30555.497
B81: MAT. | C81: MAT. | D81: SUMINISTRO, TRANSPORTE E INSTALACION MALLA ELECTROSOLDADA | E81: m2 | F81: 1 | G81: =+INSUMOS!E87 -> 6667 | H81: 1.05 | I81: =(F81*G81*H81) -> 7000.35
B82: EQU. | C82: EQU. | D82: EQUIPO BÁSICO (HERRAMIENTA MENOR) | E82: % M.O | F82: 1 | G82: 3310 | H82: 1 | I82: =(F82*G82*H82) -> 3310
B83: TRANS. | C83: TRANS. | D83: EQUIPO DE TRANSPORTE | E83: % M.O | F83: 1 | G83: =+I76 -> 68672.8 | H83: 0.1 | I83: =(F83*G83*H83) -> 6867.28
B84: TRANS. | C84: TRANS. | D84: ACARREO INTERNO | E84: % M.O | F84: 1 | G84: =+I76 -> 68672.8 | H84: 0.05 | I84: =(F84*G84*H84) -> 3433.64
B87: TIPO | C87: TIPO | D87: DESCRIPCIÓN | E87: UNIDAD | F87: CANTIDAD | G87: VALOR UNITARIO | H87: RENDIMIENTOS/DESPERDICIOS/USOS | I87: VALOR PARCIAL
B88: 2A.1 | D88: SUMINISTRO, TRANSPORTE E INSTALACIÓN CONCRETO DE 3000 PSI, PARA ZAPATAS, INCLUYE REFUERZO | E88: M3 | G88: =SUM(I89:I95) -> 1021108.2 | K88: =+B88 -> 2A.1 | L88: =+I91 -> 4708.2 | M88: =+I89+I95 -> 139491.62 | N88: =+I90+I93+I94 -> 858571.18 | O88: =+I92 -> 18337.2 | P88: =SUM(L88:O88) -> 1021108.2 | Q88: =+Tabla912[[#This Row],[VALOR UNITARIO]]-P88 -> 0
B89: M.O | C89: M.O | D89: =+D64 -> CUADRILLA AA TIPO 6 (1 OFICIAL + 6 AYUDANTE) (Albañileria) | E89: DIA | F89: 1 | G89: 686728 | H89: 0.2 | I89: =(F89*G89*H89) -> 137345.6
B90: MAT. | C90: MAT. | D90: =+D229 -> LIJA ORIENTCRAFT | E90: =+E229 -> UNIDAD | F90: 0.4 | G90: 23593 | H90: 1.05 | I90: =(F90*G90*H90) -> 9909.06
B91: MAT. | C91: MAT. | D91: =+D230 -> EQUIPO BÁSICO (HERRAMIENTA MENOR) | E91: =+E230 -> %M.O | F91: 1 | G91: 4484 | H91: 1.05 | I91: =(F91*G91*H91) -> 4708.2
B92: MAT. | C92: MAT. | D92: =+D231 -> EQUIPO DE TRANSPORTE | E92: =+E231 -> %M.O | F92: 1 | G92: 4956 | H92: 3.7 | I92: =(F92*G92*H92) -> 18337.2
B93: MAT. | C93: MAT. | D93: CONCRETO DE 3000 PSI PRODUCCIÓN | E93: =+E233 -> 0 | F93: 1 | G93: =+INSUMOS!E188 -> 393249.64 | H93: 1.05 | I93: =(F93*G93*H93) -> 412912.12
B94: MAT. | C94: 14 | D94: Acero de refuerzo | E94: KG | F94: 100 | G94: =+INSUMOS!E17 -> 4150 | H94: 1.05 | I94: =(F94*G94*H94) -> 435750
B95: TRANS. | C95: TRANS. | D95: ACARREO INTERNO | E95: % M.O | F95: 1 | G95: 42920.5 | H95: 0.05 | I95: =(F95*G95*H95) -> 2146.025
B97: TIPO | C97: TIPO | D97: DESCRIPCIÓN | E97: UNIDAD | F97: CANTIDAD | G97: VALOR UNITARIO | H97: RENDIMIENTOS/DESPERDICIOS/USOS | I97: VALOR PARCIAL
B98: 5.6 | D98: SUMINISTRO TRANSPORTE E INSTALACIÓN VIGAS DE CONCRETO DE 3000 PSI 20X30 CM, INCLUYE ACERO DE REFUERZO | E98: M | G98: =SUM(I99:I110) -> 219338.28 | K98: =+B98 -> 5.6 | L98: =+I108+I106+I107 -> 64279.132 | M98: =+I99+I110 -> 32922.982 | N98: =SUM(I100:I105) -> 120788.93 | O98: =+I109 -> 1347.232 | P98: =SUM(L98:O98) -> 219338.28 | Q98: =+G98-P98 -> 0
B99: =B34 -> 2.4 | C99: =C34 -> 0 | D99: CUADRILLA AA TIPO 2 (1 OFICIAL + 2 AYUDANTE) (Albañileria) | E99: DIA | F99: 1 | G99: 336808 | H99: =(45/480) -> 0.09375 | I99: =(F99*G99*H99) -> 31575.75
B100: =B35 -> M.O | C100: =C35 -> M.O | D100: CONCRETO DE 3000 PSI PRODUCCIÓN | E100: M3 | F100: 0.06 | G100: 493249.64 | H100: 1.05 | I100: =(F100*G100*H100) -> 31074.727
B101: =B36 -> EQU. | C101: =C36 -> EQU. | D101: TABLA BURRA 30 CM * 2.5 CM * 3 M | E101: UNIDAD | F101: 1 | G101: 23593 | H101: 1.05 | I101: =(F101*G101*H101) -> 24772.65
B102: =B37 -> 0 | C102: =C37 -> 0 | D102: LISTON 2*4" | E102: UNIDAD | F102: 3 | G102: 4484 | H102: 1.05 | I102: =(F102*G102*H102) -> 14124.6
B103: =B38 -> 0 | C103: =C38 -> 0 | D103: PUNTILLA CON CABEZA 2" | E103: LIBRA | F103: 0.3 | G103: 4956 | H103: 1.05 | I103: =(F103*G103*H103) -> 1561.14
B104: =B39 -> TIPO | C104: =C39 -> TIPO | D104: ACERO DE REFUERZO DE 60000 PSI | E104: KG | F104: 10 | G104: 4581 | H104: 1.05 | I104: =(F104*G104*H104) -> 48100.5
B105: =B40 -> 3.1 | C105: =C40 -> 0 | D105: ALAMBRE NEGRO NO. 18 | E105: KG | F105: 0.1 | G105: 11003 | H105: 1.05 | I105: =(F105*G105*H105) -> 1155.315
B106: EQU. | C106: EQU. | D106: ANDAMIO METALICO CERTIFICADO, INCLUYE ESCALERILLA CON BARANDAS Y PLATAFORMAS DE TRABAJO | E106: DÍA | F106: 1 | G106: 8669 | H106: 0.1 | I106: =(F106*G106*H106) -> 866.9
B107: =B41 -> M.O | C107: =C41 -> M.O | D107: VIBRADOR A GASOLINA | E107: DÍA | F107: 1 | G107: 62065 | H107: 1 | I107: =(F107*G107*H107) -> 62065
B108: =B42 -> MAT. | C108: =C42 -> MAT. | D108: EQUIPO BÁSICO (HERRAMIENTA MENOR) | E108: %M.O | F108: 1 | G108: 26944.64 | H108: 0.05 | I108: =(F108*G108*H108) -> 1347.232
B109: =B43 -> MAT. | C109: =C43 -> MAT. | D109: EQUIPO DE TRANSPORTE | E109: %M.O | F109: 1 | G109: 26944.64 | H109: 0.05 | I109: =(F109*G109*H109) -> 1347.232
B110: =B44 -> EQU. | C110: =C44 -> EQU. | D110: ACARREO INTERNO | E110: %M.O | F110: 1 | G110: 26944.64 | H110: 0.05 | I110: =(F110*G110*H110) -> 1347.232
B113: =B48 -> TIPO | C113: =C48 -> TIPO | D113: =D48 -> DESCRIPCIÓN | E113: =E48 -> UNIDAD | F113: =F48 -> CANTIDAD | G113: =G48 -> VALOR UNITARIO | H113: =H48 -> RENDIMIENTO/DESPERDICIOS/USOS | I113: =I48 -> VALOR PARCIAL
B114: 5.7 | D114: SUMINISTRO, TRANSPORTE E INSTALACIÓN VIGA DE 20X30cm INCLUYE REFUERZO Y FORMALETA 3000PSI | E114: M | G114: =SUM(I115:I126) -> 201589.52 | K114: =+B114 -> 5.7 | L114: =+I124+I122+I123 -> 64279.132 | M114: =+I115+I126 -> 28291.872 | N114: =SUM(I116:I121) -> 107671.28 | O114: =+I125 -> 1347.232 | P114: =SUM(L114:O114) -> 201589.52 | Q114: =+G114-P114 -> 0
B115: =B50 -> M.O | C115: =C50 -> M.O | D115: =D50 -> CUADRILLA AA TIPO 2 (1 OFICIAL + 2 AYUDANTE) (Albañileria) | E115: =E50 -> hr | F115: =F50 -> 1 | G115: =G50 -> 336808 | H115: 0.08 | I115: =(F115*G115*H115) -> 26944.64
B116: =B51 -> MAT. | C116: =C51 -> MAT. | D116: =D51 -> CONCRETO DE 3000 PSI PRODUCCIÓN | E116: =E51 -> M3 | F116: 0.06 | G116: =G51 -> 393249.64 | H116: 1.05 | I116: =(F116*G116*H116) -> 24774.727
B117: =B52 -> MAT. | C117: =C52 -> MAT. | D117: =D52 -> TABLA BURRA 30 CM * 2.5 CM * 3 M | E117: =E52 -> UNIDAD | F117: =F52 -> 1 | G117: =G52 -> 17100 | H117: 1.05 | I117: =(F117*G117*H117) -> 17955
B118: =B53 -> MAT. | C118: =C53 -> MAT. | D118: =D53 -> LISTON 2*4" | E118: =E53 -> UNIDAD | F118: =F53 -> 3 | G118: =G53 -> 4484 | H118: 1.05 | I118: =(F118*G118*H118) -> 14124.6
...

Sheet AIU
A1: GOBERNACIÓN DE CALDAS
A2: SECRETARÍA DE INFRAESTRUCTURA
A3: CONTRATAR A TODO COSTO OBRAS PARA LA ADECUACIÓN, MANTENIMIENTO, Y SUMINISTRO E INSTALACIÓN DE EQUIPOS EN LA LÍNEA DE SACRIFICIO DE BOVINOS DE LA PLANTA DE BENEFICIO DE AUTOCONSUMO DEL MUNICIPIO PALESTINA ."
A4: ANÁLISIS DE A.U.
I5: 45720
B6: OBJETO | C6: UN | D6: VLR UNITARIO | E6: Factor Prestacional o de Uso | F6: Hombre Mes o Cantidad | G6: Meses | H6: Valor Total | I6: %
B8: COSTO DIRECTO OBRA CIVIL | G8: 3 | H8: =+PRESUPUESTO!H186 -> 346963880
B9: COSTO DIRECTO ADQUISICION DE EQUIPOS | H9: =+PRESUPUESTO!H110 -> 312936918
A11: A | B11: ADMINISTRACIÓN | I11: =ROUND(I13+I20+I23+I36+I40,2) -> 0.25
A13: 1 | B13: PERSONAL PROFESIONAL Y TÉCNICO | H13: =SUM(H14:H17) -> 49380924 | I13: =SUM(I14:I17) -> 0.14232295
B14: Director (más prestaciones sociales y Fic) | C14: Mes | D14: 7420131 | E14: 1.65 | F14: 0.1 | G14: =$G$8+1 -> 4 | H14: =G14*F14*E14*D14 -> 4897286.5 | I14: =H14/$H$8 -> 0.014114687 | J14: =H14/G14 -> 1224321.6
B15: Residente (más prestaciones sociales y Fic) | C15: Mes | D15: 4446382 | E15: =+E14 -> 1.65 | F15: 1 | G15: 3 | H15: =G15*F15*E15*D15 -> 22009591 | I15: =H15/$H$8 -> 0.063434819 | J15: =H15/G15 -> 7336530.3
B16: Residente SYSO | C16: Mes | D16: 3160171 | E16: =+E15 -> 1.65 | F16: 0.5 | G16: =$G$8 -> 3 | H16: =G16*F16*E16*D16 -> 7821423.2 | I16: =H16/$H$8 -> 0.022542471
B17: Maestro (más prestaciones sociales y Fic) | C17: Mes | D17: 2960126 | E17: =+E16 -> 1.65 | F17: 1 | G17: =$G$8 -> 3 | H17: =G17*F17*E17*D17 -> 14652624 | I17: =H17/$H$8 -> 0.042230977 | J17: =J14+J15 -> 8560851.9
A20: 3 | B20: EQUIPO Y GASTOS DE OBRA NO INCLUIDOS EN COSTOS DIRECTOS | H20: =SUM(H21) -> 600000 | I20: =SUM(I21) -> 0.0017292866
B21: Equipo de computo y comunicaciones | C21: Mes | D21: 100000 | E21: 1 | F21: =ROUNDUP(SUM(F15:F16),0) -> 2 | G21: =+$G$8 -> 3 | H21: =G21*F21*E21*D21 -> 600000 | I21: =H21/$H$8 -> 0.0017292866
A23: 4 | B23: GASTOS DE LEGALIZACIÓN | H23: =SUM(H24:H33) -> 33915720 | I23: =H23/$H$8 -> 0.097750002
B24: Garantía Cumplimiento | C24: Un | D24: =ROUND(H8*10%*0.5%,0) -> 173482 | E24: 0.1 | F24: 1 | G24: 1 | H24: =G24*F24*D24 -> 173482 | I24: =H24/$H$8 -> 0.00050000017
B25: Garantía Anticipo | C25: Un | D25: =ROUND(H8*20%*100%*0.4%,0) -> 277571 | E25: 1 | F25: 1 | G25: 1 | H25: =G25*F25*D25 -> 277571 | I25: =H25/$H$8 -> 0.0007999997
B26: Garantía Salarios | C26: Un | D26: =ROUND(H8*20%*1%,0) -> 693928 | E26: 0.2 | F26: 1 | G26: 1 | H26: =G26*F26*D26 -> 693928 | I26: =H26/$H$8 -> 0.0020000007
B27: Garantía Calidad | C27: Un | D27: =ROUND(H8*30%*0.5%,0) -> 520446 | E27: 0.3 | F27: 1 | G27: 1 | H27: =G27*F27*D27 -> 520446 | I27: =H27/$H$8 -> 0.0015000005
B28: Amparo Resp.Civil Extracontractual | C28: Un | D28: =ROUND(H8*5%*2.5%,0) -> 433705 | E28: 0.05 | F28: 1 | G28: 1 | H28: =G28*F28*D28 -> 433705 | I28: =H28/$H$8 -> 0.0012500004
B29: Gastos de legalización
B30: Pro-desarrollo (1%) | C30: Un | D30: =H8*1.31 -> 4.5452268e+08 | E30: 0.01 | F30: 1 | G30: 1 | H30: =(G30*F30*E30*D30) -> 4545226.8 | I30: =H30/$H$8 -> 0.0131
B31: Pro-universidad (2%) | C31: Un | D31: =+D30 -> 4.5452268e+08 | E31: 0.02 | F31: 1 | G31: 1 | H31: =(G31*F31*E31*D31) -> 9090453.7 | I31: =H31/$H$8 -> 0.0262
B32: Pro-Hospital Santa Sofia (1%) | C32: Un | D32: =+D31 -> 4.5452268e+08 | E32: 0.01 | F32: 1 | G32: 1 | H32: =(G32*F32*E32*D32) -> 4545226.8 | I32: =H32/$H$8 -> 0.0131
B33: Pro-adulto Mayor (3%) | C33: Un | D33: =+D32 -> 4.5452268e+08 | E33: 0.03 | F33: 1 | G33: 1 | H33: =(G33*F33*E33*D33) -> 13635680 | I33: =H33/$H$8 -> 0.0393
B34: Pro-cultura (1%) | C34: Un | D34: =+D33 -> 4.5452268e+08 | E34: 0.01 | F34: 1 | G34: 1 | H34: =(G34*F34*E34*D34) -> 4545226.8 | I34: =H34/$H$8 -> 0.0131
A36: 5 | B36: GASTOS DE PAPELERIA | H36: =SUM(H37:H38) -> 570000 | I36: =SUM(I37:I38) -> 0.0016428223
B37: Copias | C37: Mes | D37: 90000 | E37: 1 | F37: 1 | G37: =+$G$8 -> 3 | H37: =G37*F37*E37*D37 -> 270000 | I37: =H37/$H$8 -> 0.00077817899
B38: Papelería | C38: Mes | D38: 100000 | E38: 1 | F38: 1 | G38: =+$G$8 -> 3 | H38: =G38*F38*E38*D38 -> 300000 | I38: =H38/$H$8 -> 0.00086464332
A40: 6 | B40: GASTOS GENERALES | H40: =SUM(H41:H41) -> 1500000 | I40: =SUM(I41:I41) -> 0.0043232166
B41: Vallas informativas 12 m x 4 m con suministro de torres | C41: Un | D41: 1500000 | E41: 1 | F41: 1 | G41: 1 | H41: =G41*F41*E41*D41 -> 1500000 | I41: =H41/$H$8 -> 0.0043232166
A43: U | B43: UTILIDAD | H43: =ROUND(H8*I43,0) -> 17348194 | I43: 0.05
B46: T O T A L A.U. | H46: =H13++H20+H23+H36+H40+H43 -> 1.0331484e+08 | I46: =I11+I43+I44 -> 0.3
B54: Elaboró | C54: HERNEY MARIN QUINTERO
C55: Ingeniero Civil
C56: Tarjeta Profesional No. 174202-17905 CDS

Sheet EDT
B1: BALANCE DE ACTIVIDADES GENERAL DE OBRA
C3: EDT HOSPITAL NORCASIA
D4: ACTIVIDADES DEFINIDAS
B5: ITEM | C5: CAPITULOS | D5: DEFINIDAS | E5: CON APU | F5: SIN APU | G5: CON CANTIDADES | H5: CON ESPECIFICACI | I5: OBSERVACION
B6: 1.0 | C6: OBRAS PRELIMINARES | D6: 3 | E6: 3 | F6: =+D6-E6 -> 0 | G6: =+D6 -> 3
B7: 2.0 | C7: MOVIMIENTO DE TIERRAS | D7: 2 | E7: 2 | F7: =+D7-E7 -> 0 | G7: =+D7 -> 2
B8: 2A.0 | C8: CIMENTACIONES | D8: 2 | E8: 2 | F8: =+D8-E8 -> 0 | G8: =+D8 -> 2
B9: 3.0 | C9: DESAGUES E INSTALACIONES SANITARIAS | D9: 0 | E9: =+D9 -> 0 | F9: =+D9-E9 -> 0 | G9: =+D9 -> 0
B10: 4.0 | C10: PISOS, BASES Y RELLENOS | D10: 0 | E10: =+D10 -> 0 | F10: =+D10-E10 -> 0 | G10: =+D10 -> 0
B11: 5.0 | C11: ESTRUCTURAS DE CONCRETO, METALICAS Y MADERA | D11: 7 | E11: 7 | F11: =+D11-E11 -> 0 | G11: =+D11 -> 7
B12: 6.0 | C12: MAMPOSTERIA | D12: 1 | E12: 1 | F12: =+D12-E12 -> 0 | G12: =+D12 -> 1
B13: 7.0 | C13: INSTALACIONES HIDRAULICAS | D13: 0 | E13: =+D13 -> 0 | F13: =+D13-E13 -> 0 | G13: =+D13 -> 0
B14: 8.0 | C14: INSTALACIONES ELECTRICAS | D14: 0 | E14: =+D14 -> 0 | F14: =+D14-E14 -> 0 | G14: =+D14 -> 0
B15: 9.0 | C15: REVOQUES-RESANES | D15: 0 | E15: =+D15 -> 0 | F15: =+D15-E15 -> 0 | G15: =+D15 -> 0
B16: 10.0 | C16: CUBIERTAS | D16: 2 | E16: 2 | F16: =+D16-E16 -> 0 | G16: =+D16 -> 2
B17: 11.0 | C17: CIELOS RASOS | D17: 0 | E17: =+D17 -> 0 | F17: =+D17-E17 -> 0 | G17: =+D17 -> 0
B18: 12.0 | C18: PISOS Y ACABADOS | D18: 0 | E18: =+D18 -> 0 | F18: =+D18-E18 -> 0 | G18: =+D18 -> 0
B19: 13.0 | C19: ENCHAPES Y ACCESORIOS | D19: 2 | E19: 2 | F19: =+D19-E19 -> 0 | G19: =+D19 -> 2
B20: 14.0 | C20: VIDRIOS Y ESPEJOS | D20: 0 | E20: =+D20 -> 0 | F20: =+D20-E20 -> 0 | G20: =+D20 -> 0
B21: 15.0 | C21: APARATOS SANITARIOS | D21: 0 | E21: =+D21 -> 0 | F21: =+D21-E21 -> 0 | G21: =+D21 -> 0
B22: 16.0 | C22: CARPINTERIA DE MADERA | D22: 0 | E22: =+D22 -> 0 | F22: =+D22-E22 -> 0 | G22: =+D22 -> 0
B23: 17.0 | C23: CARPINTERIA METALICA | D23: 6 | E23: 6 | F23: =+D23-E23 -> 0 | G23: =+D23 -> 6
B24: 19.0 | C24: PINTURA | D24: 2 | E24: 2 | F24: =+D24-E24 -> 0 | G24: =+D24 -> 2
B25: 20.0 | C25: SISTEMA RCI | D25: 0 | E25: =+D25 -> 0 | F25: =+D25-E25 -> 0 | G25: =+D25 -> 0
B26: 21.0 | C26: URBANISMO | D26: 0 | E26: =+D26 -> 0 | F26: =+D26-E26 -> 0 | G26: =+D26 -> 0
B27: 22.0 | C27: ASEO GENERAL | D27: 1 | E27: 1 | F27: =+D27-E27 -> 0 | G27: =+D27 -> 1
B28: 27.0 | C28: OTROS | D28: 4 | E28: 4 | F28: =+D28-E28 -> 0 | G28: =+D28 -> 4
B29: 30.0 | C29: SISTEMA DE TRANSPORTE VERTICAL | E29: =+D29 -> 0 | F29: =+D29-E29 -> 0 | G29: =+D29 -> 0
B30: 35.0 | C30: VENTILACION MECANICA | E30: =+D30 -> 0 | F30: =+D30-E30 -> 0 | G30: =+D30 -> 0
B31: 36.0 | C31: SISTEMA DE VOZ Y DATOS | E31: =+D31 -> 0 | F31: =+D31-E31 -> 0 | G31: =+D31 -> 0
B32: 37.0 | C32: SISTEMA CCTV | E32: =+D32 -> 0 | F32: =+D32-E32 -> 0 | G32: =+D32 -> 0
B33: 38.0 | C33: SISTEMA CONTROL DE ACCESOS | F33: =+D33-E33 -> 0
B34: 39.0 | C34: SISTEMA DETECCION DE INCENDIOS | E34: =+D34 -> 0 | F34: =+D34-E34 -> 0 | G34: =+D34 -> 0
B35: 40.0 | C35: RED DE GASES MEDICINALES | E35: =+D35 -> 0 | F35: =+D35-E35 -> 0 | G35: =+D35 -> 0
B36: 41.0 | C36: SISTEMA BMS | F36: =+D36-E36 -> 0
B37: 42.0 | C37: SEÑALETICA | E37: =+D37 -> 0 | F37: =+D37-E37 -> 0 | G37: =+D37 -> 0 | I37: Faltan especificaciones
B38: 50.0 | C38: SUMINISTRO DE EQUIPOS
C39: TOTALES | D39: =SUM(D6:D37) -> 32 | E39: =SUM(E6:E37) -> 32 | F39: =SUM(F6:F37) -> 0 | G39: =SUM(G6:G37) -> 32 | H39: =SUM(H6:H37) -> 0
B41: 250 | C41: PORCENTAJE | D41: =+D39/$B41 -> 0.128 | E41: =+E39/$B41 -> 0.128 | F41: =+F39/$B41 -> 0 | G41: =+G39/$B41 -> 0.128 | H41: =+H39/$B41 -> 0

Sheet INSUMOS
A1: LISTADO DE INSUMOS PARA IMPLEMENTACIÓN DEL PRESUPUESTO PARA LA OBRA PLANTA DE BENFICIO ANIMAL DE PALESTINA -CALDAS
A2: ID | B2: INSUMO | C2: TIPO | D2: UNIDAD | E2: PRECIO 2025 | F2: SIN IVA
A3: 1 | B3: PABMERIL PLIEGO 9" X 11" | C3: INSUMO | D3: UN | E3: 4690 | F3: 3405.67 | G3: 1.19
A4: 2 | B4: TUBERÍA AL CARBÓN 2" SCH 40 | C4: INSUMO | D4: GLB | E4: 893202 | F4: 771900 | G4: 1.19
A5: 3 | B5: ESMALTE SINTETICO PINTULUX - TIPO PINTUCO REF. SEGÚN COLOR DISEÑO O SIMILAR | C5: INSUMO | D5: GALÓN | E5: 122755 | F5: 89146.31 | G5: 1.19
A6: 4 | B6: CERÁMICA | C6: INSUMO | D6: M2 | E6: 89291 | F6: 64844 | G6: 1.19
A7: 5 | B7: TUBO AL CARBÓN DE 2" | C7: INSUMO | D7: ML | E7: 132192 | F7: 96000 | G7: 1.19
A8: 6 | B8: PUERTA EN ACERO AL CARBÓN EN TUBERÍA DE 2" SCH40, DE 0,90*1,90 | C8: INSUMO | D8: UNIDAD | E8: 1652406 | F8: 1200000 | G8: 1.19
A9: SA0005 | B9: CONCRETO 3000 PSI PRODUCCIÓN | C9: INSUMO | D9: M³ | E9: =+'SUB ANALISIS CONCRETO'!I25 -> 393249.64 | F9: =+E9/G9 -> 330461.88 | G9: 1.19
A10: 8 | B10: ACARREO INTERNO | C10: INSUMO | D10: % M.O | E10: 0 | G10: 1.19
A11: 9 | B11: PUNTILLA CON CABEZA 1" | C11: INSUMO | D11: LIBRA | E11: 4956 | F11: 3598.93 | G11: 1.19
A12: 10 | B12: PUNTILLA CON CABEZA 2" | C12: INSUMO | D12: LIBRA | E12: 4956 | F12: 3598.93 | G12: 1.19
B13: LISTON 2*4" | C13: INSUMO | D13: UNIDAD | E13: 4484
A14: 11 | B14: LISTON CEDRO MACHO 5 CM X 2.5 CM X 3 M. | C14: INSUMO | D14: UNIDAD | E14: 23271 | F14: 16900 | G14: 1.19 | H14: M | I14: =(E14/3) -> 7757
A15: 12 | B15: CUARTON ORDINARIO 8 CM *4 CM *3M | C15: INSUMO | D15: UNIDAD | E15: 12900 | F15: 10840.33 | G15: 1.19 | H15: M | I15: =(E15/3) -> 4300
A16: 13 | B16: TABLA BURRA 30 CM * 2.5 CM * 3 M | C16: INSUMO | D16: UNIDAD | E16: 17100 | F16: =(E16/G16) -> 14369.748 | G16: 1.19
A17: 14 | B17: ACERO 60.000 PSI | C17: INSUMO | D17: KG | E17: 4150 | F17: 4819.25 | G17: 1.19
A18: 15 | B18: ALAMBRE NEGRO NO. 18 | C18: INSUMO | D18: KG | E18: 11003 | F18: 4341.84 | G18: 1.19
A19: 16 | B19: ACERO 60.000 PSI FIGURADO Y AMARRADO | C19: INSUMO | D19: KG | E19: =4150+420 -> 4570 | F19: =(E19/G19) -> 3840.3361 | G19: 1.19
A20: 17 | B20: MORTERO 1:3 (Producción) | C20: INSUMO | D20: M3 | E20: 551316 | F20: =(E20/G19) -> 463290.76 | G20: 1.19
A21: 18 | B21: BOQUILLA ALFACOLOR 1-3 | C21: INSUMO | D21: KG | E21: 7517 | F21: =(E21/G21) -> 6316.8067 | G21: 1.19
A22: 19 | B22: CERÁMICA PARA MESÓN | C22: INSUMO | D22: M2 | E22: 59595 | F22: =(E22/G22) -> 50079.832 | G22: 1.19
A23: 20 | B23: ALFALISTO BLANCO O SIMILAR | C23: INSUMO | D23: KG | E23: 2910 | F23: 2113.1 | G23: 1.19
A24: 21 | B24: AJUSTADOR PARA DILUSION DE PINTURA EPOXI POLIAMIDA CON CATALIZADOR - TIPO PINTUCO REF. 125290 O SIMILAR | C24: INSUMO | D24: GALÓN | E24: 227326 | F24: =(E24/G24) -> 191030.25 | G24: 1.19
A25: 22 | B25: INTERVINILO - TIPO PINTUCO REF. SEGÚN COLOR DISEÑO O SIMILAR | C25: INSUMO | D25: GALÓN | E25: 68416 | F25: 49684.44 | G25: 1.19
A26: 23 | B26: AGUA LITRO | C26: INSUMO | D26: LT | E26: 39 | F26: 28.51 | G26: 1.19
A27: 24 | B27: PINTURA EPOXI POLIAMIDA CON CATALIZADOR - TIPO PINTUCO REF. 113243 COLOR SEGÚN DISEÑO O SIMILAR | C27: INSUMO | D27: GALÓN | E27: 146737 | F27: =(E27/G27) -> 123308.4 | G27: 1.19
A28: 25 | B28: CINTA MALLA DE FIBRA DE VIDRIO ( 90 M. ) | C28: INSUMO | D28: ROLLO | E28: 13068 | F28: 9490 | G28: 1.19
A29: 26 | B29: CINTA PAPEL ( 75 M.) | C29: INSUMO | D29: ROLLO | E29: 15864 | F29: 11520.69 | G29: 1.19
A30: 27 | B30: FIBRA DE VIDRIO FRESCASA DE 2 1/2" | C30: INSUMO | D30: M² | E30: 11899 | F30: 8640.91 | G30: 1.19
A31: 28 | B31: FIBRA DE VIDRIO FRESCASA DE 3 1/2" | C31: INSUMO | D31: M² | E31: 14872 | F31: 10799.95 | G31: 1.19
A32: 29 | B32: MASILLA SUPERMASTIC USG | C32: INSUMO | D32: CANECA | E32: 67426 | F32: 48965.68 | G32: 1.19
A33: 30 | B33: PERFIL CANAL CAL. 26 ( 90 MM ) - 2.44 M. | C33: INSUMO | D33: UNIDAD | E33: 11105 | F33: 8064.32 | G33: 1.19
A34: 31 | B34: PERFIL CANAL CAL.24 ( 90 MM ) - 2.44 M. | C34: INSUMO | D34: UNIDAD | E34: 15070 | F34: 10944.1 | G34: 1.19 | H34: METRO | I34: 3684
A35: 32 | B35: PERFIL CANAL CAL.24 ( 90 MM ) - 3.05 M. | C35: INSUMO | D35: UNIDAD | E35: 15621 | F35: =(E35/G35) -> 13126.891 | G35: 1.19 | H35: METRO | I35: 4426
A36: 33 | B36: PERFIL OMEGA CAL 24 - 2.44 M. | C36: INSUMO | D36: UNIDAD | E36: 21415 | F36: 15552.05 | G36: 1.19
A37: 34 | B37: PERFIL OMEGA CAL 26 - 2.44 M. | C37: INSUMO | D37: UNIDAD | E37: 7137 | F37: 5182.96 | G37: 1.19
A38: 35 | B38: PERFIL PARAL CAL 24 - 2.44 M. | C38: INSUMO | D38: UNIDAD | E38: 15663 | F38: 11374.95 | G38: 1.19
A39: 36 | B39: PERFIL PARAL CAL 26 - 2.44 M. | C39: INSUMO | D39: UNIDAD | E39: 11698 | F39: 8495.18 | G39: 1.19
A40: 37 | B40: PERFIL PARAL CAL 26 - 3.05 M. | C40: INSUMO | D40: UNIDAD | E40: 11109 | F40: =(E40/G39) -> 9335.2941 | G40: 1.19
A41: 38 | B41: PLACA YESO TIPO GYPLAC ESTANDAR 1/2" (12.7 MM) DE 1.22 X 2.44 MM. O SIMILAR. | C41: INSUMO | D41: UNIDAD | E41: 37480 | F41: 27218.47 | G41: 1.19
A42: 39 | B42: PLACA YESO TIPO GYPLAC R.H. 1/2" (12.7 MM) DE 1.22 X 2.44 MM. O SIMILAR. | C42: INSUMO | D42: M² | E42: 42239 | F42: 30674.83 | G42: 1.19
A43: 40 | B43: SUPERBOARD ( 2.44 X 1.22 ) E= 10 MM | C43: INSUMO | D43: M² | E43: 47455 | F43: 34462.26 | G43: 1.19
A44: 41 | B44: SUPERBOARD ( 2.44 X 1.22 ) E= 6 MM | C44: INSUMO | D44: M² | E44: 47594 | F44: 34563.64 | G44: 1.19
A45: 42 | B45: SUPERBOARD ( 2.44 X 1.22 ) E= 8 MM | C45: INSUMO | D45: M² | E45: 67426 | F45: 48965.68 | G45: 1.19
A46: 43 | B46: TORNILLO AUTOPERFORANTE EST. 7/16 " | C46: INSUMO | D46: UNIDAD | E46: 26 | F46: 19.01 | G46: 1.19
A47: 44 | B47: TORNILLO AUTOPERFORANTE YESO 6 X1 | C47: INSUMO | D47: UNIDAD | E47: 26 | F47: 19.01 | G47: 1.19
A48: 45 | B48: TORNILLO PTA BROCA EXTRAPL. EST 8 X 1/2" ( 13MM ) | C48: INSUMO | D48: UNIDAD | E48: 79 | F48: 57.03 | G48: 1.19
A49: 46 | B49: PERFIL METALICO CAL 12 - 2,5MM. - 2,44M. | C49: INSUMO | D49: UNIDAD | E49: 71394 | F49: 51847.04 | G49: 1.19
A50: 47 | B50: MASILLA PLASTICA | C50: INSUMO | D50: KG | E50: 43624 | F50: 31680.7 | G50: 1.19
A51: 48 | B51: TORNILLO 8X1/2 | C51: INSUMO | D51: PAQUETE * 100 | E51: 4131 | F51: 3000 | G51: 1.19 | H51: UNIDAD | I51: =(F51/100) -> 30
A52: 49 | B52: TORNILLO 6X1 AVELLANANTE | C52: INSUMO | D52: PAQUETE * 100 | E52: 33442 | F52: =(E52/G50) -> 28102.521 | G52: 1.19 | H52: UNIDAD | I52: =(E52/1000) -> 33.442
A53: 50 | B53: TORNILLO 6X7/8 | C53: INSUMO | D53: PAQUETE * 100 | E53: 4860 | F53: =(E53/G50) -> 4084.0336 | G53: 1.19 | H53: UNIDAD | I53: 42
A54: 51 | B54: TORNILLO 6X3/4 | C54: INSUMO | D54: PAQUETE * 100 | E54: 11291 | F54: 8200 | G54: 1.19 | H54: UNIDAD | I54: =(E54/100) -> 112.91
A55: 52 | B55: LIJA ORIENTCRAFT | C55: INSUMO | D55: UNIDAD | E55: 2387 | F55: =(E55/G50) -> 2005.8824 | G55: 1.19 | H55: UNIDAD
A56: 53 | B56: CLAVOS DE FIJACIÓN | C56: INSUMO | D56: LIBRA | E56: 0 | G56: 1.19
A57: 54 | B57: SOLDABOARD O MASTIK | C57: INSUMO | D57: GALÓN | E57: 0 | G57: 1.19
A58: 55 | B58: FINISHBOARD PARA JUNTAS | C58: INSUMO | D58: GALÓN | E58: 0 | G58: 1.19
A59: 56 | B59: PINTURA viniltex | C59: INSUMO | D59: GALÓN | E59: 112128 | F59: =(E59/G55) -> 94225.21 | G59: 1.19
A60: 57 | B60: ALAMBRE NEGRO NO. 18 | C60: INSUMO | D60: KG | E60: 5979 | F60: 4341.84 | G60: 1.19
A61: 58 | B61: SIKA SEPAROL | C61: INSUMO | D61: KG | E61: 26683 | F61: 19377.5 | G61: 1.19
A62: 59 | B62: LISTON DE MADERA 4*2 | C62: INSUMO | D62: UNIDAD | E62: 16084 | F62: =(E62/G62) -> 13515.966 | G62: 1.19
A63: 60 | B63: GUADUA SOBREBASA L= 1.50 MT. 3 USOS | C63: INSUMO | D63: UNIDAD | E63: 7634 | F63: 5544.12 | G63: 1.19
A64: 61 | B64: PUERTA BATIENTE FABRICADA EN PANEL MACHIHEMBRADO TIPO MODULAR | C64: INSUMO | D64: UNIDAD | E64: 912910 | F64: =(E64/G64) -> 767151.26 | G64: 1.19
A65: 62 | B65: MEDIA CAÑA PVC COEXTRUIDA DE 9*300 CM | C65: INSUMO | D65: UNIDAD | E65: 58110 | F65: 42200 | G65: 1.19
A66: 63 | B66: SILOCONA ANTIHONGOS SISTA TRANSPARENTES X 280 MILILITROS | C66: INSUMO | D66: UNIDAD | E66: 45303 | F66: 32900 | G66: 1.19
A67: 64 | B67: CABLE DE COBRE AISLADO No 12 AWG LIBRE DE HALOGENOS | C67: INSUMO | D67: METRO | E67: 3718 | F67: 2700 | G67: 1.19
A68: 65 | B68: TOMACORRIENTE DOBLE POLO A TIERRA BLANCO ARQUEA O SIMILAR | C68: INSUMO | D68: UNIDAD | E68: 27772 | F68: =(E68/G68) -> 23337.815 | G68: 1.19
A69: 66 | B69: TUBO CONDUIT GALVANIZADA EMT 1/2" | C69: INSUMO | D69: METRO | E69: 5385 | F69: 3910.98 | G69: 1.19
A70: 67 | B70: CINTA AISLANTE 3M | C70: INSUMO | D70: ROLLO | E70: 5750 | F70: 4175.52 | G70: 1.19
A71: 68 | B71: CABLE SINTOX CU 90 GRADOS C 12AWG BLANCO 600V PE HF LS TCX 100M | C71: INSUMO | D71: ROLLO | E71: 323654 | F71: =(E71/G71) -> 271978.15 | G71: 1.19
A72: 69 | B72: UNIÓN DE ACERO PARA TUBO EMT 1/2" | C72: INSUMO | D72: UNIDAD | E72: 2094 | F72: =(E72/G72) -> 1759.6639 | G72: 1.19
A73: 70 | B73: TERMINAL DE ACERO PARA TUBO EMT 1/2" | C73: INSUMO | D73: UNIDAD | E73: 1736 | F73: =(E73/G73) -> 1458.8235 | G73: 1.19
A74: 71 | B74: CURVA DE ACERO PARA TUBO EMT 1/2" | C74: INSUMO | D74: UNIDAD | E74: 8679 | F74: =(E74/G74) -> 7293.2773 | G74: 1.19
A75: 72 | B75: CAJA RECTANGULAR INTEMPERIE 1/2" 2*4 DE DOS SALIDAS | C75: INSUMO | D75: UNIDAD | E75: 19093 | F75: =(E75/G74) -> 16044.538 | G75: 1.19
A76: 73 | B76: CONECTOR RESORTE ROJO AMR O SIMILAR | C76: INSUMO | D76: UNIDAD | E76: 2615 | F76: =(E76/G76) -> 2197.479 | G76: 1.19
A77: 74 | B77: ABRAZADERA METALICA DOBLE ALA TUBO EMT 1/2" | C77: INSUMO | D77: UNIDAD | E77: 949 | F77: =(E77/G77) -> 797.47899 | G77: 1.19
A78: 75 | B78: CEMENTO GRIS | C78: INSUMO | D78: KG | E78: 636 | F78: 719.15 | G78: 1.19 | H78: SACO 50 KG | I78: =(E78*50) -> 31800
A79: 76 | B79: GRAVILLA FINA 1/2" | C79: INSUMO | D79: M³ | E79: 138820 | F79: 79911 | G79: 1.19
A80: 77 | B80: ARENA GRUESA | C80: INSUMO | D80: M³ | E80: 64344 | F80: 45062.62 | G80: 1.19
A81: 78 | B81: AGUA LITRO | C81: INSUMO | D81: LITRO | E81: 40 | F81: 29 | G81: 1.19
A82: 79 | B82: LADRILLO FARO DE 12*20*30 | C82: INSUMO | D82: UNIDAD | E82: 1851 | F82: =(E82/G81) -> 1555.4622 | G82: 1.19
A83: 80 | B83: GRAVILLA MONA * 25 K | C83: INSUMO | D83: BULTO | E83: 9516 | F83: =(E83/G82) -> 7996.6387 | G83: 1.19
A84: 81 | B84: INTERVINILO TIPO PINTUCO, REFERENCIA SEGÚN COLOR, DISEÑO O SIMILAR. | C84: INSUMO | D84: GALÓN | E84: 68416 | G84: 1.19
A85: 82 | B85: PINTURA EPOXICA POLIAMIDA CON CATALIZADOR TIPO PINTUCO REF. 113243, SEGÚN COLOR DISEÑO O SIMILAR | C85: INSUMO | D85: GALÓN | E85: 165989
A86: 83 | B86: AJUSTADOR PARA DILUSIÓN DE PINTURA EPOXICA POLIAMIDA CON CATALIZADOR TIPO PINTUCO REF. 125290 O SIMILAR | C86: INSUMO | D86: GALÓN | E86: 67724
A87: 84 | B87: =+[103]Insumos!$B$11 -> MALLA ELECTROSOLDADA M-084 Q-2 4 MM 15 X 15 CM. | C87: INSUMO | D87: m2 | E87: 6667
A88: 85 | B88: BLOQUE DE CONCRETO COMÚN | C88: INSUMO | D88: UN | E88: 5454
A89: 86 | B89: PIEDRA MEDIA ZONGA | C89: INSUMO | D89: M3 | E89: 79325
A90: 87 | B90: ACERO DE REFUERZO DE 60000 PSI | C90: INSUMO | D90: KG | E90: 4581
A91: 88 | B91: ESTUCO PARA EXTERIORES - TIPO PINTUCO REF. 27060 O SIMILAR. | C91: INSUMO | D91: =+D86 -> GALÓN | E91: 30140
A92: 89 | B92: INTERVINILO - TIPO PINTUCO REF. SEGÚN COLOR DISEÑO O SIMILAR | C92: INSUMO | D92: GALÓN | E92: 68416
A93: 90 | B93: KORAZA - TIPO PINTUCO REF. 2650 SEGÚN COLOR DISEÑO O SIMILAR | C93: INSUMO | D93: GALÓN | E93: 117995
A94: 91 | B94: PINTURA EPOXI POLIAMIDA CON CATALIZADOR - TIPO PINTUCO REF. 113243 COLOR SEGÚN DISEÑO O SIMILAR | C94: INSUMO | D94: GALÓN | E94: 165989
A95: 92 | B95: AJUSTADOR PARA DILUSION DE PINTURA EPOXI POLIAMIDA CON CATALIZADOR - TIPO PINTUCO REF. 125290 O SIMILAR | C95: INSUMO | D95: GALÓN | E95: 67724
A96: 93 | B96: CEMENTO BLANCO | C96: INSUMO | D96: KG | E96: 2973
A97: 94 | B97: COLOR MINERAL | C97: INSUMO | D97: KG | E97: 21021
A98: 95 | B98: MARMOLINA X40 KG | C98: INSUMO | D98: BULTO | E98: 18241
A99: 96 | B99: CENEFA MALLA SQUARE MESH POMPEI MOCCA 30.5 X 10 CM. TIPO ALFA O SIMILAR. | C99: INSUMO | D99: METRO | E99: 19740
A100: 97 | B100: DILATACÓN EN BRONCE PC09 | C100: INSUMO | D100: METRO | E100: 19830
...

Sheet MO
A1: GOBERNACIÓN DE CALDAS ANALISIS DEL COSTO DE MANO DE OBRA PLANTA BENEFICIO ANIMAL DE PALESTINA -CALDAS
B2: ANALISIS DE MANO DE OBRA
B4: =+'[106]Analisis Factor Prestacional'!A3:A5 -> 0 | C4: Días del año | D4: =+'[106]Analisis Factor Prestacional'!C3 -> 365
C5: Subsidio Transporte 2025 | D5: 200000
C6: Salario mínimo 2025 | D6: 1423500
B8: Mano de Obra AA - Albañileria
B9: Trabajador | C9: Valor Base Mes | D9: Valor Base Dia | E9: Valor Base Hora | F9: Factor Prestacional | G9: Valor Total Hora
B10: Oficial | C10: =+$D$6*1.85 -> 2633475 | D10: =+C10/30 -> 87782.5 | E10: =+D10/8 -> 10972.812 | F10: =+'FACTOR PREST'!C26+1 -> 1.8437 | G10: =+F10*E10 -> 20230.574
B11: Ayudante | C11: =+$D$6 -> 1423500 | D11: =+C11/30 -> 47450 | E11: =+D11/8 -> 5931.25 | F11: =+F10 -> 1.8437 | G11: =+F11*E11 -> 10935.446
B12: Cuadrilla 1 Oficial + 1 Ayudante | C12: =SUM(C10:C11) -> 4056975 | D12: =SUM(D10:D11) -> 135232.5 | E12: =SUM(E10:E11) -> 16904.062 | G12: =ROUND(SUM(G10:G11),0) -> 31166
B14: Mano de Obra BB - Instalaciones
B15: Trabajador | C15: Valor Base Mes | D15: Valor Base Dia | E15: Valor Base Hora | F15: Factor Prestacional | G15: Valor Total Hora
B16: Oficial | C16: =+$D$6*1.85 -> 2633475 | D16: =+C16/30 -> 87782.5 | E16: =+D16/8 -> 10972.812 | F16: =+F10 -> 1.8437 | G16: =+F16*E16 -> 20230.574
B17: Ayudante | C17: =+$D$6*1.1 -> 1565850 | D17: =+C17/30 -> 52195 | E17: =+D17/8 -> 6524.375 | F17: =+F10 -> 1.8437 | G17: =+F17*E17 -> 12028.99
B18: Cuadrilla 1 Oficial + 1 Ayudante | C18: =SUM(C16:C17) -> 4199325 | D18: =SUM(D16:D17) -> 139977.5 | E18: =SUM(E16:E17) -> 17497.188 | G18: =ROUND(SUM(G16:G17),0) -> 32260
B20: Mano de Obra CC - Pintura
B21: Trabajador | C21: Valor Base Mes | D21: Valor Base Dia | E21: Valor Base Hora | F21: Factor Prestacional | G21: Valor Total Hora
B22: Oficial | C22: =+$D$6*1.85 -> 2633475 | D22: =+C22/30 -> 87782.5 | E22: =+D22/8 -> 10972.812 | F22: =+F16 -> 1.8437 | G22: =+F22*E22 -> 20230.574
B23: Ayudante | C23: =+$D$6*1.15 -> 1637025 | D23: =+C23/30 -> 54567.5 | E23: =+D23/8 -> 6820.9375 | F23: =+F22 -> 1.8437 | G23: =+F23*E23 -> 12575.762
B24: Cuadrilla 1 Oficial + 1 Ayudante | C24: =SUM(C22:C23) -> 4270500 | D24: =SUM(D22:D23) -> 142350 | E24: =SUM(E22:E23) -> 17793.75 | G24: =ROUND(SUM(G22:G23),0) -> 32806
B26: Mano de Obra DD - Carpinteria
B27: Trabajador | C27: Valor Base Mes | D27: Valor Base Dia | E27: Valor Base Hora | F27: Factor Prestacional | G27: Valor Total Hora
B28: Oficial | C28: =+$D$6*1.85 -> 2633475 | D28: =+C28/30 -> 87782.5 | E28: =+D28/8 -> 10972.812 | F28: =+F23 -> 1.8437 | G28: =+F28*E28 -> 20230.574
B29: Ayudante | C29: =+$D$6*1.15 -> 1637025 | D29: =+C29/30 -> 54567.5 | E29: =+D29/8 -> 6820.9375 | F29: =+F28 -> 1.8437 | G29: =+F29*E29 -> 12575.762
B30: Cuadrilla 1 Oficial + 1 Ayudante | C30: =SUM(C28:C29) -> 4270500 | D30: =SUM(D28:D29) -> 142350 | E30: =SUM(E28:E29) -> 17793.75 | G30: =ROUND(SUM(G28:G29),0) -> 32806
B32: Mano de Obra EE - Muros Secos
B33: Trabajador | C33: Valor Base Mes | D33: Valor Base Dia | E33: Valor Base Hora | F33: Factor Prestacional | G33: Valor Total Hora
B34: Oficial | C34: =+$D$6*1.85 -> 2633475 | D34: =+C34/30 -> 87782.5 | E34: =+D34/8 -> 10972.812 | F34: =+F29 -> 1.8437 | G34: =+F34*E34 -> 20230.574
B35: Ayudante | C35: =+$D$6*1.12 -> 1594320 | D35: =+C35/30 -> 53144 | E35: =+D35/8 -> 6643 | F35: =+F34 -> 1.8437 | G35: =+F35*E35 -> 12247.699
B36: Cuadrilla 1 Oficial + 1 Ayudante | C36: =SUM(C34:C35) -> 4227795 | D36: =SUM(D34:D35) -> 140926.5 | E36: =SUM(E34:E35) -> 17615.812 | G36: =ROUND(SUM(G34:G35),0) -> 32478
B38: Mano de Obra FF - Instalaciones Electricas Internas
B39: Trabajador | C39: Valor Base Mes | D39: Valor Base Dia | E39: Valor Base Hora | F39: Factor Prestacional | G39: Valor Total Hora
B40: Oficial | C40: =+$D$6*1.6*1.5 -> 3416400 | D40: =+C40/30 -> 113880 | E40: =+D40/8 -> 14235 | F40: =+'FACTOR PREST'!D26+1 -> 1.6556 | G40: =+F40*E40 -> 23567.466
B41: Ayudante | C41: =+$D$6*1.5 -> 2135250 | D41: =+C41/30 -> 71175 | E41: =+D41/8 -> 8896.875 | F41: =+F35 -> 1.8437 | G41: =+F41*E41 -> 16403.168
B42: Cuadrilla 1 Oficial + 1 Ayudante | C42: =SUM(C40:C41) -> 5551650 | D42: =SUM(D40:D41) -> 185055 | E42: =SUM(E40:E41) -> 23131.875 | G42: =ROUND(SUM(G40:G41),0) -> 39971
B44: Mano de Obra GG - Instalaciones Alumbrado Publico
B45: Trabajador | C45: Valor Base Mes | D45: Valor Base Dia | E45: Valor Base Hora | F45: Factor Prestacional | G45: Valor Total Hora
B46: Oficial | C46: =+C40 -> 3416400 | D46: =+C46/30 -> 113880 | E46: =+D46/8 -> 14235 | F46: =+F40 -> 1.6556 | G46: =+F46*E46 -> 23567.466
B47: Ayudante | C47: =+$D$6*2 -> 2847000 | D47: =+C47/30 -> 94900 | E47: =+D47/8 -> 11862.5 | F47: =+F41 -> 1.8437 | G47: =+F47*E47 -> 21870.891
B48: Cuadrilla 1 Oficial + 1 Ayudante | C48: =SUM(C46:C47) -> 6263400 | D48: =SUM(D46:D47) -> 208780 | E48: =SUM(E46:E47) -> 26097.5 | G48: =ROUND(SUM(G46:G47),0) -> 45438
A52: CODIGO | B52: PERSONAL O CUADRILLA | D52: TIPO | E52: UNIDAD | F52: VALOR TOTAL | G52: VALOR BASE | H52: DIA | I52: FACTOR PRESTACIONAL | J52: ANALISIS CALCULO | K52: FECHA DE ACTUALIZACION
A53: I65 | B53: OFICIAL AA (Albañileria) | E53: hr | F53: =+ROUND(G53*I53,0) -> 20231 | G53: =+E10 -> 10972.812 | H53: =(F53*8) -> 161848 | I53: =+IF(G53*8*30>2*$D$6,'[106]Analisis Factor Prestacional'!$D$28+1,'[106]Analisis Factor Prestacional'!$C$28+1) -> 1.8437 | J53: VER ANALISIS MANO DE OBRA | K53: 45674
A54: I66 | B54: OFICIAL BB (Instalaciones) | E54: hr | F54: =+ROUND(G54*I54,0) -> 20231 | G54: =+E16 -> 10972.812 | H54: =(F54*8) -> 161848 | I54: =+IF(G54*8*30>2*$D$6,'[106]Analisis Factor Prestacional'!$D$28+1,'[106]Analisis Factor Prestacional'!$C$28+1) -> 1.8437 | J54: VER ANALISIS MANO DE OBRA | K54: =+K53 -> 45674
A55: I67 | B55: OFICIAL CC (Pintura) | E55: hr | F55: =+ROUND(G55*I55,0) -> 20231 | G55: =+E22 -> 10972.812 | H55: =(F55*8) -> 161848 | I55: =+IF(G55*8*30>2*$D$6,'[106]Analisis Factor Prestacional'!$D$28+1,'[106]Analisis Factor Prestacional'!$C$28+1) -> 1.8437 | J55: VER ANALISIS MANO DE OBRA | K55: =+K54 -> 45674
A56: I68 | B56: OFICIAL DD (Carpinteria) | E56: hr | F56: =+ROUND(G56*I56,0) -> 20231 | G56: =+E28 -> 10972.812 | H56: =(F56*8) -> 161848 | I56: =+IF(G56*8*30>2*$D$6,'[106]Analisis Factor Prestacional'!$D$28+1,'[106]Analisis Factor Prestacional'!$C$28+1) -> 1.8437 | J56: VER ANALISIS MANO DE OBRA | K56: =+K55 -> 45674
A57: I69 | B57: OFICIAL EE (Dry Wall) | E57: hr | F57: =+ROUND(G57*I57,0) -> 20231 | G57: =+E34 -> 10972.812 | H57: =(F57*8) -> 161848 | I57: =+IF(G57*8*30>2*$D$6,'[106]Analisis Factor Prestacional'!$D$28+1,'[106]Analisis Factor Prestacional'!$C$28+1) -> 1.8437 | J57: VER ANALISIS MANO DE OBRA | K57: =+K56 -> 45674
A58: I70 | B58: OFICIAL FF (Electricas) | E58: hr | F58: =+ROUND(G58*I58,0) -> 23567 | G58: =+E40 -> 14235 | H58: =(F58*8) -> 188536 | I58: =+IF(G58*8*30>2*$D$6,'[106]Analisis Factor Prestacional'!$D$28+1,'[106]Analisis Factor Prestacional'!$C$28+1) -> 1.6556 | J58: VER ANALISIS MANO DE OBRA | K58: =+K57 -> 45674
A59: I71 | B59: OFICIAL GG (Alumbrado Publico) | E59: hr | F59: =+ROUND(G59*I59,0) -> 23567 | G59: =+E46 -> 14235 | H59: =(F59*8) -> 188536 | I59: =+IF(G59*8*30>2*$D$6,'[106]Analisis Factor Prestacional'!$D$28+1,'[106]Analisis Factor Prestacional'!$C$28+1) -> 1.6556 | J59: VER ANALISIS MANO DE OBRA | K59: =+K58 -> 45674
A60: I72 | B60: AYUDANTE AA (Albañileria) | E60: hr | F60: =+ROUND(G60*I60,0) -> 10935 | G60: =+E11 -> 5931.25 | H60: =(F60*8) -> 87480 | I60: =+IF(G60*8*30>2*$D$6,'[106]Analisis Factor Prestacional'!$D$28+1,'[106]Analisis Factor Prestacional'!$C$28+1) -> 1.8437 | J60: VER ANALISIS MANO DE OBRA | K60: =+K59 -> 45674
A61: I73 | B61: AYUDANTE BB (Instalaciones) | E61: hr | F61: =+ROUND(G61*I61,0) -> 12029 | G61: =+E17 -> 6524.375 | H61: =(F61*8) -> 96232 | I61: =+IF(G61*8*30>2*$D$6,'[106]Analisis Factor Prestacional'!$D$28+1,'[106]Analisis Factor Prestacional'!$C$28+1) -> 1.8437 | J61: VER ANALISIS MANO DE OBRA | K61: =+K60 -> 45674
A62: I74 | B62: AYUDANTE CC (Pintura) | E62: hr | F62: =+ROUND(G62*I62,0) -> 12576 | G62: =+E23 -> 6820.9375 | H62: =(F62*8) -> 100608 | I62: =+IF(G62*8*30>2*$D$6,'[106]Analisis Factor Prestacional'!$D$28+1,'[106]Analisis Factor Prestacional'!$C$28+1) -> 1.8437 | J62: VER ANALISIS MANO DE OBRA | K62: =+K61 -> 45674
A63: I75 | B63: AYUDANTE DD (Carpinteria) | E63: hr | F63: =+ROUND(G63*I63,0) -> 12576 | G63: =+E29 -> 6820.9375 | H63: =(F63*8) -> 100608 | I63: =+IF(G63*8*30>2*$D$6,'[106]Analisis Factor Prestacional'!$D$28+1,'[106]Analisis Factor Prestacional'!$C$28+1) -> 1.8437 | J63: VER ANALISIS MANO DE OBRA | K63: =+K62 -> 45674
A64: I76 | B64: AYUDANTE EE (Dry Wall) | E64: hr | F64: =+ROUND(G64*I64,0) -> 12248 | G64: =+E35 -> 6643 | H64: =(F64*8) -> 97984 | I64: =+IF(G64*8*30>2*$D$6,'[106]Analisis Factor Prestacional'!$D$28+1,'[106]Analisis Factor Prestacional'!$C$28+1) -> 1.8437 | J64: VER ANALISIS MANO DE OBRA | K64: =+K63 -> 45674
A65: I77 | B65: AYUDANTE FF (Electricas) | E65: hr | F65: =+ROUND(G65*I65,0) -> 16403 | G65: =+E41 -> 8896.875 | H65: =(F65*8) -> 131224 | I65: =+IF(G65*8*30>2*$D$6,'[106]Analisis Factor Prestacional'!$D$28+1,'[106]Analisis Factor Prestacional'!$C$28+1) -> 1.8437 | J65: VER ANALISIS MANO DE OBRA | K65: =+K64 -> 45674
A66: I78 | B66: AYUDANTE GG (Alumbrado Publico) | E66: hr | F66: =+ROUND(G66*I66,0) -> 21871 | G66: =+E47 -> 11862.5 | H66: =(F66*8) -> 174968 | I66: =+IF(G66*8*30>2*$D$6,'[106]Analisis Factor Prestacional'!$D$28+1,'[106]Analisis Factor Prestacional'!$C$28+1) -> 1.8437 | J66: VER ANALISIS MANO DE OBRA | K66: =+K65 -> 45674
A67: I79 | B67: REGULADOR DE TRANSITO | E67: hr | F67: =+ROUND(G67*I67,0) -> 13669 | G67: =+(D6/48)/4 -> 7414.0625 | H67: =(F67*8) -> 109352 | I67: =+IF(G67*8*30>2*$D$6,'[106]Analisis Factor Prestacional'!$D$28+1,'[106]Analisis Factor Prestacional'!$C$28+1) -> 1.8437 | J67: VER ANALISIS MANO DE OBRA | K67: =+K66 -> 45674
A68: C1 | B68: CUADRILLA AA TIPO 1 (1 OFICIAL + 1 AYUDANTE) (Albañileria) | D68: 1 | E68: hr | F68: =+ROUND($F$53+$F$60*D68,0) -> 31166 | H68: =(F68*8) -> 249328 | K68: =+K67 -> 45674
A69: C2 | B69: CUADRILLA BB TIPO 1 (1 OFICIAL + 1 AYUDANTE) (Instalaciones) | D69: 1 | E69: hr | F69: =+ROUND($F$54+$F$61*D69,0) -> 32260 | H69: =(F69*8) -> 258080 | K69: =+K68 -> 45674
A70: C3 | B70: CUADRILLA CC TIPO 1 (1 OFICIAL + 1 AYUDANTE) (Pintura) | D70: 1 | E70: hr | F70: =+ROUND($F$55+$F$62*D70,0) -> 32807 | H70: =(F70*8) -> 262456 | K70: =+K69 -> 45674
A71: C4 | B71: CUADRILLA DD TIPO 1 (1 OFICIAL + 1 AYUDANTE) (Carpinteria) | D71: 1 | E71: hr | F71: =+ROUND($F$56+$F$63*D71,0) -> 32807 | H71: =(F71*8) -> 262456 | K71: =+K70 -> 45674
A72: C5 | B72: CUADRILLA EE TIPO 1 (1 OFICIAL + 1 AYUDANTE) (Dry Wall) | D72: 1 | E72: hr | F72: =+ROUND($F$57+$F$64*D72,0) -> 32479 | H72: =(F72*8) -> 259832 | K72: =+K71 -> 45674
A73: C6 | B73: CUADRILLA FF TIPO 1 (1 OFICIAL + 1 AYUDANTE) (Electricas) | D73: 1 | E73: hr | F73: =+ROUND($F$58+$F$65*D73,0) -> 39970 | H73: =(F73*8) -> 319760 | K73: =+K72 -> 45674
A74: C7 | B74: CUADRILLA GG TIPO 1 (1 OFICIAL + 1 AYUDANTE) (Alumbrado Publico) | D74: 1 | E74: hr | F74: =+ROUND($F$59+$F$66*D74,0) -> 45438 | H74: =(F74*8) -> 363504 | K74: =+K73 -> 45674
A75: C8 | B75: CUADRILLA AA TIPO 2 (1 OFICIAL + 2 AYUDANTE) (Albañileria) | D75: 2 | E75: hr | F75: =+ROUND($F$53+$F$60*D75,0) -> 42101 | H75: =(F75*8) -> 336808 | K75: =+K74 -> 45674
A76: C9 | B76: CUADRILLA BB TIPO 2 (1 OFICIAL + 2 AYUDANTE) (Instalaciones) | D76: 2 | E76: hr | F76: =+ROUND($F$54+$F$61*D76,0) -> 44289 | H76: =(F76*8) -> 354312 | K76: =+K75 -> 45674
A77: C10 | B77: CUADRILLA CC TIPO 2 (1 OFICIAL + 2 AYUDANTE) (Pintura) | D77: 2 | E77: hr | F77: =+ROUND($F$55+$F$62*D77,0) -> 45383 | H77: =(F77*8) -> 363064 | K77: =+K76 -> 45674
A78: C11 | B78: CUADRILLA DD TIPO 2 (1 OFICIAL + 2 AYUDANTE) (Carpinteria) | D78: 2 | E78: hr | F78: =+ROUND($F$56+$F$63*D78,0) -> 45383 | H78: =(F78*8) -> 363064 | K78: =+K77 -> 45674
A79: C12 | B79: CUADRILLA EE TIPO 2 (1 OFICIAL + 2 AYUDANTE) (Dry Wall) | D79: 2 | E79: hr | F79: =+ROUND($F$57+$F$64*D79,0) -> 44727 | H79: =(F79*8) -> 357816 | K79: =+K78 -> 45674
A80: C13 | B80: CUADRILLA FF TIPO 2 (1 OFICIAL + 2 AYUDANTE) (Electricas) | D80: 2 | E80: hr | F80: =+ROUND($F$58+$F$65*D80,0) -> 56373 | H80: =(F80*8) -> 450984 | K80: =+K79 -> 45674
A81: C14 | B81: CUADRILLA GG TIPO 2 (1 OFICIAL + 2 AYUDANTE) (Alumbrado Publico) | D81: 2 | E81: hr | F81: =+ROUND($F$59+$F$66*D81,0) -> 67309 | H81: =(F81*8) -> 538472 | K81: =+K80 -> 45674
A82: C15 | B82: CUADRILLA AA TIPO 3 (1 OFICIAL + 3 AYUDANTE) (Albañileria) | D82: 3 | E82: hr | F82: =+ROUND($F$53+$F$60*D82,0) -> 53036 | H82: =(F82*8) -> 424288 | K82: =+K81 -> 45674
A83: C16 | B83: CUADRILLA BB TIPO 3 (1 OFICIAL + 3 AYUDANTE) (Instalaciones) | D83: 3 | E83: hr | F83: =+ROUND($F$54+$F$61*D83,0) -> 56318 | H83: =(F83*8) -> 450544 | K83: =+K82 -> 45674
A84: C17 | B84: CUADRILLA CC TIPO 3 (1 OFICIAL + 3 AYUDANTE) (Pintura) | D84: 3 | E84: hr | F84: =+ROUND($F$55+$F$62*D84,0) -> 57959 | H84: =(F84*8) -> 463672 | K84: =+K83 -> 45674
A85: C18 | B85: CUADRILLA DD TIPO 3 (1 OFICIAL + 3 AYUDANTE) (Carpinteria) | D85: 3 | E85: hr | F85: =+ROUND($F$56+$F$63*D85,0) -> 57959 | H85: =(F85*8) -> 463672 | K85: =+K84 -> 45674
A86: C19 | B86: CUADRILLA EE TIPO 3 (1 OFICIAL + 3 AYUDANTE) (Dry Wall) | D86: 3 | E86: hr | F86: =+ROUND($F$57+$F$64*D86,0) -> 56975 | H86: =(F86*8) -> 455800 | K86: =+K85 -> 45674
A87: C20 | B87: CUADRILLA FF TIPO 3 (1 OFICIAL + 3 AYUDANTE) (Electricas) | D87: 3 | E87: hr | F87: =+ROUND($F$58+$F$65*D87,0) -> 72776 | H87: =(F87*8) -> 582208 | K87: =+K86 -> 45674
A88: C21 | B88: CUADRILLA GG TIPO 3 (1 OFICIAL + 3 AYUDANTE) (Alumbrado Publico) | D88: 3 | E88: hr | F88: =+ROUND($F$59+$F$66*D88,0) -> 89180 | H88: =(F88*8) -> 713440 | K88: =+K87 -> 45674
A89: C22 | B89: CUADRILLA AA TIPO 4 (1 OFICIAL + 4 AYUDANTE) (Albañileria) | D89: 4 | E89: hr | F89: =+ROUND($F$53+$F$60*D89,0) -> 63971 | H89: =(F89*8) -> 511768 | K89: =+K88 -> 45674
A90: C23 | B90: CUADRILLA BB TIPO 4 (1 OFICIAL + 4 AYUDANTE) (Instalaciones) | D90: 4 | E90: hr | F90: =+ROUND($F$54+$F$61*D90,0) -> 68347 | H90: =(F90*8) -> 546776 | K90: =+K89 -> 45674
A91: C24 | B91: CUADRILLA CC TIPO 4 (1 OFICIAL + 4 AYUDANTE) (Pintura) | D91: 4 | E91: hr | F91: =+ROUND($F$55+$F$62*D91,0) -> 70535 | H91: =(F91*8) -> 564280 | K91: =+K90 -> 45674
A92: C25 | B92: CUADRILLA DD TIPO 4 (1 OFICIAL + 4 AYUDANTE) (Carpinteria) | D92: 4 | E92: hr | F92: =+ROUND($F$56+$F$63*D92,0) -> 70535 | H92: =(F92*8) -> 564280 | K92: =+K91 -> 45674
A93: C26 | B93: CUADRILLA EE TIPO 4 (1 OFICIAL + 4 AYUDANTE) (Dry Wall) | D93: 4 | E93: hr | F93: =+ROUND($F$57+$F$64*D93,0) -> 69223 | H93: =(F93*8) -> 553784 | K93: =+K92 -> 45674
A94: C27 | B94: CUADRILLA FF TIPO 4 (1 OFICIAL + 4 AYUDANTE) (Electricas) | D94: 4 | E94: hr | F94: =+ROUND($F$58+$F$65*D94,0) -> 89179 | H94: =(F94*8) -> 713432 | K94: =+K93 -> 45674
A95: C28 | B95: CUADRILLA GG TIPO 4 (1 OFICIAL + 4 AYUDANTE) (Alumbrado Publico) | D95: 4 | E95: hr | F95: =+ROUND($F$59+$F$66*D95,0) -> 111051 | H95: =(F95*8) -> 888408 | K95: =+K94 -> 45674
A96: C29 | B96: CUADRILLA AA TIPO 5 (1 OFICIAL + 5 AYUDANTE) (Albañileria) | D96: 5 | E96: hr | F96: =+ROUND($F$53+$F$60*D96,0) -> 74906 | H96: =(F96*8) -> 599248 | K96: =+K95 -> 45674
A97: C30 | B97: CUADRILLA BB TIPO 5 (1 OFICIAL + 5 AYUDANTE) (Instalaciones) | D97: 5 | E97: hr | F97: =+ROUND($F$54+$F$61*D97,0) -> 80376 | H97: =(F97*8) -> 643008 | K97: =+K96 -> 45674
A98: C31 | B98: CUADRILLA CC TIPO 5 (1 OFICIAL + 5 AYUDANTE) (Pintura) | D98: 5 | E98: hr | F98: =+ROUND($F$55+$F$62*D98,0) -> 83111 | H98: =(F98*8) -> 664888 | K98: =+K97 -> 45674
A99: C32 | B99: CUADRILLA DD TIPO 5 (1 OFICIAL + 5 AYUDANTE) (Carpinteria) | D99: 5 | E99: hr | F99: =+ROUND($F$56+$F$63*D99,0) -> 83111 | H99: =(F99*8) -> 664888 | K99: =+K98 -> 45674
A100: C33 | B100: CUADRILLA EE TIPO 5 (1 OFICIAL + 5 AYUDANTE) (Dry Wall) | D100: 5 | E100: hr | F100: =+ROUND($F$57+$F$64*D100,0) -> 81471 | H100: =(F100*8) -> 651768 | K100: =+K99 -> 45674
A101: C34 | B101: CUADRILLA FF TIPO 5 (1 OFICIAL + 5 AYUDANTE) (Electricas) | D101: 5 | E101: hr | F101: =+ROUND($F$58+$F$65*D101,0) -> 105582 | H101: =(F101*8) -> 844656 | K101: =+K100 -> 45674
A102: C35 | B102: CUADRILLA GG TIPO 5 (1 OFICIAL + 5 AYUDANTE) (Alumbrado Publico) | D102: 5 | E102: hr | F102: =+ROUND($F$59+$F$66*D102,0) -> 132922 | H102: =(F102*8) -> 1063376 | K102: =+K101 -> 45674
A103: C36 | B103: CUADRILLA AA TIPO 6 (1 OFICIAL + 6 AYUDANTE) (Albañileria) | D103: 6 | E103: hr | F103: =+ROUND($F$53+$F$60*D103,0) -> 85841 | H103: =(F103*8) -> 686728 | K103: =+K102 -> 45674
A104: C37 | B104: CUADRILLA BB TIPO 6 (1 OFICIAL + 6 AYUDANTE) (Instalaciones) | D104: 6 | E104: hr | F104: =+ROUND($F$54+$F$61*D104,0) -> 92405 | H104: =(F104*8) -> 739240 | K104: =+K103 -> 45674
A105: C38 | B105: CUADRILLA CC TIPO 6 (1 OFICIAL + 6 AYUDANTE) (Pintura) | D105: 6 | E105: hr | F105: =+ROUND($F$55+$F$62*D105,0) -> 95687 | H105: =(F105*8) -> 765496 | K105: =+K104 -> 45674
A106: C39 | B106: CUADRILLA DD TIPO 6 (1 OFICIAL + 6 AYUDANTE) (Carpinteria) | D106: 6 | E106: hr | F106: =+ROUND($F$56+$F$63*D106,0) -> 95687 | H106: =(F106*8) -> 765496 | K106: =+K105 -> 45674
A107: C40 | B107: CUADRILLA EE TIPO 6 (1 OFICIAL + 6 AYUDANTE) (Dry Wall) | D107: 6 | E107: hr | F107: =+ROUND($F$57+$F$64*D107,0) -> 93719 | H107: =(F107*8) -> 749752 | K107: =+K106 -> 45674
A108: C41 | B108: CUADRILLA FF TIPO 6 (1 OFICIAL + 6 AYUDANTE) (Electricas) | D108: 6 | E108: hr | F108: =+ROUND($F$58+$F$65*D108,0) -> 121985 | H108: =(F108*8) -> 975880 | K108: =+K107 -> 45674
A109: C42 | B109: CUADRILLA GG TIPO 6 (1 OFICIAL + 6 AYUDANTE) (Alumbrado Publico) | D109: 6 | E109: hr | F109: =+ROUND($F$59+$F$66*D109,0) -> 154793 | H109: =(F109*8) -> 1238344 | K109: =+K108 -> 45674

Sheet SUB ANALISIS CONCRETO
B1: GOBERNACIÓN DE CALDAS SUB ANALISIS PRODUCCIÓN DE CONCRETO PLANTA BENEFICIO ANIMAL DE PALESTINA -CALDAS
C7: M3 | E7: CONCRETO DE 3000 PSI PRODUCCIÓN
A8: 76 | B8: Grava | C8: =+VLOOKUP(A8,INSUMOS!$A$2:$H$1117,5,0) -> 138820 | E8: Cemento kg | F8: Arena m3 | G8: Grava m3 | H8: Agua (L)
A9: 77 | B9: Arena | C9: =+VLOOKUP(A9,INSUMOS!$A$2:$H$1117,5,0) -> 64344 | E9: 350 | F9: 0.56 | G9: 0.84 | H9: 180
A10: 75 | B10: Cemento | C10: =+VLOOKUP(A10,INSUMOS!$A$2:$H$1117,5,0) -> 636
A11: 78 | B11: Agua | C11: =+VLOOKUP(A11,INSUMOS!$A$2:$H$1117,5,0) -> 40
F12: Unidad | G12: Cantidad | H12: Valor Unitario | I12: Valor Parcial
E13: MATERIALES
D14: 75 | E14: Cemento | F14: kg | G14: 350 | H14: 636 | I14: =+H14*G14 -> 222600
D15: 77 | E15: Arena | F15: m3 | G15: 0.56 | H15: 64344 | I15: =+H15*G15 -> 36032.64
D16: 76 | E16: Grava | F16: m3 | G16: 0.84 | H16: 79911 | I16: =+H16*G16 -> 67125.24
D17: 78 | E17: Agua | F17: m3 | G17: 180 | H17: =+VLOOKUP(D17,INSUMOS!$A$2:$H$1117,5,0) -> 40 | I17: =+H17*G17 -> 7200
E18: EQUIPOS | I18: =+H18*G18 -> 0
D19: 149 | E19: Mezcladora | F19: dia | G19: 0.2 | H19: =+VLOOKUP(D19,INSUMOS!$A$2:$H$1117,5,0) -> 47826 | I19: =+H19*G19 -> 9565.2
D20: 150 | E20: Herramienta menor | F20: GL | G20: 0.15 | H20: =+VLOOKUP(D20,INSUMOS!$A$2:$H$1117,5,0) -> 4050 | I20: =+H20*G20 -> 607.5
E21: MANO DE OBRA | I21: =+H21*G21 -> 0
E22: Oficial | F22: hr | G22: 1 | H22: =+MO!E16 -> 10972.812 | I22: =+H22*G22 -> 10972.812
E23: Ayudante | F23: hr | G23: 6 | H23: =+MO!E17 -> 6524.375 | I23: =+H23*G23 -> 39146.25
I25: =SUM(I14:I24) -> 393249.64

Sheet Analisis de mercado 2025
A2: EQUIPOS PLANTAS DE BENFICIO ANIMAL GOBERNACIÓN DE CALDAS
A3: PROVEEDORES
E4: COTIZACIÓN 1 | F4: COTIZACIÓN 2 | G4: COTIZACIÓN 3 | H4: PROMEDIO
A5: ITEM | B5: NOMBRE DEL PRODUCTO | C5: ESPECIFICACIONES TECNICAS | D5: CANTIDAD | E5: VALOR UNITARIO | F5: VALOR UNITARIO | G5: VALOR TOTAL | H5: VALOR PROMEDIO UNITARIO
E6: SERVIACERO SAS | F6: JC PROYECTOS LOGISTICOS S.A.S | G6: FERRECONSTRUCTOR M&E MANIZALES S.A.S
A7: M-01 | B7: PLATAFORMA DE EVISCERACIÓN . Dimensiones: según espacio en sitio | C7: COLUMNAS TIPO Y EN ACERO ESTRUCTURAL 100X100 MM. GALVANIZADO EN CALIENTE. BASE, PASAMANOS Y ESCALERA EN TUBERÍA CUADRADA Y REDONDA DE 1.5" DE ACERO INOXIDABLE AISI 304 DE 1”, 1½” Y 2” CALIBRE 14 Y 16. PISO EN LÁMINA DE ALFAJOR DE ALUMINIO. INCLUYE SHUT FABRICADO EN LAMINA CAL.14 AISI 304 INCLUYE LAVAMANOS Y ESTERILIZADOR | D7: 1 | E7: 12030288 | F7: 7301587 | G7: 7666667 | H7: =+AVERAGE(E7,F7,G7) -> 8999514
A8: M-02 - M-18 | B8: LAVAMANOS Y ESTERILIZADOR | C8: LAVAMANOS FABRICADO EN ACERO INOXIDABLE AISI 304 CON ALTOS ESTÁNDARES DE CALIDAD, CUERPO FABRICADO EN LAMINA DE ACERO INOXIDABLE AISI 304 , GRIFERÍA DE ALTO TRÁFICO O TRÁFICO MEDIO (SEGÚN REQUERIMIENTOS). VÁLVULA Y ABASTO CROMADOS, CONEXIONES CON MANGUERAS FLEXO METÁLICAS PLÁTICAS Y DESAGÜES EN PVC, SISTEMA TERMOELÉCTRICO, EN CASO DE SER DE ACCIONAMIENTO DE PEDAL ESTA DEBERÁ TENER COMPARTIMENTO LATERAL PARA FACILITAR OPERACIONES DE ASEO Y MANTENIMIENTO, EL TANQUE DE ESTERILIZACIÓN DE CUCHILLOS ESTA PROVISTO DE UNA REJILLA EN POLIETILENO PARA SOPORTAR LOS CUCHILLOS, LA ESTERILIZACIÓN SE REALIZA ELEVANDO LA TEMPERATURA DEL AGUA, POR MEDIO DE RESISTENCIA ELÉCTRICA. CONTIENE SISTEMA DE REGISTRO DE TEMPERATURA. INCLUYE CONEXIÓN HIDRAULICA Y ANCLAJE | D8: 4 | E8: 3767089 | F8: 4444444 | G8: 4666667 | H8: =+AVERAGE(E8,F8,G8) -> 4292733.3
A9: M-03 | B9: ESPARRANCADOR ELÉCTRICO PARA APERTURA DE ANIMAL DURANTE EL CORTE CON SIERRA DE CANAL | C9: EQUIPO FABRICADO EN ACERO ASTM A-36 CON ALTOS ESTÁNDARES DE CALIDAD, ESTRUCTURA FABRICADA EN LAMINA , BARRAS REDONDAS SISTEMA ELECTROMECÁNICO, ACABADO GALVÁNICO EN CALIENTE | D9: 1 | E9: 7393102 | F9: 6349206 | G9: 6666667 | H9: =+AVERAGE(E9,F9,G9) -> 6802991.7
A10: M-04 | B10: PLATAFORMA DE DESLIZAMIENTO VERTICAL DIMENSIONES 1,20M X 0,80M INCLUYE LVAMANOS Y ESTERILIZADOR | C10: EQUIPO FABRICADO EN ACERO INOXIDABLE AISI 304 CON ALTOS ESTÁNDARES DE CALIDAD, BARANDAS EN TUBO REDONDO 1”1/2 CAL 16 AISI 304, SOPORTES VERTICAL EN TUBERÍA RED 4” SCH 10 AISI 304,FLANCHE A SUJECIÓN DE PISO EN LAMINA 1Ú2 AISI 304,SISTEMA DE FIJACIÓN MECÁNICA PARA BARANDA Y ESCALERA, SISTEMA PUEDE SER (NEUMÁTICO A 100PSI,ELECTRICO O ELECTRONEUMÁTICA) GUARDA PIES EN LAMINA EMPACK | D10: 6 | E10: 19406892 | F10: 15873016 | G10: 16666667 | H10: =+AVERAGE(E10,F10,G10) -> 17315525
A11: M-05 | B11: SISTEMA BAJA GANCHO (COCLEA) | C11: FABRICADO EN BRAZO ACCIONADO HIDRAULICAMENTE. CAPACIDAD 500 KG | D11: 2 | E11: 4064700 | F11: 714286 | G11: 750000 | H11: =+AVERAGE(E11,F11,G11) -> 1842995.3
A12: M-06 | B12: TOBOGÁN EN "L"PARA VÍSCERAS BLANCAS Y/O ROJAS | C12: TOBOGÁN PARA VÍSCERAS CONSTRUIDO EN LÁMINA ACERO INOX CAL.14. INCLUYE INSTALACIÓN | D12: 1 | E12: 1784592 | F12: 4761905 | G12: 5000000 | H12: =+AVERAGE(E12,F12,G12) -> 3848832.3
A13: M-06 | B13: TOBOGÁN RECTO PARA VÍSCERAS BLANCAS Y/O ROJAS | C13: TOBOGÁN PARA VÍSCERAS CONSTRUIDO EN LÁMINA ACERO INOX CAL.14. INCLUYE INSTALACIÓN | D13: 1 | E13: 1712070 | F13: 4761905 | G13: 5000000 | H13: =+AVERAGE(E13,F13,G13) -> 3824658.3
A14: M-07 | B14: LAVAMANOS DE EMPOTRAR | C14: LINEA MILANO COLOR BLANCO DE CORONA REF O14111001 O SIMILAR. (INCLUYE ELEMENTOS DE GRIFERÍA PARA INSTALACIÓN).. | D14: 3 | E14: 553350 | F14: 460317 | G14: 483333 | H14: =+AVERAGE(E14,F14,G14) -> 499000
A15: M-08 | B15: REJILLA DE PISO RECTANGULAR, DIMENSIONES 1,0*0,20M | C15: FABRICADO EN PLATINA DE ACERO AISI 304 DE 3/16” Y 1/8”, MARCO EN ÁNGULO DE ACERO AISI 304 DE 1½” X 3/16” PARA FUNDIR EN PLACA DE CONCRETO. | D15: 18 | E15: 1334764 | F15: 150794 | G15: 158333 | H15: =+AVERAGE(E15,F15,G15) -> 547963.67
A16: M-08 | B16: REJILLA DE PISO CUADRADA, DIMENSIONES 0,20*0,20M | C16: FABRICADA EN ACERO INOXIDABLE | D16: 17 | E16: 278705 | F16: 190476 | G16: 200000 | H16: =+AVERAGE(E16,F16,G16) -> 223060.33
A17: M-09 | B17: CAMPANA DE EXTRACCIÓN PARA LAVADOR DE PANZAS DIMENSIONES: L: 2,10M A: 1,20 M, H: 0,50 M. LARGO DEL DUCTO: 5,0 M | C17: FABRICADA EN CUERPO LAMINA CAL 20 ACERO INOXIDABLE TIPO 304 CON SUS RESPECTIVOS DOBLECES, INCLUYE DUCTO EN SECCIÓN REDONDA DE 200 MM DE RADIO EN LAMINA CAL 22 AISI 430 CON CODO SEMICODO CON RADIO LARGO. ADICIONAL LLEVARÁ 3 FILTROS, MONTAJE MOTOR SIEMENS CENTRÍFUGO DE 16; 3 HP PARA EXTRAER 40 M3/MIN, EXTRACTOR CENTRÍFUGO TIPO ALETAS PLANAS, CANAL RECOLECTORA Y BANDEJA COLECTORA DE GRASA LAMINA CAL 22 ACERO INOXIDABLE TIPO 304. | D17: 6 | E17: 10857288 | F17: 13015873 | G17: 13666667 | H17: =+AVERAGE(E17,F17,G17) -> 12513276
A18: M-09 | B18: CAMPANA DE EXTRACCIÓN PARA ESCALDADOR/DEPILADOR DIMENSIONES: L: 3,0M A: 1,20 M, H: 0,60 M. LARGO DEL DUCTO: 2 M | C18: FABRICADA EN CUERPO LAMINA CAL 20 ACERO INOXIDABLE TIPO 304 CON SUS RESPECTIVOS DOBLECES, INCLUYE DUCTO EN SECCIÓN REDONDA DE 200 MM DE RADIO EN LAMINA CAL 22 AISI 430 CON CODO SEMICODO CON RADIO LARGO. ADICIONAL LLEVARÁ 3 FILTROS, MONTAJE MOTOR SIEMENS CENTRÍFUGO DE 16; 3 HP PARA EXTRAER 40 M3/MIN, EXTRACTOR CENTRÍFUGO TIPO ALETAS PLANAS, CANAL RECOLECTORA Y BANDEJA COLECTORA DE GRASA LAMINA CAL 22 ACERO INOXIDABLE TIPO 304. | D18: 7 | E18: 12030288 | F18: 16190476 | H18: =+AVERAGE(E18,F18,G18) -> 14110382
A19: M-10 | B19: PLATAFORMA DE EVISCERACIÓN DE DOS NIVELES .DIMENSIONES : SEGÚN PRESUPUESTO | C19: FABRICADA EN ACERO INOXIDABLE AISI 304, PARALES EN TUBERÍA RED 6" SCH10 AISI 304, FLANCHE DE SUJECIÓN A PISO EN LAMINA 1/2 AISI 304, PLATAFORMA Y ESCALONES EN LAMINA DE ALFAJOR 1/8" AISI 304, MARCO DE ESCALERA CAL 16 AISI 304, BARANDAS EN TUBO DE 1 1/2 CAL 16 AISI 304, INCLUYE LAVAMANOS Y ESTERILIZADOR LA ESCALERA DA ACCESO A LA PLATAFORMA DE MAYOR ALTURA | D19: 3 | E19: 12030288 | F19: 20634921 | G19: 21666667 | H19: =+AVERAGE(E19,F19,G19) -> 18110625
A20: M-11 | B20: CARRO TIPO CUTTER PARA TRANSPORTE Y ALMACENAMIENTO DE PRODUCTOS. CONSTRUIDOS EN LÁMINA ACERO INOX CAL. 14 | C20: EQUIPO FABRICADO EN ACERO INOXIDABLE AISI 304 CON ALTOS ESTÁNDARES DE CALIDAD , CUERPO FABRICADO EN LAMINA DE ACERO INOXIDABLE AISI 304 , REFUERZOS EN TUBERÍA CON RUEDAS EN NYLON. DIMENSIONES GENERALES: 600 MM ANCHO X 700 MM LATERAL X 850 MM ALTO | D20: 9 | E20: 4516050 | F20: 6190476 | G20: 6500000 | H20: =+AVERAGE(E20,F20,G20) -> 5735508.7
A21: M-12 | B21: LAVABOTAS | C21: EQUIPO FABRICADO EN ACERO INOXIDABLE AISI 304 CON ALTOS ESTÁNDARES DE CALIDAD, CUERPO FABRICADO EN LAMINA DE ACERO INOXIDABLE AISI 304 , REFUERZOS , CEPILLO PARA LIMPIAR BOTAS , SISTEMA PUSH DE AGUA. DIMENSIONES GENERALES: 400MM ANCHO X 300 MM LATERAL X 850 MM ALTO | D21: 4 | E21: 3460350 | F21: 5714286 | G21: 6000000 | H21: =+AVERAGE(E21,F21,G21) -> 5058212
A22: M-13 | B22: ESTERILIZADOR SIERRA DE ESTERNÓN | C22: EQUIPO FABRICADO EN ACERO INOXIDABLE AISI 304,SISTEMA DE VAPOR PARA ESTERILIZACIÓN, CUERPO FABRICADO EN LAMINA CAL 14 AISI 304, ESTRUCTURA EN TUBO CUADRADO 1”1/2 CAL 16 AISI 304, FLAUTA EN TUBO RED ½ SCH10 AISI 304, NIVELADORES EN LAMINA ¼ AISI 304 CON ESPARRAGO AISI 304. DIMENSIONES GENERALES: 370MM ANCHO X 1100 MM ALTO X 670 MM LATERAL. | D22: 5 | E22: 6040950 | F22: 6349206 | G22: 6666667 | H22: =+AVERAGE(E22,F22,G22) -> 6352274.3
A23: M-14 | B23: PLATAFORMA FIJA DIMENSIONES: .DIMENSIONES: L: 2,0 A: 0,70 M H:1,20M | C23: EQUIPO FABRICADO EN ACERO INOXIDABLE AISI 304 CON ALTOS ESTÁNDARES DE CALIDAD, PLATAFORMA FABRICADA EN LAMINA DE ALFAJOR JUNTO CON LOS ESCALONES DE LA ESCALERA , BARANDAS EN TUBO REDONDO, SOPORTE VERTICAL EN TUBERÍA Y FLANCHE A SUJECIÓN DE PISO, SISTEMA DE FIJACIÓN MECÁNICA PARA BARANDA Y ESCALERA. | D23: 3 | E23: 5391720 | F23: 7142857 | G23: 7500000 | H23: =+AVERAGE(E23,F23,G23) -> 6678192.3
A24: M-15 | B24: MESON PARA RECIBO Y REPASO DE PORCINOS. Dimensiones L: 2,20 M, A: 0,9,0 H: 0,90 M | C24: MESA FABRICADA EN TUBERÍA DE ACERO INOXIDABLE AISI304 CALIBRE 14, ESTRUCTURA EN TUBO CUADRO 2" CALIBRE 16 AISI 304, CUERPO FABRICADO EN LAMINA CALIBRE 14 AISI 304, DESAGÜE TUBO RED 1” SCH 40 AISI 304, INCLUYE BANDEJA DE RECOLECCIÓN Y RODACHINAS DE 3" Y SISTEMA DE NIVELACIÓN. | D24: 2 | E24: 5109588 | F24: 7936508 | G24: 8333333 | H24: =+AVERAGE(E24,F24,G24) -> 7126476.3
A25: M-16 | B25: RECIPIENTE PARA RECOLECCIÓN DE SANGRE DIMENSIONES: L: 0,90M A: 0,70 M, H: 0,90 M | C25: EQUIPO FABRICADO EN ACERO INOXIDABLE AISI 304 CON ALTOS ESTÁNDARES DE CALIDAD , CUERPO FABRICADO EN LAMINA DE ACERO INOXIDABLE AISI 304 , REFUERZOS EN TUBERÍA CON RUEDAS EN NYLON. | D25: 2 | E25: 4516050 | F25: 5079365 | G25: 5333333 | H25: =+AVERAGE(E25,F25,G25) -> 4976249.3
A26: M-17 | B26: ESTERILIZADOR SIERRA DE CANAL | C26: EQUIPO FABRICADO EN ACERO INOXIDABLE AISI 304,SISTEMA DE VAPOR PARA ESTERILIZACIÓN, CUERPO FABRICADO EN LAMINA CAL 14 AISI 304, ESTRUCTURA EN TUBO CUADRADO 1”1/2 CAL 16 AISI 304, FLAUTA EN TUBO RED ½ SCH10 AISI 304, NIVELADORES EN LAMINA ¼ AISI 304 CON ESPARRAGO AISI 304.DIMENSIONES GENERALES: 380MM ANCHO X 940 MM ALTO. X 930 MM LATERAL. | D26: 3 | E26: 6553500 | F26: 9206349 | G26: 9666667 | H26: =+AVERAGE(E26,F26,G26) -> 8475505.3
A27: M-18 | B27: ESTERILIZADOR DE CUCHILLOS | C27: EQUIPO FABRICADO EN ACERO INOXIDABLE AISI 304 EL TANQUE DE ESTERILIZACIÓN DE CUCHILLOS ESTA PROVISTO DE UNA REJILLA EN POLIETILENO PARA SOPORTAR LOS CUCHILLOS, LA ESTERILIZACIÓN SE REALIZA ELEVANDO LA TEMPERATURA DEL AGUA, POR MEDIO DE RESISTENCIA ELÉCTRICA, CONTIENE SISTEMA DE REGISTRO DE TEMPERATURA. | D27: 2 | E27: 1006230 | F27: 3492063 | G27: 3666667 | H27: =+AVERAGE(E27,F27,G27) -> 2721653.3
A28: M-19 | B28: SANITARIO | C28: SANITARIO TIPO INSTITUCIONAL BAJO CONSUMO POR DESCARGA, COLOR BLANCO CORONA REF 340021001 O SIMILAR, INCLUYE MUEBLE Y ACCESORIOS GENERALES DE INSTALACIÓN. | D28: 3 | E28: 284900 | F28: 247900 | H28: =+AVERAGE(E28,F28,G28) -> 266400
A29: M-20 | B29: RIEL DE SIMILARES O IGUALES CARÁCTERÍSTICAS AL EXISTENTE | C29: RIEL CONSTRUIDO EN TUBERÍA CUADRADA 100*100 , BAJANTES EN PLATINA DE 3/8 Y PLATINA DE CORRDERA DE 1/2*2". INCLUYE ANCLAJES, SOLDADURA Y ZINCADOS EN CALIENTE | D29: 27 | E29: 1848275 | F29: 1587302 | G29: 1666667 | H29: =+AVERAGE(E29,F29,G29) -> 1700748
A30: M-21 | B30: INSENSIBILIZADOR ELÉCTRICO DE PORCINOS | C30: 1,INTERRUPTOR DE CONTROL DE 6 VOLTIOS PARA UNA MÁXIMA PROTECCIÓN DEL OPERARIO 2,CONTROL DE VATAJE Y DE VOLTAJE (320‐345‐370V‐BAJO VOLTAJE Y 400‐430‐460V‐ALTO VOLTAJE) PARA EVITAR HEMORRAGIAS. 3,VARILLA DE APLICACIÓN CON REDUCIDO PESO (1.5 KILOS) DE FÁCIL AGARRE Y MANIOBRABILIDAD (LONGITUD VARILLA: 90 CMS. APROX.) 4,APLICADOR ESPECIALMENTE DISEÑADO PARA UN EFECTIVO CONTACTO 5,VARILLA DE APLICACIÓN CON DISEÑO REFORZADO PARA INCREMENTAR SU DURACIÓN. 6,CONTROL DE TIEMPO DE APLICACIÓN DE 0‐10 SEGUNDOS | D30: 1 | E30: 9435000 | F30: 10634921 | G30: 11166667 | H30: =+AVERAGE(E30,F30,G30) -> 10412196
A31: M-22 | B31: SUMINISTRO, TRANSPORTE E INSTALACIÓN DE MESA PARA RECEPCIÓN, VACIADO Y LAVADO DE VÍSCERAS ROJAS DIMENSIONES:DIMENSIONES: L: 1,45 M; A: 0,75 M, H: 0,90 M | C31: EQUIPO FABRICADO EN LÁMINA DE ACERO INOXIDABLE AISI 304 CALIBRE 14, ESTRUCTURA EN TUBO CUADRO 2" CALIBRE 16 AISI 304, CUERPO FABRICADO EN LAMINA CALIBRE 14 AISI 304, DESAGÜE TUBO RED 1” SCH 40 AISI 304. INCLUYE POCETA PARA DESOCUPADO DE PANZAS Y NIVELADORES EN PATAS | D31: 2 | E31: 4545120 | F31: 5555555 | G31: 5833333 | H31: =+AVERAGE(E31,F31,G31) -> 5311336
A32: M-23 | B32: SUMINISTRO, TRANSPORTE E INSTALACIÓN DE MESÓN PARA ÁREA DE VÍSCERAS BLANCAS DIMENSIONES: L: 1,45 M; A: 0,75 M, H: 0,90 M | C32: EQUIPO FABRICADO EN ACERO INOXIDABLE AISI 304 CON ALTOS ESTÁNDARES DE CALIDAD, CUERPO FABRICADO EN LAMINA DE ACERO INOXIDABLE AISI 304 , ESTRUCTURA EN TUBERÍA , REJILLA. INCLUYE NIVELADORES EN PATAS. | D32: 1 | E32: 5227500 | F32: 7142857 | G32: 7500000 | H32: =+AVERAGE(E32,F32,G32) -> 6623452.3
A33: M-24 | B33: SOPORTE PARA INSPECCIÓN DE CABEZAS CONSTRUIDA EN EJE ACERO INOX DE 1/2. | C33: FABRICADO EN ACERO INOXIDABLE TIPO 304, CALIBRE 16 CONSTRUIDO EN EJE DE ACERO INOXIDABLE 1/2 | D33: 4 | F33: 4444444 | G33: 4666667 | H33: =+AVERAGE(E33,F33,G33) -> 4555555.5
A34: M-25 | B34: SUMINISTRO, TRANSPORTE E INSTALACIÓN PUERTA GUILLOTINA PARA BOX DE INSENSIBILIZACIÓN DE BOVINOS. | C34: PUERTA FABRICADA EN LAMINA DEE ACERO INOXIDABLE, INCLUYE TUBERÍA ESTRUCTURAS DE 2*1, LÁMINA HR DE 1/4. INCLUYE PICAPORTE, EJE Y CHUMACERAS | D34: 3 | E34: 15153120 | F34: 7142857 | G34: 7500000 | H34: =+AVERAGE(E34,F34,G34) -> 9931992.3
A35: M-26 | B35: SUMINISTRO, TRANSPORTE E INSTALACIÓN PUERTA DUCHA CON ACRILICO | C35: EQUIPO FABRICADO EN ACRÍLICO CON MARCO EN ALUMINIO ANODIZADO (PASADOR Y TOALLERO) | D35: 4 | E35: 773772 | F35: 3015873 | G35: 3166667 | H35: =+AVERAGE(E35,F35,G35) -> 2318770.7
A36: M-27 | B36: SUMINISTRO, TRANSPORTE E INSTALACIÓN GRIFERIA DUCHA SENCILLA | C36: EQUIPO FABRICADO EN METAL CON ACABADO CROMADO (INCLUYE REGISTRO DUCHA, TAPÓN PRUEBA HIDRÁULICA, BRAZO REGADERA METÁLICO CON ACABADO CROMADO, MANIJAS METÁLICA CON ACABADO CROMADO, REGADERA METÁLICA CON ACABADO CROMADO, ESCUDO E INSTRUCTIVO) | D36: 4 | E36: 61900 | F36: 79900 | H36: =+AVERAGE(E36,F36,G36) -> 70900
A37: M-28 | B37: GANCHOS EN S CON 4 CURVAS | C37: FABRICADO EN PLATINA DE 3/8*2, RODAJA DE 3" EN ACERO INOXIDABLE AISI 304, BUJE DE BRONCE Y CURVAS EN EJE DE 1/2 ACERO INOX AISI 304. | D37: 20 | E37: 505716 | F37: 952381 | G37: 1000000 | H37: =+AVERAGE(E37,F37,G37) -> 819365.67
A38: M-29 | B38: LAVAPETOS | C38: EQUIPO FABRICADO EN ACERO INOXIDABLE TIPO AISI 304 CAL 16. INCLUYE CANAL CONECTOR DE AGUA EN PARTE INFERIOR, VÁLVULA DE PASO MANUAL CON CONEXIÓN DE AGUA DE 1/2 Y MAGUERA CON PISTOLA DE ACCIONAMIENTO. | D38: 8 | E38: 3666520 | F38: 3174603 | G38: 3333333 | H38: =+AVERAGE(E38,F38,G38) -> 3391485.3
A39: M-30 | B39: PUERTA CUARTO FRIO ABATIBLE | C39: FABRICADA EN PANEL CON UN ESPESOR DE 3”, 11/2" PULGADAS DE ESPESOR, INYECTADA EN POLIURETANO CON DENSIDAD DE TREINTA Y CUATRO KILOGRAMOS METRO CÚBICO (34 KG. / MT 3), ECOLÓGICO, ACABADO EN LÁMINA GALVANIZADA PREPINTADA IMPORTADA COLOR BLANCO. | D39: 3 | E39: 6104700 | F39: 5555556 | G39: 5833333 | H39: =+AVERAGE(E39,F39,G39) -> 5831196.3
B40: PUERTA CUARTO FRIO CORREDIZA | D40: 1 | E40: 7097160 | F40: 6349206 | G40: 6666667 | H40: =+AVERAGE(E40,F40,G40) -> 6704344.3
A41: M-31 | B41: CUARTO FRIO DIMENSIONES: L: 1,80M A: 1,50 M, H: 4,0 M | C41: FABRICADO EN POLIURETANO DE ALTA DENSIDAD TIPO SÁNDWICH CON ACABADO INTERIOR Y EXTERIOR EN LAMINA GALVANIZADA PREPINTADA EN COLOR BLANCO Y BOCELARÍA EN PVC, CON UN ESPESOR DE 3”, 11/2" PULGADAS DE ESPESOR, INYECTADOS EN POLIURETANO CON DENSIDAD DE TREINTA Y CUATRO KILOGRAMOS METRO CÚBICO (34 KG. / MT 3), SUJECIÓN Y AJUSTE ENTRE PANELES POR MEDIO DE REMACHE DE ALUMINIO DE ALTA CALIDAD Y RESISTENTES A LA CORROSIÓN. INCLUYE PUERTA CORREDIZA Y TODAS LAS UNIDADES PARA SU PUESTA EN FUNCIONAMIENTO COMO LO SON: EVAPORADOR, ACCESORIOS DE INSTALACIÓN, CONDENSADOR, GAS REFRIGERANTE, TABLERO DE CONTROL ELÉCTRICO Y DEMÁS ELEMENTOS NECESARIOS PARA SU PUESTA EN MARCHA | D41: 1 | E41: 42330000 | F41: 55555556 | G41: 58333333 | H41: =+AVERAGE(E41,F41,G41) -> 52072963
A42: M-32 | B42: GRILLETE PARA IZADO | C42: CONSTRUIDO CON GANCHO EN PLATINA DE 3/8 X 2 EN ACERO INXODABLE CON ROLDANA EN ACERO INOXIDABLE DE 4" Y CADENA GALVANIZADA DE 3/8. | D42: 2 | E42: 688500 | F42: 714286 | G42: 750000 | H42: =+AVERAGE(E42,F42,G42) -> 717595.33
A43: M-33 | B43: GANCHOS PARA INSPECCIÓN DE VÍSCERAS ROJAS Y VÍSCERAS BLANCAS. | C43: FABRICADO EN ACERO INOXIDABLE CAL. 14 INCLUYE TUBERIA DE SOPORTO Y FIJACIÓN A LA PARED | D43: 50 | E43: 253133 | F43: 380952 | G43: 400000 | H43: =+AVERAGE(E43,F43,G43) -> 344695
A44: M-34 | B44: GANCHOS PARA PROCESO CON RODAJA EN ACERO INOXIDABLE. | C44: POLEAS FABRICADAS EN ACERO INOXIDABLE BUJE DE BRONCE CON RUEDA DE 3" | D44: 30 | E44: 433500 | F44: 428571 | G44: 450000 | H44: =+AVERAGE(E44,F44,G44) -> 437357
A45: M-35 | B45: LLAVE TERMINAL | C45: CUERPO METÁLICO,MEDIDAS: 8,7 CMS DE LARGO,SISTEMA DE CIERRE: CONVENCIONAL 2 1/2 DE GIROS,INCLUYE REDUCTOR DE CAUDAL UBICADO EN LA ENTRADA PARA OPTIMIZAR EL AHORRO DE AGUA HASTA EN UN 70%,INCLUYE DIFUSOR PARA EVITAR SALPICADURAS EN LA SALIDA DEL AGUA, ACABADO A RESISTENTE A LA CORROSIÓN | D45: 2 | E45: 46716 | F45: 33900 | H45: =+AVERAGE(E45,F45,G45) -> 40308
A46: M-36 | B46: CAMBIAVIAS | C46: EQUIPO FABRICADO EN ACERO ASTM A-36 CON ALTOS ESTÁNDARES DE CALIDAD, FABRICADO EN PLATINERIA Y SOPORTERIA EN ACABADO POR INMERSIÓN GALVÁNICA EN CALIENTE . | D46: 3 | E46: 1079160 | F46: 1278571 | G46: 1352500 | H46: =+AVERAGE(E46,F46,G46) -> 1236743.7
A47: M-37 | B47: MOTOR DE IZADO | C47: MOTOR DE 1000KG, INCLUYE BOTONERA DE MANDO, TABLERO DE CONTROL Y CADENA | D47: 3 | E47: 6477000 | F47: 3968254 | G47: 4166667 | H47: =+AVERAGE(E47,F47,G47) -> 4870640.3
A48: M-38 | B48: GANCHO ESPERNANCADOR | C48: FABRICADO EN: PLATINA ½” X 2” ACERO INOXIDABLE TIPO 304. RODAMIENTO RÍGIDO DE BOLA EJE DE DIÁMETRO DE 4” ACERO INOXIDABLE TIPO 304 MECANIZADOS. GANCHO ESPERNANCADOR DE 5/8” INOX 304. | D48: 30 | E48: 443700 | F48: 190476 | G48: 200000 | H48: =+AVERAGE(E48,F48,G48) -> 278058.67
A49: M-39 | B49: COMPRESOR DE 5HP TRIFÁSICO PARA CUARTO FRIO | C49: COMPRESOR 5 HP TRIFÁSICO R404 220V PARA CUARTO FRIO INCLUYE FILTRO 1/2 164 EMERSON ROSCADO, REFRIGERANTE Y PUESTA EN MARCHA | D49: 1 | E49: 10047000 | F49: 12222222 | G49: 12833333 | H49: =+AVERAGE(E49,F49,G49) -> 11700852
A50: M-40 | B50: POLEA CON GANCHO EXTENSOR | C50: FABRICADO EN: PLATINA ½” X 2” ACERO INOXIDABLE TIPO 304. RODAMIENTO RÍGIDO DE BOLA EJE DE DIÁMETRO DE 4” ACERO INOXIDABLE TIPO 304 MECANIZADOS. GANCHO EXTENSOR DE ½”’ INOX 304 | D50: 25 | E50: 535500 | F50: 317460 | G50: 333333 | H50: =+AVERAGE(E50,F50,G50) -> 395431
A51: M-41 | B51: MEZCLADOR PARA LAVAPANZAS | C51: MEZCLADOR DE AGUA VAPOR CON MANGUERAS Y TERMOMETRO | D51: 1 | E51: 892908 | F51: 507937 | G51: 533333 | H51: =+AVERAGE(E51,F51,G51) -> 644726
A52: M-42 | B52: LOCKER | C52: CONSTRUIDO EN ALUMINIO CON ESPACIO PARA 9 PUESTOS LÁMINA COLD ROLLED CALIBRE 24, LOCKER CON MÓDULOS DE DIFERENTES NÚMEROS DE CASILLAS DE UN CUERPO Y VARIOS COMPARTIMIENTOS VERTICALES CON PUERTAS Y SEGUROS PARA CANDADO. ZAPATERA Y MANIJAS PLÁSTICAS EN POLIPROPILENO, LAS PUERTAS DEL LOCKER POSEEN CELOSÍAS QUE PERMITEN LA CIRCULACIÓN DE AIRE, SUPERFICIE TERMINADA COMPLETAMENTE LISA, SISTEMA DE SEGURIDAD SEGÚN LAS CARACTERÍSTICAS DE USO, EL LOCKER ESTÁ APOYADO SOBRE SISTEMA RÍGIDO, BISAGRAS DESARMABLES ÚNICAMENTE CON LA PUERTA ABIERTA. | D52: 6 | E52: 1377000 | F52: 3968254 | G52: 4166667 | H52: =+AVERAGE(E52,F52,G52) -> 3170640.3
A53: M-43 | B53: INTERRUPTOR DE PEDAL DE ACCIÓN MOMENTANEO | C53: INTERRUPTOR DE PEDAL DE 15 AMPERIOS VOLTAJE 110/220V AC | D53: 1 | E53: 671160 | F53: 238095 | G53: 250000 | H53: =+AVERAGE(E53,F53,G53) -> 386418.33
A54: M-44 | B54: REJILLA TRADICIONAL REDONDA | C54: MATERIAL PLÁSTICO DE 3 PULG X 1.5 PULG PLÁSTICO BL TUBERÍA 2 PULGADAS | D54: 1 | E54: 4900 | F54: 7800 | H54: =+AVERAGE(E54,F54,G54) -> 6350
A55: M-45 | B55: VENTANA CORREDIZA EN ALUMINIO | C55: VENTANA CORREDIZA EN ALUMÍNIO DE 60 X 40 CM – INCLUYE VIDRIO DE 4 MM | D55: 47 | E55: 921861 | F55: 603175 | G55: 633333 | H55: =+AVERAGE(E55,F55,G55) -> 719456.33
A56: M-46 | B56: SILLA PLASTICA DOBLE | C56: RESISTENTE Y ANTIDESLIZANTE CON BRAZOS INCLUYE TACÓN ANTIDESLIZANTE | D56: 10 | E56: 177874 | F56: 71429 | G56: 75000 | H56: =+AVERAGE(E56,F56,G56) -> 108101
A57: M-47 | B57: SELLO PARA MUELLE | C57: SELLO EN ESPUMA REFORZADA Y LONA PARA MUELLE DE CARGA | D57: 9 | E57: 4064445 | F57: 2539683 | G57: 2666667 | H57: =+AVERAGE(E57,F57,G57) -> 3090265
A58: M-48 | B58: CORTINA DE AIRE PARA MUELLE | C58: CORTINA DE 36" A 220V | D58: 9 | E58: 1887000 | F58: 2380952 | G58: 2500000 | H58: =+AVERAGE(E58,F58,G58) -> 2255984
A59: M-49 | B59: PUERTA CORREDERA PARA MUELLE DIMENSIONES 2X2,30M | C59: PUERTA DE 70MM EN LAMINA PRE PINTADA 90-02 CON PROTECCIÓN EN ALFAJOR A UN METRO DE ALTURA INCLUYE HERRAJES ITALIANOS Y MARCO EN ALUMINIO | D59: 9 | E59: 3009000 | F59: 2857143 | G59: 3000000 | H59: =+AVERAGE(E59,F59,G59) -> 2955381
A60: M-50 | B60: COCINA INTEGRAL | C60: COCINA CONSTRUIDA EN LÁMINAS DE MADERA AGLOMERADA DE 15MM, CON RECUBRIMIENTO DECORATIVO EN SUPERFICIES Y BORDES PARA MAYOR PROTECCIÓN INCLUYE UN MUEBLE INFERIOR CON MESÓN EN ACERO INOXIDABLE CON POCETA A LA IZQUIERDA. TAMBIÉN VIENE CON EL MUEBLE SUPERIOR CON PUERTAS ABATIBLES QUE TE PERMITE ALMACENAR LOS ELEMENTOS DE FORMA MÁS FÁCIL. LOS MUEBLES CUENTAN CON COMPARTIMIENTOS ORGANIZADORES PARA ALIMENTOS, UTENSILIOS DE COCINA O ELEMENTOS DECORATIVOS. MEDIDAS MUEBLE SUPERIOR: 49 X 100 X 32,05 CM MEDIDAS MUEBLE INFERIOR: 89,25 X 100 X 52 CM | D60: 1 | E60: 3519000 | F60: 3174603 | G60: 3333333 | H60: =+AVERAGE(E60,F60,G60) -> 3342312
A61: M-51 | B61: GRIFERIA PARA LAVAPLATOS | C61: GRIFERIA SENCILLA FABRICA EN PLASTICO COLOR CROMADO, ALTO DE 8CM ANCHO 20CM,CON GRIFO CAÑO ABATIBLE | D61: 1 | E61: 40900 | F61: 44900 | H61: =+AVERAGE(E61,F61,G61) -> 42900
A62: M-52 | B62: BAJO PUERTA | C62: FABRICADO CON PERFIL EN PVC BLANCO | D62: 6 | E62: 111435 | F62: 238095 | G62: 250000 | H62: =+AVERAGE(E62,F62,G62) -> 199843.33
A63: M-53 | B63: MAQUINA ESCALDADORA DE PATAS | C63: CÁMARA DE LAVADO: SISTEMA DE TÓMBOLA HORIZONTAL REPUJADA Y ASPAS DE LAVADO FABRICADA EN ACERO INOXIDABLE TIPO 304. CUBIERTA: CUBIERTAS GIRATORIAS Y FIJAS EN LÁMINA INOXIDABLE TIPO 304. CHASIS DE LA MÁQUINA: FABRICADO EN ÁNGULO INOXIDABLE TIPO 304 SISTEMA DE POTENCIA: MOTO- REDUCTOR TRIFÁSICO QUE TRANSMITE EL MOVIMIENTO POR MEDIO DE CADENA/PIÑÓN A EJE MOTRIZ DE LAVADO, EL EJE MOTRIZ, FABRICADO EN ACERO INOXIDABLE TIPO 304. GUARDAS DE PROTECCIÓN: FABRICACIÓN DE GUARDAS EN ACERO INOXIDABLE TIPO 304, PARA EL SISTEMA DE POTENCIA. MEZCLADOR AGUA- VAPOR: SISTEMA DE MEZCLA AGUA VAPOR Ø ¾“ CON VÁLVULAS DE APERTURA Y CIERRE. TABLERO DE CONTROL: SISTEMA DE CONTROL START/STOP Y SISTEMA TEMPORIZADO DE LAVADO. | D63: 1 | F63: 6349206 | G63: 6666667 | H63: =+AVERAGE(E63,F63,G63) -> 6507936.5
A64: M-54 | B64: DESAGUE PUSH PARA PISO | C64: FABRICADO EN ACERO INOXIDABLE CON ACABADO CROMO | D64: 1 | E64: 250512 | F64: 110900 | G64: 98600 | H64: =+AVERAGE(E64,F64,G64) -> 153337.33
A65: M-55 | B65: BOX DE PORCINOS DIMENSIONES GENERALES: 770mm ancho X 2580mm lateral X 3100 mm alto | C65: EQUIPO FABRICADO EN ACERO INOXIDABLE AISI 304 CON ALTOS ESTÁNDARES DE CALIDAD | D65: 2 | E65: 16299600 | F65: 7142857 | H65: =+AVERAGE(E65,F65,G65) -> 11721228
A66: M-56 | B66: REFLECTOR LED | C66: SUMINISTRO, TRANSPORTE DE REFLECTOR LED LUZ BLANCA EN MATERIAL DE ALUMINIO Y VIDRIO | D66: 5 | E66: 281316 | F66: 365079 | G66: 383333 | H66: =+AVERAGE(E66,F66,G66) -> 343242.67
A67: M-57 | B67: DESOLLADORA | C67: SUMINISTRO, TRANSPORTE E INSTALACIÓN DE DESOLLADORA DE RODILLO, CONSTRUIDA EN ACERO INOXIDABLE. RODILLO EN LAMINA DE 1/8 ACERO INOX, EJE DE 1 1/2 INOX, ESTRUCTURA DE SOPORTE EN TUBERIA CUADRADA DE 4" ACERO INOX. MOTORREDUCTOR DE 5H, INCLUYE TABLERO DE CONTROL Y BOTONERA DE MANDO. | D67: 1 | E67: 29310338 | F67: 6031746 | G67: 6333333 | H67: =+AVERAGE(E67,F67,G67) -> 13891806
E69: COTIZACIÓN 1 | F69: COTIZACIÓN 2 | G69: COTIZACIÓN 3 | H69: PROMEDIO
A70: ITEM | B70: NOMBRE DEL PRODUCTO | C70: ESPECIFICACIONES TECNICAS | D70: CANTIDAD | E70: VALOR UNITARIO | F70: VALOR UNITARIO | G70: VALOR UNITARIO | H70: VALOR PROMEDIO UNITARIO
E71: SERVIACERO SAS | F71: Fusion Ingenieria SAS
A72: M-58 | B72: Mantenimiento y/o traslado | C72: TRASLADO, MANTENIMIENTO Y PUESTA EN FUNCIONAMIENTO EL ESCALDADOR, INCLUYE SUMINISTRO DE REPUESTOS, | D72: 1 | E72: 6627450 | F72: 6497500 | H72: =+AVERAGE(E72,F72,G72) -> 6562475
A73: M-59 | B73: Mantenimiento y/o traslado | C73: TRASLADO, MANTENIMIENTO Y PUESTA EN FUNCIONAMIENTO BOX PORCINOS, INCLUYE SUMINISTRO DE REPUESTOS, | D73: 1 | E73: 2404650 | F73: 2357500 | H73: =+AVERAGE(E73,F73,G73) -> 2381075
A74: M-60 | B74: Mantenimiento y/o traslado | C74: TRASLADO Y CONEXIÓN DEL ESTERCOLERO | D74: 1 | E74: 23811900 | F74: 2334500 | H74: =+AVERAGE(E74,F74,G74) -> 13073200
A75: M-61 | B75: Mantenimiento y/o traslado | C75: MANTENIMIENTO Y PUESTA EN FUNCIONAMIENTO CALDERA | D75: 1 | E75: 5952975 | F75: 5836250 | H75: =+AVERAGE(E75,F75,G75) -> 5894612.5
A76: M-62 | B76: Mantenimiento y/o traslado | C76: MANTENIMIENTO Y PUESTA EN FUNCIONAMIENTO CUARTO FRIOS | D76: 1 | E76: 4985837 | F76: 4888075 | H76: =+AVERAGE(E76,F76,G76) -> 4936956
A77: M-63 | B77: Mantenimiento y/o traslado | C77: MANTENIMIENTO Y PUESTA EN FUNCIONAMIENTO LAVAPANZAS | D77: 1 | E77: 5249175 | F77: 5146250 | H77: =+AVERAGE(E77,F77,G77) -> 5197712.5
A78: M-64 | B78: Mantenimiento y/o traslado | C78: MANTENIMIENTO Y PUESTA EN FUNCIONAMIENTO DE LA PTAR | D78: 1 | E78: 10703625 | F78: 10493750 | H78: =+AVERAGE(E78,F78,G78) -> 10598688

Sheet EQUIPOS
A1: LISTADO DE EQUIPOS PARA LA IMPLEMENTACIÓN DEL PRESUPUESTO DE OBRA DE ADECUACIÓN Y MANTENIMIENTO DE LA PLANTA DE BENEFICIO ANIMAL DEL MUNICIPIO DE SALAMINA-CALDAS-
A2: =INSUMOS!#REF! -> #REF!
H3: EMPRESAS
A4: CODIGO INSUMO | B4: INSUMO, EQUIPO O HERRAMIENTA | C4: TIPO | D4: UNIIDAD | E4: VR. IVA INCLUIDO | F4: VR. ANTES DE IVA | G4: IMPUESTO IVA | H4: ALCALDIA | I4: AGUAS | J4: INVAMA | K4: CAJA VIVIENDA | L4: FICHA TECNICA | M4: ANALISIS CALCULOS | N4: FECHA ACTUALIZACION | Q4: ID CRYSTAL | T4: 0.0677 | U4: 0.0575 | V4: 0.0409 | W4: 0.0318 | X4: 0.038 | Y4: 0.0161 | Z4: 0.0562 | AA4: 0.1312
A5: A | B5: ACERO DE REFUERZO | Q5: 0 | R5: ACTUAL | S5: 2015 | T5: 2016 | U5: 2017 | V5: 2018 | W5: 2019 | X5: 2020 | Y5: 2021 | Z5: 2022 | AA5: 2023
A6: A10 | B6: ACERO 37.000 PSI | C6: Insumo | D6: kg | E6: =+ROUND(F6*(1+G6),0) -> 3959 | F6: =R6 -> 3326.4731 | G6: 0.19 | H6: X | I6: X | J6: X | K6: X | L6: aceros,mallas,tubo estructural, y catalogo de producto 2012 acesco | M6: =+IF(L6="no aplica","no aplica","VER ARCHIVO ANEXO") -> VER ARCHIVO ANEXO | N6: 41608 | O6: 2443 | P6: ALM PARIS ENRO 2016 | Q6: 1 | R6: =+AA6 -> 3326.4731 | S6: 2176.86 | T6: =+S6*1.0677 -> 2324.2334 | U6: =+T6*(1+$U$4) -> 2457.8768 | V6: =+U6*(1+$V$4) -> 2558.404 | W6: =+V6*(1+$W$4) -> 2639.7613 | X6: =+W6*(1+$X$4) -> 2740.0722 | Y6: =+X6*(1+$Y$4) -> 2784.1873 | Z6: =+Y6*(1+$Z$4) -> 2940.6587 | AA6: =+Z6*(1+$AA$4) -> 3326.4731
A7: A01 | B7: ACERO 60.000 PSI | C7: Insumo | D7: kg | E7: =+ROUND(F7*(1+G7),0) -> 5735 | F7: =R7 -> 4819.2537 | G7: 0.19 | H7: X | I7: X | J7: X | K7: X | L7: aceros,mallas,tubo estructural, y catalogo de producto 2012 acesco | M7: =+IF(L7="no aplica","no aplica","VER ARCHIVO ANEXO") -> VER ARCHIVO ANEXO | N7: 41608 | Q7: 2 | R7: =+AA7 -> 4819.2537 | S7: 2176.86 | T7: =+S7*1.0677 -> 2324.2334 | U7: =+T7*(1+$U$4) -> 2457.8768 | V7: =+U7*(1+$V$4) -> 2558.404 | W7: =+V7*(1+$W$4) -> 2639.7613 | X7: =+W7*(1+$X$4) -> 2740.0722 | Y7: 4033.613 | Z7: =+Y7*(1+$Z$4) -> 4260.3021 | AA7: =+Z7*(1+$AA$4) -> 4819.2537
A8: A11 | B8: ALAMBRE NEGRO NO. 18 | C8: Insumo | D8: kg | E8: =+ROUND(F8*(1+G8),0) -> 5167 | F8: =R8 -> 4341.8394 | G8: 0.19 | H8: X | I8: X | J8: X | K8: X | L8: aceros,mallas,tubo estructural, y catalogo de producto 2012 acesco | M8: =+IF(L8="no aplica","no aplica","VER ARCHIVO ANEXO") -> VER ARCHIVO ANEXO | N8: 41608 | O8: 3214 | P8: ALM PARIS ENRO 2016 | Q8: 3 | R8: =+AA8 -> 4341.8394 | S8: 2841.3206 | T8: =+S8*1.0677 -> 3033.678 | U8: =+T8*(1+$U$4) -> 3208.1145 | V8: =+U8*(1+$V$4) -> 3339.3264 | W8: =+V8*(1+$W$4) -> 3445.517 | X8: =+W8*(1+$X$4) -> 3576.4466 | Y8: =+X8*(1+$Y$4) -> 3634.0274 | Z8: =+Y8*(1+$Z$4) -> 3838.2597 | AA8: =+Z8*(1+$AA$4) -> 4341.8394
